Workbook
Name NCOMPOSICOES: 21
Name NCOTACOES: 15
Name NEMPRESAS: 15
Name NINDICES: 3
Name QuadroResumoTotal: "Grupo 326"
Name QuadroTotaisGamaProduto: "Grupo 350"
Name TotaisGamaProduto: "Grupo 350"

Sheet RESUMO
B1: Obra | C1: Bancos | E1: B.D.I. | G1: Encargos Sociais
B2: REVISÃO E READEQUAÇÃO DOS PROJETOS EXECUTIVOS DE DRENAGEM NO SETOR HABITACIONAL MESTRE D'ARMAS, REGIÃO ADMINISTRATIVA DE PLANATINA - RA-PLAN, PELA SODF, NO DISTRITO FEDERAL - BLOCO 1 - LOTE 1 (ÁREA 1, 2, 3 E 4) CONTRATO: 21/2021- SODF - SEM DESONERAÇÃO | C2: SINAPI - 12/2024 - Distrito Federal SBC - 01/2025 - Distrito Federal SICRO3 - 10/2024 - Distrito Federal ORSE - 11/2024 - Sergipe SEINFRA - 028 - Ceará SIURB INFRA - 07/2024 - São Paulo AGESUL - 06/2024 - Mato Grosso do Sul EMBASA - 05/2024 - Bahia COMPESA - 07/2024 - Pernambuco EMOP - 12/2024 - Rio de Janeiro | E2: Padrão - 21,22% Material - 11,10% | G2: Sem Desoneração: Horista: 110,14% Mensalista: 70,04%
A3: PLANILHA ORÇAMENTÁRIA RESUMIDA
A4: ITEM | B4: DESCRIÇÃO | G4: TOTAL | I4: (%)
A5: ESTUDOS PRELIMINARES
A6: - | B6: ELABORAÇÃO PCA E PGRS | G6: 47434.53 | I6: 0.0016741453
A7: OBRAS
A8: 1 | B8: ADMINISTRAÇÃO | G8: 1905414.5 | I8: 0.067249341
A9: 2 | B9: MOBILIZAÇÃO E DESMOBILIZAÇÃO | G9: 36999.16 | I9: 0.0013058414
A10: 3 | B10: CANTEIRO DE OBRAS | G10: 268402.72 | I10: 0.0094729549
A11: 4 | B11: REDE DE DRENAGEM ÁREA 1 - 0,94 KM | G11: 4665326.6 | I11: 0.16465716
A12: 5 | B12: REDE DE DRENAGEM ÁREA 2 - 1,89 KM | G12: 4893242.7 | I12: 0.17270118
A13: 6 | B13: REDE DE DRENAGEM ÁREA 3 - 0,64 KM | G13: 2204000.6 | I13: 0.077787582
A14: 7 | B14: REDE DE DRENAGEM ÁREA 4 - 1,85 KM | G14: 8416180.5 | I14: 0.29703909
A15: 8 | B15: BACIA DE DETENÇÃO - ÁREA 4 | G15: 5896577.9 | I15: 0.20811271
E17: Total sem BDI | G17: 23684307
E18: Total do BDI | G18: 4649272.3 | J18: 26428165
E19: Total Geral | G19: 28333579 | J19: 0.072097876

Sheet ORÇAMENTO
D1: Obra | E1: Bancos | H1: B.D.I. | J1: Encargos Sociais
D2: REVISÃO E READEQUAÇÃO DOS PROJETOS EXECUTIVOS DE DRENAGEM NO SETOR HABITACIONAL MESTRE D'ARMAS, REGIÃO ADMINISTRATIVA DE PLANATINA - RA-PLAN, PELA SODF, NO DISTRITO FEDERAL - BLOCO 1 - LOTE 1 (ÁREA 1, 2, 3 E 4) CONTRATO: 21/2021- SODF - SEM DESONERAÇÃO | E2: SINAPI - 12/2024 - Distrito Federal SBC - 01/2025 - Distrito Federal SICRO3 - 10/2024 - Distrito Federal ORSE - 11/2024 - Sergipe SEINFRA - 028 - Ceará SIURB INFRA - 07/2024 - São Paulo AGESUL - 06/2024 - Mato Grosso do Sul EMBASA - 05/2024 - Bahia COMPESA - 07/2024 - Pernambuco EMOP - 12/2024 - Rio de Janeiro | H2: Padrão - 21,22% Material - 11,10% | J2: Sem Desoneração: Horista: 110,14% Mensalista: 70,04%
A3: Orçamento Sintético
A4: Item | B4: Código | C4: Banco | D4: Descrição | E4: Und | F4: Quant. | G4: Valor Unit | H4: BDI | I4: Valor Unit com BDI | J4: Total | K4: Peso (%)
A5: 1 | D5: ADMINISTRAÇÃO | J5: 1905414.5 | K5: 0.067362115
A6: 1.1 | D6: EQUIPE TÉCNICA GERENCIAL | J6: 670443.78 | K6: 0.023702197
A7: 1.1.1 | D7: MÃO DE OBRA EQUIPE TÉCNICA GERENCIAL | J7: 630765.42 | K7: 0.022299448
A8: 1.1.1.1 | B8: 93568 | C8: SINAPI | D8: ENGENHEIRO CIVIL DE OBRA SENIOR COM ENCARGOS COMPLEMENTARES | E8: MES | F8: 4 | G8: 34812.77 | H8: 0.2122 | I8: 42200.04 | J8: 168800.16 | K8: 0.0059675916
A9: 1.1.1.2 | B9: 93567 | C9: SINAPI | D9: ENGENHEIRO CIVIL DE OBRA PLENO COM ENCARGOS COMPLEMENTARES | E9: MES | F9: 12 | G9: 24859.48 | H9: 0.2122 | I9: 30134.66 | J9: 361615.92 | K9: 0.012784207
A10: 1.1.1.3 | B10: 100534 | C10: SINAPI | D10: TECNICO DE EDIFICACOES COM ENCARGOS COMPLEMENTARES | E10: MES | F10: 12 | G10: 3536.93 | H10: 0.2122 | I10: 4287.47 | J10: 51449.64 | K10: 0.001818899
A11: 1.1.1.4 | B11: COMP-TEC-020 | C11: PRÓPRIO | D11: TÉCNICO DE MEIO AMBIENTE COM ENCARGOS COMPLEMENTARES E ENCARGOS SOCIAIS E.S 70,04% | E11: MÊS | F11: 6 | G11: 6723.27 | H11: 0.2122 | I11: 8149.95 | J11: 48899.7 | K11: 0.001728751
A12: 1.1.2 | D12: VEICULOS EQUIPE TÉCNICA | J12: 39678.36 | K12: 0.001402749
A13: 1.1.2.1 | B13: E9093 MÊS | C13: PRÓPRIO | D13: VEICULO LEVE - 53 KW (SEM MOTORISTA) | E13: MÊS | F13: 12 | G13: 2727.71 | H13: 0.2122 | I13: 3306.53 | J13: 39678.36 | K13: 0.001402749
A14: 1.2 | D14: EQUIPE GERENCIAL ADMINISTRATIVA | J14: 299511.36 | K14: 0.010588624
A15: 1.2.1 | B15: 93566 | C15: SINAPI | D15: AUXILIAR DE ESCRITORIO COM ENCARGOS COMPLEMENTARES | E15: MES | F15: 12 | G15: 5032.17 | H15: 0.2122 | I15: 6100 | J15: 73200 | K15: 0.0025878394
A16: 1.2.2 | B16: VIGIA ADM | C16: PRÓPRIO | D16: VIGIA NOTURNO COM ENCARGOS COMPLEMENTARES (MENSALISTA) COM ADICIONAL DE PERICULOSIDADE | E16: MÊS | F16: 24 | G16: 5590.7 | H16: 0.2122 | I16: 6777.05 | J16: 162649.2 | K16: 0.0057501367
A17: 1.2.3 | B17: 101460 | C17: SINAPI | D17: VIGIA DIURNO COM ENCARGOS COMPLEMENTARES | E17: MES | F17: 12 | G17: 4376.49 | H17: 0.2122 | I17: 5305.18 | J17: 63662.16 | K17: 0.0022506482
A18: 1.3 | D18: EQUIPE DE PRODUÇÃO | J18: 365398.68 | K18: 0.012917939
A19: 1.3.1 | B19: 93572 | C19: SINAPI | D19: ENCARREGADO GERAL DE OBRAS COM ENCARGOS COMPLEMENTARES | E19: MES | F19: 24 | G19: 4472.02 | H19: 0.2122 | I19: 5420.98 | J19: 130103.52 | K19: 0.0045995494
A20: 1.3.2 | B20: 93564 | C20: SINAPI | D20: APONTADOR OU APROPRIADOR COM ENCARGOS COMPLEMENTARES | E20: MES | F20: 12 | G20: 6409.08 | H20: 0.2122 | I20: 7769.09 | J20: 93229.08 | K20: 0.0032959274
A21: 1.3.3 | B21: 93563 | C21: SINAPI | D21: ALMOXARIFE COM ENCARGOS COMPLEMENTARES | E21: MES | F21: 12 | G21: 6625.31 | H21: 0.2122 | I21: 8031.2 | J21: 96374.4 | K21: 0.0034071239
A22: 1.3.4 | B22: 100316 | C22: SINAPI | D22: AUXILIAR DE ALMOXARIFE COM ENCARGOS COMPLEMENTARES | E22: MES | F22: 12 | G22: 3141.1 | H22: 0.2122 | I22: 3807.64 | J22: 45691.68 | K22: 0.0016153378
A23: 1.4 | D23: EQUIPE DE TOPOGRAFIA | J23: 262387.44 | K23: 0.0092761824
A24: 1.4.1 | D24: MÃO DE OBRA EQUIPE DE TOPOGRAFIA | J24: 94354.68 | K24: 0.0033357207
A25: 1.4.1.1 | B25: 94296 | C25: SINAPI | D25: TOPOGRAFO COM ENCARGOS COMPLEMENTARES | E25: MES | F25: 12 | G25: 4319.69 | H25: 0.2122 | I25: 5236.33 | J25: 62835.96 | K25: 0.0022214395
A26: 1.4.1.2 | B26: 101389 | C26: SINAPI | D26: AUXILIAR DE TOPÓGRAFO COM ENCARGOS COMPLEMENTARES | E26: MES | F26: 12 | G26: 2166.77 | H26: 0.2122 | I26: 2626.56 | J26: 31518.72 | K26: 0.0011142812
A27: 1.4.2 | D27: VEICULOS EQUIPE TOPOGRAFIA | J27: 168032.76 | K27: 0.0059404617
A28: 1.4.2.1 | B28: E9125-MÊS | C28: PRÓPRIO | D28: VAN FURGÃO - 93KW | E28: MÊS | F28: 12 | G28: 11551.5 | H28: 0.2122 | I28: 14002.73 | J28: 168032.76 | K28: 0.0059404617
A29: 1.5 | D29: DETALHAMENTO PROJETO DRENAGEM | J29: 46758.67 | K29: 0.0016530591
A30: 1.5.1 | B30: 93568 | C30: SINAPI | D30: ENGENHEIRO CIVIL DE OBRA SENIOR COM ENCARGOS COMPLEMENTARES | E30: MES | F30: 1 | G30: 34812.77 | H30: 0.2122 | I30: 42200.04 | J30: 42200.04 | K30: 0.0014918979
A31: 1.5.2 | B31: 93559 | C31: SINAPI | D31: DESENHISTA DETALHISTA COM ENCARGOS COMPLEMENTARES | E31: MES | F31: 1 | G31: 3263.02 | H31: 0.2122 | I31: 3955.43 | J31: 3955.43 | K31: 0.00013983631
A32: 1.5.3 | B32: ART-DF | C32: PRÓPRIO | D32: RELATORIO E ART DOS SERVIÇOS | E32: UN | F32: 2 | G32: 271.47 | H32: 0.111 | I32: 301.6 | J32: 603.2 | K32: 2.1324928e-05
A33: 1.6 | D33: CONSUMOS MENSAIS ESTIMADOS | J33: 45574.32 | K33: 0.0016111888
A34: 1.6.1 | B34: CPU-01 | C34: PRÓPRIO | D34: CONSUMO MENSAL DE ENERGIA ELÉTRICA- ESTIMADO | E34: MÊS | F34: 10 | G34: 2096.44 | H34: 0.2122 | I34: 2541.3 | J34: 25413 | K34: 0.00089842572
A35: 1.6.2 | B35: CPU-02 | C35: PRÓPRIO | D35: CONSUMO MENSAL DE ÁGUA E ESGOTO - ESTIMADO | E35: MÊS | F35: 12 | G35: 1386 | H35: 0.2122 | I35: 1680.11 | J35: 20161.32 | K35: 0.00071276309
A36: 1.7 | D36: DIVERSOS EQUIPAMENTOS | J36: 176874.72 | K36: 0.0062530515
A37: 1.7.1 | B37: 6259 | C37: SINAPI | D37: CAMINHÃO PIPA 6.000 L, PESO BRUTO TOTAL 13.000 KG, DISTÂNCIA ENTRE EIXOS 4,80 M, POTÊNCIA 189 CV INCLUSIVE TANQUE DE AÇO PARA TRANSPORTE DE ÁGUA, CAPACIDADE 6 M3 - CHP DIURNO. AF_06/2014 | E37: CHP | F37: 528 | G37: 241.54 | H37: 0.2122 | I37: 292.79 | J37: 154593.12 | K37: 0.0054653301
A38: 1.7.2 | B38: 73417 | C38: SINAPI | D38: GRUPO GERADOR ESTACIONÁRIO, MOTOR DIESEL POTÊNCIA 170 KVA - CHP DIURNO. AF_02/2016 | E38: CHP | F38: 88 | G38: 174.49 | H38: 0.2122 | I38: 211.52 | J38: 18613.76 | K38: 0.00065805221
A39: 1.7.3 | B39: 93428 | C39: SINAPI | D39: GRUPO GERADOR ESTACIONÁRIO, POTÊNCIA 150 KVA, MOTOR A DIESEL- CHI DIURNO. AF_03/2016 | E39: CHI | F39: 352 | G39: 8.6 | H39: 0.2122 | I39: 10.42 | J39: 3667.84 | K39: 0.00012966914
A40: 1.8 | D40: RECUPERAÇÃO DA ÁREA DE CANTEIRO DE OBRAS - PRINCIPAL | J40: 38465.57 | K40: 0.0013598732
A41: 1.8.1 | B41: 97637 | C41: SINAPI | D41: REMOÇÃO DE TAPUME/ CHAPAS METÁLICAS E DE MADEIRA, DE FORMA MANUAL, SEM REAPROVEITAMENTO. AF_09/2023 | E41: M² | F41: 388 | G41: 3.07 | H41: 0.2122 | I41: 3.72 | J41: 1443.36 | K41: 5.1027102e-05
A42: 1.8.2 | B42: 100983 | C42: SINAPI | D42: CARGA, MANOBRA E DESCARGA DE ENTULHO EM CAMINHÃO BASCULANTE 14 M³ - CARGA COM ESCAVADEIRA HIDRÁULICA (CAÇAMBA DE 0,80 M³ / 111 HP) E DESCARGA LIVRE (UNIDADE: M3). AF_07/2020 | E42: M³ | F42: 25.22 | G42: 8.81 | H42: 0.2122 | I42: 10.68 | J42: 269.34 | K42: 9.5219763e-06
A43: 1.8.3 | B43: 95876 | C43: SINAPI | D43: TRANSPORTE COM CAMINHÃO BASCULANTE DE 14 M³, EM VIA URBANA PAVIMENTADA, DMT ATÉ 30 KM (UNIDADE: M3XKM). AF_07/2020 | E43: M3XKM | F43: 756.6 | G43: 2.1 | H43: 0.2122 | I43: 2.55 | J43: 1929.33 | K43: 6.8207598e-05
A44: 1.8.4 | B44: 93593 | C44: SINAPI | D44: TRANSPORTE COM CAMINHÃO BASCULANTE DE 14 M³, EM VIA URBANA PAVIMENTADA, ADICIONAL PARA DMT EXCEDENTE A 30 KM (UNIDADE: M3XKM). AF_07/2020 | E44: M3XKM | F44: 1134.9 | G44: 0.85 | H44: 0.2122 | I44: 1.03 | J44: 1168.94 | K44: 4.1325533e-05
A45: 1.8.5 | B45: 4915669 | C45: SICRO3 | D45: REMOÇÃO MECANIZADA DE CAMADA GRANULAR DO PAVIMENTO | E45: M³ | F45: 40 | G45: 7.29 | H45: 0.2122 | I45: 8.84 | J45: 353.6 | K45: 1.250082e-05
A46: 1.8.6 | B46: 100979 | C46: SINAPI | D46: CARGA, MANOBRA E DESCARGA DE SOLOS E MATERIAIS GRANULARES EM CAMINHÃO BASCULANTE 14 M³ - CARGA COM ESCAVADEIRA HIDRÁULICA (CAÇAMBA DE 1,20 M³ / 155 HP) E DESCARGA LIVRE (UNIDADE: M3). AF_07/2020 | E46: M³ | F46: 60 | G46: 6.53 | H46: 0.2122 | I46: 7.92 | J46: 475.2 | K46: 1.6799744e-05
A47: 1.8.7 | B47: 95876 | C47: SINAPI | D47: TRANSPORTE COM CAMINHÃO BASCULANTE DE 14 M³, EM VIA URBANA PAVIMENTADA, DMT ATÉ 30 KM (UNIDADE: M3XKM). AF_07/2020 | E47: M3XKM | F47: 1800 | G47: 2.1 | H47: 0.2122 | I47: 2.55 | J47: 4590 | K47: 0.00016227026
A48: 1.8.8 | B48: 93593 | C48: SINAPI | D48: TRANSPORTE COM CAMINHÃO BASCULANTE DE 14 M³, EM VIA URBANA PAVIMENTADA, ADICIONAL PARA DMT EXCEDENTE A 30 KM (UNIDADE: M3XKM). AF_07/2020 | E48: M3XKM | F48: 2700 | G48: 0.85 | H48: 0.2122 | I48: 1.03 | J48: 2781 | K48: 9.8316685e-05
A49: 1.8.9 | B49: 4413942 | C49: SICRO3 | D49: ESPALHAMENTO DE MATERIAL EM BOTA-FORA | E49: M³ | F49: 120 | G49: 1.97 | H49: 0.2122 | I49: 2.39 | J49: 286.8 | K49: 1.013924e-05
A50: 1.8.10 | B50: 98519 | C50: SINAPI | D50: REVOLVIMENTO E LIMPEZA MANUAL DE SOLO. AF_07/2024 | E50: M² | F50: 800 | G50: 4.04 | H50: 0.2122 | I50: 4.9 | J50: 3920 | K50: 0.00013858375
A51: 1.8.11 | B51: 98520 | C51: SINAPI | D51: APLICAÇÃO DE ADUBO EM SOLO. AF_07/2024 | E51: M² | F51: 800 | G51: 5.38 | H51: 0.2122 | I51: 6.52 | J51: 5216 | K51: 0.00018440123
A52: 1.8.12 | B52: 98521 | C52: SINAPI | D52: APLICAÇÃO DE CALCÁRIO PARA CORREÇÃO DO PH DO SOLO. AF_07/2024 | E52: M² | F52: 800 | G52: 0.4 | H52: 0.2122 | I52: 0.48 | J52: 384 | K52: 1.3575551e-05
A53: 1.8.13 | B53: 98504 | C53: SINAPI | D53: PLANTIO DE GRAMA BATATAIS EM PLACAS. AF_07/2024 | E53: M² | F53: 800 | G53: 16.14 | H53: 0.2122 | I53: 19.56 | J53: 15648 | K53: 0.0005532037
A54: 2 | D54: MOBILIZAÇÃO E DESMOBILIZAÇÃO | J54: 36999.16 | K54: 0.0013080312
A55: 2.1 | B55: E9665 | C55: SICRO3 | D55: CAVALO MECÂNICO COM SEMIRREBOQUE COM CAPACIDADE DE 22 T - 240 KW | E55: UN | F55: 44 | G55: 390.8019 | H55: 0.2122 | I55: 473.73 | J55: 20844.12 | K55: 0.00073690212
A56: 2.2 | B56: E9686 | C56: SICRO3 | D56: CAMINHÃO CARROCERIA COM GUINDAUTO COM CAPACIDADE DE 20 T.M - 136 KW | E56: UN | F56: 44 | G56: 302.8896 | H56: 0.2122 | I56: 367.16 | J56: 16155.04 | K56: 0.00057112908
A57: 3 | D57: CANTEIRO DE OBRAS | J57: 268402.72 | K57: 0.0094888406
A58: 3.1 | D58: INSTALAÇÕES DA OBRA CANTEIRO CENTRAL | J58: 268402.72 | K58: 0.0094888406
A59: 3.1.1 | B59: 98525 | C59: SINAPI | D59: LIMPEZA MECANIZADA DE CAMADA VEGETAL, VEGETAÇÃO E PEQUENAS ÁRVORES (DIÂMETRO DE TRONCO MENOR QUE 0,20 M), COM TRATOR DE ESTEIRAS. AF_03/2024 | E59: M² | F59: 800 | G59: 0.65 | H59: 0.2122 | I59: 0.79 | J59: 632 | K59: 2.2343094e-05
A60: 3.1.2 | B60: 100979 | C60: SINAPI | D60: CARGA, MANOBRA E DESCARGA DE SOLOS E MATERIAIS GRANULARES EM CAMINHÃO BASCULANTE 14 M³ - CARGA COM ESCAVADEIRA HIDRÁULICA (CAÇAMBA DE 1,20 M³ / 155 HP) E DESCARGA LIVRE (UNIDADE: M3). AF_07/2020 | E60: M³ | F60: 200 | G60: 6.53 | H60: 0.2122 | I60: 7.92 | J60: 1584 | K60: 5.5999148e-05
A61: 3.1.3 | B61: 95876 | C61: SINAPI | D61: TRANSPORTE COM CAMINHÃO BASCULANTE DE 14 M³, EM VIA URBANA PAVIMENTADA, DMT ATÉ 30 KM (UNIDADE: M3XKM). AF_07/2020 | E61: M3XKM | F61: 6000 | G61: 2.1 | H61: 0.2122 | I61: 2.55 | J61: 15300 | K61: 0.00054090086
A62: 3.1.4 | B62: 93593 | C62: SINAPI | D62: TRANSPORTE COM CAMINHÃO BASCULANTE DE 14 M³, EM VIA URBANA PAVIMENTADA, ADICIONAL PARA DMT EXCEDENTE A 30 KM (UNIDADE: M3XKM). AF_07/2020 | E62: M3XKM | F62: 9000 | G62: 0.85 | H62: 0.2122 | I62: 1.03 | J62: 9270 | K62: 0.00032772228
A63: 3.1.5 | B63: 74209/1 M | C63: PRÓPRIO | D63: PLACA DE OBRA EM CHAPA DE ACO GALVANIZADO | E63: M² | F63: 22.5 | G63: 521.93 | H63: 0.2122 | I63: 632.68 | J63: 14235.3 | K63: 0.00050326052
A64: 3.1.6 | B64: 98459 | C64: SINAPI | D64: TAPUME COM TELHA METÁLICA. AF_03/2024 | E64: M² | F64: 257.6 | G64: 89.42 | H64: 0.2122 | I64: 108.39 | J64: 27921.26 | K64: 0.00098710023
A65: 3.1.7 | B65: 85188 M | C65: PRÓPRIO | D65: PORTAO EM TUBO DE ACO GALVANIZADO DIN 2440/NBR 5580, PAINEL UNICO, DIMENSOES 1,0X1,6M, INCLUSIVE CADEADO | E65: UN | F65: 1 | G65: 853.51 | H65: 0.2122 | I65: 1034.62 | J65: 1034.62 | K65: 3.6576918e-05
A66: 3.1.8 | B66: 85189 M | C66: PRÓPRIO | D66: PORTAO EM TUBO DE ACO GALVANIZADO DIN 2440/NBR 5580, PAINEL UNICO, DIMENSOES 4,0X1,2M, INCLUSIVE CADEADO | E66: UN | F66: 1 | G66: 1927.88 | H66: 0.2122 | I66: 2336.98 | J66: 2336.98 | K66: 8.2619247e-05
A67: 3.1.9 | B67: 93585 | C67: SINAPI | D67: EXECUÇÃO DE GUARITA EM CANTEIRO DE OBRA EM CHAPA DE MADEIRA COMPENSADA, NÃO INCLUSO MOBILIÁRIO. AF_04/2016 | E67: M² | F67: 4 | G67: 956.67 | H67: 0.2122 | I67: 1159.68 | J67: 4638.72 | K67: 0.00016399266
A68: 3.1.10 | B68: 00010775 | C68: SINAPI | D68: LOCACAO DE CONTAINER 2,30 X 6,00 M, ALT. 2,50 M, COM 1 SANITARIO, PARA ESCRITORIO, COMPLETO, SEM DIVISORIAS INTERNAS (NAO INCLUI MOBILIZACAO/DESMOBILIZACAO) | E68: MES | F68: 24 | G68: 1500 | H68: 0.111 | I68: 1666.5 | J68: 39996 | K68: 0.0014139785
A69: 3.1.11 | B69: 00010778 | C69: SINAPI | D69: LOCACAO DE CONTAINER 2,30 X 6,00 M, ALT. 2,50 M, PARA SANITARIO, COM 4 BACIAS, 8 CHUVEIROS,1 LAVATORIO E 1 MICTORIO (NAO INCLUI MOBILIZACAO/DESMOBILIZACAO) | E69: MES | F69: 3 | G69: 1875 | H69: 0.111 | I69: 2083.13 | J69: 6249.39 | K69: 0.00022093467
A70: 3.1.12 | B70: 00010776 | C70: SINAPI | D70: LOCACAO DE CONTAINER 2,30 X 6,00 M, ALT. 2,50 M, PARA ESCRITORIO, SEM DIVISORIAS INTERNAS E SEM SANITARIO (NAO INCLUI MOBILIZACAO/DESMOBILIZACAO) | E70: MES | F70: 1 | G70: 1171.87 | H70: 0.111 | I70: 1301.95 | J70: 1301.95 | K70: 4.6027835e-05
... A85: 3.1.27 | B85: 103670 | C85: SINAPI | D85: LANÇAMENTO COM USO DE BALDES, ADENSAMENTO E ACABAMENTO DE CONCRETO EM ESTRUTURAS. AF_02/2022 | E85: M³ | F85: 20.79 | G85: 326.63 | H85: 0.2122 | I85: 395.94 | J85: 8231.59 | K85: 0.00029101138
A86: 4 | D86: REDE DE DRENAGEM ÁREA 1 - 0,94 KM | J86: 4665326.6 | K86: 0.16493328
A87: 4.1 | D87: OBRAS DE DRENAGEM DE ÁGUAS PLUVIAIS | J87: 3612477.8 | K87: 0.12771192
A88: 4.1.1 | D88: SERVIÇOS PRELIMINARES | J88: 330497.34 | K88: 0.011684072
A89: 4.1.1.1 | D89: LOCAÇÃO DE REDES | J89: 34995.36 | K89: 0.0012371909
A90: 4.1.1.1.1 | B90: 74209/1 M | C90: PRÓPRIO | D90: PLACA DE OBRA EM CHAPA DE ACO GALVANIZADO | E90: M² | F90: 12 | G90: 521.93 | H90: 0.2122 | I90: 632.68 | J90: 7592.16 | K90: 0.00026840561
A91: 4.1.1.1.2 | B91: 99063 | C91: SINAPI | D91: LOCAÇÃO DE REDE DE DRENAGEM | E91: M | F91: 940.2643 | G91: 9.66 | H91: 0.2122 | I91: 11.71 | J91: 11010.49 | K91: 0.00038925382
A92: 4.1.1.1.3 | B92: 01.04.01U | C92: COMPESA | D92: PASSARELA, EM MADEIRA, PARA COBERTA DE VALAS PARA PASSAGEM DE VEÍCULOS. | E92: M² | F92: 8 | G92: 17.21 | H92: 0.2122 | I92: 20.86 | J92: 166.88 | K92: 5.8997082e-06
A93: 4.1.1.1.4 | B93: 01.04.02U | C93: COMPESA | D93: PASSARELA, EM MADEIRA, PARA COBERTA DE VALAS PARA PASSAGEM DE PEDESTRES. | E93: M² | F93: 10 | G93: 11.96 | H93: 0.2122 | I93: 14.5 | J93: 145 | K93: 5.1261846e-06
A94: 4.1.1.1.5 | B94: 01.03.12U | C94: COMPESA | D94: TELA TAPUME, COR LARANJA, COM SUPORTE A CADA 2M (FORNECIMENTO E INSTALAÇÃO) | E94: M | F94: 1880.5286 | G94: 3.25 | H94: 0.2122 | I94: 3.94 | J94: 7409.28 | K94: 0.00026194026
A95: 4.1.1.1.6 | B95: 01.03.16U | C95: COMPESA | D95: SINALIZADOR ELETRÔNICO | E95: UN | F95: 19 | G95: 2.76 | H95: 0.2122 | I95: 3.35 | J95: 63.65 | K95: 2.2502183e-06
A96: 4.1.1.1.7 | B96: 5212556 | C96: SICRO3 | D96: PLACA PARA SINALIZAÇÃO DE OBRAS MONTADA EM CAVALETE METÁLICO - 1,00 X 1,00 M - UTILIZAÇÃO DE 600 CICLOS - FORNECIMENTO, 01 IMPLANTAÇÃO E 01 RETIRADA DIÁRIA | E96: UN.DIA | F96: 665 | G96: 1.96 | H96: 0.2122 | I96: 2.38 | J96: 1582.7 | K96: 5.5953189e-05
A97: 4.1.1.1.8 | B97: 5212560 | C97: SICRO3 | D97: PLACA DE ADVERTÊNCIA PARA SINALIZAÇÃO DE OBRAS MONTADA EM SUPORTE METÁLICO MÓVEL, LADO 1,00 M - UTILIZAÇÃO DE 600 CICLOS - FORNECIMENTO, 01 IMPLANTAÇÃO E 01 RETIRADA DIÁRIA | E97: UN.DIA | F97: 443 | G97: 3.95 | H97: 0.2122 | I97: 4.79 | J97: 2121.97 | K97: 7.5017999e-05
A98: 4.1.1.1.9 | B98: 5213346 | C98: SICRO3 | D98: BARREIRA DE SINALIZAÇÃO TIPO III DE DIRECIONAMENTO OU BLOQUEIO - UTILIZAÇÃO DE 150 CICLOS - FORNECIMENTO, 01 IMPLANTAÇÃO E 01 RETIRADA DIÁRIA | E98: UN.DIA | F98: 222 | G98: 8.06 | H98: 0.2122 | I98: 9.77 | J98: 2168.94 | K98: 7.667853e-05
A99: 4.1.1.1.10 | B99: 5213835 | C99: SICRO3 | D99: CONE PLÁSTICO PARA CANALIZAÇÃO DE TRÂNSITO - UTILIZAÇÃO DE 150 CICLOS - FORNECIMENTO, 01 IMPLANTAÇÃO E 01 RETIRADA DIÁRIA | E99: UN.DIA | F99: 1107 | G99: 0.78 | H99: 0.2122 | I99: 0.95 | J99: 1051.65 | K99: 3.717898e-05
A100: 4.1.1.1.11 | B100: 5213836 | C100: SICRO3 | D100: BALIZADOR CÔNICO REFLETIVO EM POLIETILENO SEMIFLEXÍVEL DE 114 X 11 X 40 CM - UTILIZAÇÃO DE 150 CICLOS - FORNECIMENTO, 01 IMPLANTAÇÃO E 01 RETIRADA DIÁRIA | E100: UN.DIA | F100: 1107 | G100: 1.25 | H100: 0.2122 | I100: 1.52 | J100: 1682.64 | K100: 5.9486367e-05
A101: 4.1.1.2 | D101: DEMOLIÇÕES E RETIRADAS DE PAVIMENTAÇÃO ASFÁLTICA | J101: 66167.6 | K101: 0.002339223
A102: 4.1.1.2.1 | B102: 97636 | C102: SINAPI | D102: DEMOLIÇÃO PARCIAL DE PAVIMENTO ASFÁLTICO, DE FORMA MECANIZADA, SEM REAPROVEITAMENTO. AF_09/2023 | E102: M² | F102: 2097.2492 | G102: 22.73 | H102: 0.2122 | I102: 27.55 | J102: 57779.21 | K102: 0.0020426683
A103: 4.1.1.2.2 | B103: 100983 | C103: SINAPI | D103: CARGA, MANOBRA E DESCARGA DE ENTULHO EM CAMINHÃO BASCULANTE 14 M³ - CARGA COM ESCAVADEIRA HIDRÁULICA (CAÇAMBA DE 0,80 M³ / 111 HP) E DESCARGA LIVRE (UNIDADE: M3). AF_07/2020 | E103: M³ | F103: 62.917475 | G103: 8.81 | H103: 0.2122 | I103: 10.68 | J103: 671.95 | K103: 2.3755446e-05
A104: 4.1.1.2.3 | B104: 95876 | C104: SINAPI | D104: TRANSPORTE COM CAMINHÃO BASCULANTE DE 14 M³, EM VIA URBANA PAVIMENTADA, DMT ATÉ 30 KM (UNIDADE: M3XKM). AF_07/2020 | E104: M3XKM | F104: 1887.5242 | G104: 2.1 | H104: 0.2122 | I104: 2.55 | J104: 4813.18 | K104: 0.00017016034
A105: 4.1.1.2.4 | B105: 93593 | C105: SINAPI | D105: TRANSPORTE COM CAMINHÃO BASCULANTE DE 14 M³, EM VIA URBANA PAVIMENTADA, ADICIONAL PARA DMT EXCEDENTE A 30 KM (UNIDADE: M3XKM). AF_07/2020 | E105: M3XKM | F105: 2818.7029 | G105: 0.85 | H105: 0.2122 | I105: 1.03 | J105: 2903.26 | K105: 0.00010263894
A106: 4.1.1.3 | D106: DEMOLIÇÃO DE POÇOS DE VISITA | J106: 19670.83 | K106: 0.0006954228
A107: 4.1.1.3.1 | B107: 1600438 | C107: SICRO3 | D107: DEMOLIÇÃO MANUAL DE CONCRETO ARMADO | E107: M³ | F107: 18.417769 | G107: 626.31 | H107: 0.2122 | I107: 759.21 | J107: 13982.95 | K107: 0.00049433919
A108: 4.1.1.3.2 | B108: 97622 | C108: SINAPI | D108: DEMOLIÇÃO DE ALVENARIA DE BLOCO FURADO, DE FORMA MANUAL, SEM REAPROVEITAMENTO. AF_09/2023 | E108: M³ | F108: 15.47 | G108: 62.38 | H108: 0.2122 | I108: 75.62 | J108: 1169.84 | K108: 4.135735e-05
A109: 4.1.1.3.3 | B109: 100983 | C109: SINAPI | D109: CARGA, MANOBRA E DESCARGA DE ENTULHO EM CAMINHÃO BASCULANTE 14 M³ - CARGA COM ESCAVADEIRA HIDRÁULICA (CAÇAMBA DE 0,80 M³ / 111 HP) E DESCARGA LIVRE (UNIDADE: M3). AF_07/2020 | E109: M³ | F109: 33.887769 | G109: 8.81 | H109: 0.2122 | I109: 10.68 | J109: 361.92 | K109: 1.2794957e-05
A110: 4.1.1.3.4 | B110: 95876 | C110: SINAPI | D110: TRANSPORTE COM CAMINHÃO BASCULANTE DE 14 M³, EM VIA URBANA PAVIMENTADA, DMT ATÉ 30 KM (UNIDADE: M3XKM). AF_07/2020 | E110: M3XKM | F110: 1016.6331 | G110: 2.1 | H110: 0.2122 | I110: 2.55 | J110: 2592.41 | K110: 9.1649464e-05
A111: 4.1.1.3.5 | B111: 93593 | C111: SINAPI | D111: TRANSPORTE COM CAMINHÃO BASCULANTE DE 14 M³, EM VIA URBANA PAVIMENTADA, ADICIONAL PARA DMT EXCEDENTE A 30 KM (UNIDADE: M3XKM). AF_07/2020 | E111: M3XKM | F111: 1518.1721 | G111: 0.85 | H111: 0.2122 | I111: 1.03 | J111: 1563.71 | K111: 5.5281835e-05
A112: 4.1.1.4 | D112: DEMOLIÇÃO DE TUBOS DE CONCRETO | J112: 124435.28 | K112: 0.0043991601
A113: 4.1.1.4.1 | B113: 02.01.67 | C113: EMBASA | D113: DEMOLICAO MECANICA DE CONCRETO SIMPLES C/ COMPRESSOR E MARTELETE PNEUMATICO INCL. REMOCAO ECARREG. MANUAL DO EXPURGO | E113: M³ | F113: 244.2379 | G113: 310.31 | H113: 0.2122 | I113: 376.16 | J113: 91872.52 | K113: 0.0032479689
A114: 4.1.1.4.2 | B114: 100983 | C114: SINAPI | D114: CARGA, MANOBRA E DESCARGA DE ENTULHO EM CAMINHÃO BASCULANTE 14 M³ - CARGA COM ESCAVADEIRA HIDRÁULICA (CAÇAMBA DE 0,80 M³ / 111 HP) E DESCARGA LIVRE (UNIDADE: M3). AF_07/2020 | E114: M³ | F114: 244.2379 | G114: 8.81 | H114: 0.2122 | I114: 10.68 | J114: 2608.46 | K114: 9.2216879e-05
...

Sheet ORÇAMENTO AMBIENTAL
A1: GOVERNO DO DISTRITO FEDERAL
A2: SECRETARIA DE ESTADO DE OBRAS E INFRAESTRUTURA DO DISTRITO FEDERAL
A3: SUBSECRETARIA DE PROJETOS , ORÇAMENTO E PLANEJAMENTO DE OBRAS
A5: PROCESSO SEI Nº 00110-00000752/2024-72
A6: DADOS DA CONTRATAÇÃO
A7: CONTRATAÇÃO DE EMPRESA ESPECIALIZADA PARA A ELABORAÇÃO DE PLANO DE CONTROLE AMBIENTAL (PCA E PLANO DE GERENCIAMENTO DE RESÍDUOS SÓLIDOS (PGRS) - SETOR HABITACIONAL MESTRE D'ARMAS
A9: PRAZO ESTIMADO: 4 MESES
F11: Encargos Sociais Horista: | H11: 1.1069
F12: Encargos Sociais Mensalista: | H12: 0.704
F13: BDI (%): | H13: 0.2122
F14: BDI - DIF. (%): | H14: 0.1345
F15: BDI - CONSULTORIA (%): | H15: 0.3146
A16: ORÇAMENTO DETALHADO
A18: TABELA REFERÊNCIA: COTAÇÃO SET/2024
A19: SEM DESONERAÇÃO
A20: Item | B20: Fonte | C20: Código | D20: Descrição | E20: Unidade | F20: Quantidade | G20: Preço Unitário | H20: Preço Total S/ BDI | I20: Preço Total C/ BDI | J20: OBSERVAÇÕES
A21: 1 | B21: RENOVAÇÃO DE LICENÇA AMBIENTAL
A22: 1.1 | B22: COT01 | C22: COT-PCA/PGRS 01 | D22: ELABORAÇÃO PCA E PGRS | E22: HA | F22: 138.39 | G22: 260.73319 | H22: 36082.866 | I22: 47434.53 | J22: -
G23: ITEM | H23: 36082.866 | I23: 47434.53
A25: ORÇAMENTO PREÇO TOTAL COM BDI

Sheet Planilha1
A1: 97141 | B1: ASSENTAMENTO DE TUBO DE FERRO FUNDIDO PARA REDE DE ÁGUA, DN 80 MM, JUNTA ELÁSTICA, INSTALADO EM LOCAL COM NÍVEL ALTO DE INTERFERÊNCIAS (NÃO INCLUI FORNECIMENTO). AF_05/2024 | C1: M | D1: 4.86
A2: 97142 | B2: ASSENTAMENTO DE TUBO DE FERRO FUNDIDO PARA REDE DE ÁGUA, DN 100 MM, JUNTA ELÁSTICA, INSTALADO EM LOCAL COM NÍVEL ALTO DE INTERFERÊNCIAS (NÃO INCLUI FORNECIMENTO). AF_05/2024 | C2: M | D2: 5.64
A3: 97143 | B3: ASSENTAMENTO DE TUBO DE FERRO FUNDIDO PARA REDE DE ÁGUA, DN 150 MM, JUNTA ELÁSTICA, INSTALADO EM LOCAL COM NÍVEL ALTO DE INTERFERÊNCIAS (NÃO INCLUI FORNECIMENTO). AF_05/2024 | C3: M | D3: 7.55
A4: 97144 | B4: ASSENTAMENTO DE TUBO DE FERRO FUNDIDO PARA REDE DE ÁGUA, DN 200 MM, JUNTA ELÁSTICA, INSTALADO EM LOCAL COM NÍVEL ALTO DE INTERFERÊNCIAS (NÃO INCLUI FORNECIMENTO). AF_05/2024 | C4: M | D4: 9.46
A5: 97145 | B5: ASSENTAMENTO DE TUBO DE FERRO FUNDIDO PARA REDE DE ÁGUA, DN 250 MM, JUNTA ELÁSTICA, INSTALADO EM LOCAL COM NÍVEL ALTO DE INTERFERÊNCIAS (NÃO INCLUI FORNECIMENTO). AF_05/2024 | C5: M | D5: 11.39
A6: 97146 | B6: ASSENTAMENTO DE TUBO DE FERRO FUNDIDO PARA REDE DE ÁGUA, DN 300 MM, JUNTA ELÁSTICA, INSTALADO EM LOCAL COM NÍVEL ALTO DE INTERFERÊNCIAS (NÃO INCLUI FORNECIMENTO). AF_05/2024 | C6: M | D6: 13.32
A7: 97147 | B7: ASSENTAMENTO DE TUBO DE FERRO FUNDIDO PARA REDE DE ÁGUA, DN 350 MM, JUNTA ELÁSTICA, INSTALADO EM LOCAL COM NÍVEL ALTO DE INTERFERÊNCIAS (NÃO INCLUI FORNECIMENTO). AF_05/2024 | C7: M | D7: 15.26
A8: 97148 | B8: ASSENTAMENTO DE TUBO DE FERRO FUNDIDO PARA REDE DE ÁGUA, DN 400 MM, JUNTA ELÁSTICA, INSTALADO EM LOCAL COM NÍVEL ALTO DE INTERFERÊNCIAS (NÃO INCLUI FORNECIMENTO). AF_05/2024 | C8: M | D8: 17.18
A9: 97149 | B9: ASSENTAMENTO DE TUBO DE FERRO FUNDIDO PARA REDE DE ÁGUA, DN 450 MM, JUNTA ELÁSTICA, INSTALADO EM LOCAL COM NÍVEL ALTO DE INTERFERÊNCIAS (NÃO INCLUI FORNECIMENTO). AF_05/2024 | C9: M | D9: 19.15
A10: 97150 | B10: ASSENTAMENTO DE TUBO DE FERRO FUNDIDO PARA REDE DE ÁGUA, DN 500 MM, JUNTA ELÁSTICA, INSTALADO EM LOCAL COM NÍVEL ALTO DE INTERFERÊNCIAS (NÃO INCLUI FORNECIMENTO). AF_05/2024 | C10: M | D10: 24.39
A11: 97151 | B11: ASSENTAMENTO DE TUBO DE FERRO FUNDIDO PARA REDE DE ÁGUA, DN 600 MM, JUNTA ELÁSTICA, INSTALADO EM LOCAL COM NÍVEL ALTO DE INTERFERÊNCIAS (NÃO INCLUI FORNECIMENTO). AF_05/2024 | C11: M | D11: 28.82
A12: 97152 | B12: ASSENTAMENTO DE TUBO DE FERRO FUNDIDO PARA REDE DE ÁGUA, DN 700 MM, JUNTA ELÁSTICA, INSTALADO EM LOCAL COM NÍVEL ALTO DE INTERFERÊNCIAS (NÃO INCLUI FORNECIMENTO). AF_05/2024 | C12: M | D12: 32.92
... A12668: 41096 | B12668: VIGIA DIURNO (MENSALISTA) | C12668: MES | D12668: 2741.53

Sheet CLASSIFICAÇÃO ABC
E1: Obra | F1: Bancos | I1: B.D.I. | J1: Encargos Sociais | L1: CLASSIFICAÇÃO DA CURVA ABC
E2: REVISÃO E READEQUAÇÃO DOS PROJETOS EXECUTIVOS DE DRENAGEM NO SETOR HABITACIONAL MESTRE D'ARMAS, REGIÃO ADMINISTRATIVA DE PLANATINA - RA-PLAN, PELA SODF, NO DISTRITO FEDERAL - BLOCO 1 - LOTE 1 (ÁREA 1, 2, 3 E 4) CONTRATO: 21/2021- SODF - SEM DESONERAÇÃO | F2: SINAPI - 12/2024 - Distrito Federal SBC - 01/2025 - Distrito Federal SICRO3 - 10/2024 - Distrito Federal ORSE - 11/2024 - Sergipe SEINFRA - 028 - Ceará SIURB INFRA - 07/2024 - São Paulo AGESUL - 06/2024 - Mato Grosso do Sul EMBASA - 05/2024 - Bahia COMPESA - 07/2024 - Pernambuco EMOP - 12/2024 - Rio de Janeiro | I2: Padrão - 21,22% Material - 11,10% | J2: Sem Desoneração: Horista: 110,14% Mensalista: 70,04% | L2: A | M2: 0.44941159 | N2: 11546317
L3: B | M3: 0.33964608 | N3: 8726212.9
L4: C | M4: 0.21094232 | N4: 5419546.1
L5: TOTAL | M5: 1 | N5: 25692076
A6: ITEM | B6: CÓD. ABC | C6: Código | D6: Banco | E6: DESCRIÇÃO | F6: UNID. | G6: QUANT. | H6: UNIT. S/ BDI (R$) | I6: UNIT. C/ BDI (R$) | J6: BDI | K6: TOTAL C/ BDI (R$) | L6: % PARCIAL | M6: % ACUM. | N6: CLASSIF.
A7: 1 | B7: 129 | C7: 01.03.12U | D7: COMPESA | E7: TELA TAPUME, COR LARANJA, COM SUPORTE A CADA 2M (FORNECIMENTO E INSTALAÇÃO) | F7: M | G7: 12555.629 | H7: 3.25 | I7: 3.94 | J7: 0.2122 | K7: 49469.15 | L7: 0.0019254633 | M7: 0.0019254633 | N7: A
A8: 2 | B8: 138 | C8: 00007765 | D8: SINAPI | E8: TUBO DE CONCRETO ARMADO PARA AGUAS PLUVIAIS, CLASSE PA-2, COM ENCAIXE PONTA E BOLSA, DIAMETRO NOMINAL DE 1000 MM | F8: M | G8: 709.99284 | H8: 517.13 | I8: 574.53 | J8: 0.111 | K8: 407912.17 | L8: 0.015876964 | M8: 0.017802428 | N8: A
A9: 3 | B9: 94 | C9: 33.02.03U | D9: COMPESA | E9: FORNECIMENTO E COLOCAÇÃO DE GRADE DE FERRO PARA PROTEÇÃO EM PISO. | F9: M² | G9: 10.3 | H9: 578.89 | I9: 701.73 | J9: 0.2122 | K9: 7227.81 | L9: 0.00028132449 | M9: 0.018083752 | N9: A
A10: 4 | B10: 128 | C10: 5213865 | D10: SICRO3 | E10: SUPORTE METÁLICO GALVANIZADO PARA PLACA DE ADVERTÊNCIA OU REGULAMENTAÇÃO - LADO OU DIÂMETRO DE 1,00 M - FORNECIMENTO E IMPLANTAÇÃO | F10: UN | G10: 13 | H10: 509.43 | I10: 617.53 | J10: 0.2122 | K10: 8027.89 | L10: 0.00031246561 | M10: 0.018396218 | N10: A
A11: 5 | B11: 14 | C11: 4011276 | D11: SICRO3 | E11: BASE OU SUB-BASE DE BRITA GRADUADA COM BRITA COMERCIAL | F11: M³ | G11: 2979.7809 | H11: 208.42 | I11: 252.65 | J11: 0.2122 | K11: 752841.59 | L11: 0.029302482 | M11: 0.0476987 | N11: A
A12: 6 | B12: 40 | C12: 072200 | D12: SIURB INFRA | E12: DESASSOREAMENTO, LIMPEZA E REMOÇÃO DE MATERIAL DE GALERIA MOLDADA | F12: M³ | G12: 2772.57 | H12: 223.83 | I12: 271.33 | J12: 0.2122 | K12: 752281.4 | L12: 0.029280678 | M12: 0.076979378 | N12: A
A13: 7 | B13: 119 | C13: 101623 | D13: SINAPI | E13: PREPARO DE FUNDO DE VALA COM LARGURA MENOR QUE 1,5 M, COM CAMADA DE BRITA, LANÇAMENTO MECANIZADO. AF_08/2020 | F13: M³ | G13: 227.53073 | H13: 271.92 | I13: 329.62 | J13: 0.2122 | K13: 74998.64 | L13: 0.0029191351 | M13: 0.079898513 | N13: A
A14: 8 | B14: 99 | C14: 4011352 M | D14: PRÓPRIO | E14: IMPRIMAÇÃO COM EMULSÃO ASFÁLTICA (SEM MATERIAL) | F14: M² | G14: 19914.808 | H14: 0.4 | I14: 0.48 | J14: 0.2122 | K14: 9559.04 | L14: 0.0003720618 | M14: 0.080270575 | N14: A
A15: 9 | B15: 130 | C15: 93593 | D15: SINAPI | E15: TRANSPORTE COM CAMINHÃO BASCULANTE DE 14 M³, EM VIA URBANA PAVIMENTADA, ADICIONAL PARA DMT EXCEDENTE A 30 KM (UNIDADE: M3XKM). AF_07/2020 | F15: M3XKM | G15: 883923.09 | H15: 0.85 | I15: 1.03 | J15: 0.2122 | K15: 910440.6 | L15: 0.035436631 | M15: 0.11570721 | N15: A
A16: 10 | B16: 3 | C16: 0407819 | D16: SICRO3 | E16: ARMAÇÃO EM AÇO CA-50 - FORNECIMENTO, PREPARO E COLOCAÇÃO | F16: KG | G16: 46132.03 | H16: 12.15 | I16: 14.73 | J16: 0.2122 | K16: 679524.78 | L16: 0.026448808 | M16: 0.14215601 | N16: A
A17: 11 | B17: 29 | C17: 94971 | D17: SINAPI | E17: CONCRETO FCK = 25MPA, TRAÇO 1:2,3:2,7 (EM MASSA SECA DE CIMENTO/ AREIA MÉDIA/ BRITA 1) - PREPARO MECÂNICO COM BETONEIRA 600 L. AF_05/2021 | F17: M³ | G17: 982.01 | H17: 470.06 | I17: 569.81 | J17: 0.2122 | K17: 559559.06 | L17: 0.021779441 | M17: 0.16393546 | N17: A
A18: 12 | B18: 26 | C18: ANP-CAP 50/70 | D18: PRÓPRIO | E18: CIMENTO ASFÁLTICO DE PETRÓLEO - CAP 50/70 FORNECIMENTO E TRANSPORTE | F18: T | G18: 90.932093 | H18: 5274.22 | I18: 5859.66 | J18: 0.111 | K18: 532831.06 | L18: 0.020739121 | M18: 0.18467458 | N18: A
... A104: 98 | B104: 93 | C104: 6380 | D104: ORSE | E104: FORNECIMENTO E ASSENTAMENTO DE TAMPÃO CIRCULAR PARA DRENAGEM, EM FERRO FUNDIDO, DIÂMETRO = 0,6 M | F104: UN | G104: 35 | H104: 541.14 | I104: 655.97 | J104: 0.2122 | K104: 22958.95 | L104: 0.00089361989 | M104: 0.87004722 | N104: C
A105: 99 | B105: 51 | C105: 90082 | D105: SINAPI | E105: ESCAVAÇÃO MECANIZADA DE VALA COM PROF. ATÉ 1,5 M (MÉDIA MONTANTE E JUSANTE/UMA COMPOSIÇÃO POR TRECHO), ESCAVADEIRA (0,8 M3), LARG. DE 1,5 M A 2,5 M, EM SOLO DE 1A CATEGORIA, EM LOCAIS COM ALTO NÍVEL DE INTERFERÊNCIA. AF_09/2024 | F105: M³ | G105: 11.1456 | H105: 9.31 | I105: 11.29 | J105: 0.2122 | K105: 125.83 | L105: 4.8976191e-06 | M105: 0.87005212 | N105: C
A106: 100 | B106: 101 | C106: 2003868 | D106: SICRO3 | E106: LASTRO DE PEDRA DE MÃO OU RACHÃO - ESPALHAMENTO MANUAL | F106: M³ | G106: 4285.5358 | H106: 130.54 | I106: 158.24 | J106: 0.2122 | K106: 678143.19 | L106: 0.026395033 | M106: 0.89644715 | N106: C
A107: 101 | B107: 68 | C107: 00000004 | D107: PRÓPRIO | E107: ESCAVAÇÃO MECANIZADA DE VALAS EM MATERIAL DE 1ª E/OU 2ª CATEGORIAS, LARGURA MAIOR QUE 2,5M EACIMA DE 2,00 M E ATÉ 4,00 M DE PROFUNDIDADE. | F107: M³ | G107: 5017.2822 | H107: 17.96 | I107: 21.77 | J107: 0.2122 | K107: 109226.22 | L107: 0.0042513583 | M107: 0.90069851 | N107: C
A108: 102 | B108: 115 | C108: 5213571 | D108: SICRO3 | E108: PLACA EM AÇO - PELÍCULA I + III - FORNECIMENTO E IMPLANTAÇÃO | F108: M² | G108: 2.88 | H108: 501.28 | I108: 607.65 | J108: 0.2122 | K108: 1750.03 | L108: 6.8115555e-05 | M108: 0.90076662 | N108: C
A109: 103 | B109: 35 | C109: 05.002.0014-0 | D109: EMOP | E109: DEMOLICAO COM EQUIPAMENTO DE AR COMPRIMIDO,DE PASSEIO CIMENT ADO COM ESPESSURA ATE 10CM,INCLUSIVE EMPILHAMENTO LATERAL DE NTRO DO CANTEIRO DE SERVICO 3%-DESGASTE DE FERRAMENTAS E EPI | F109: M2 | G109: 1130.2032 | H109: 11.96 | I109: 14.5 | J109: 0.2122 | K109: 16387.92 | L109: 0.00063785893 | M109: 0.90140448 | N109: C
A110: 104 | B110: 64 | C110: 90086 | D110: SINAPI | E110: ESCAVAÇÃO MECANIZADA DE VALA COM PROF. MAIOR QUE 3,0 M ATÉ 4,5 M(MÉDIA MONTANTE E JUSANTE/UMA COMPOSIÇÃO POR TRECHO), ESCAVADEIRA (0,8 M3), LARG. MENOR QUE 1,5 M, EM SOLO DE 1A CATEGORIA, EM LOCAIS COM ALTO NÍVEL DE INTERFERÊNCIA. AF_09/2024 | F110: M³ | G110: 19.15 | H110: 8.53 | I110: 10.34 | J110: 0.2122 | K110: 198 | L110: 7.7066564e-06 | M110: 0.90141219 | N110: C
A111: 105 | B111: 120 | C111: 02.05.04U | D111: COMPESA | E111: REATERRO COMPACTADO MECANICAMENTE EM CAMADAS DE 0,20 M COM APROVEITAMENTO DO MATERIAL ESCAVADO. | F111: M³ | G111: 20676.415 | H111: 11.09 | I111: 13.44 | J111: 0.2122 | K111: 277890.97 | L111: 0.010816213 | M111: 0.9122284 | N111: C
A112: 106 | B112: 20 | C112: 101468 | D112: SINAPI | E112: CARGA, MANOBRA E DESCARGA DE TUBOS DE CONCRETO, DN 1200 MM, EM CAMINHÃO CARROCERIA COM GUINDAUTO (MUNCK) 11,7 TM. AF_07/2020 | F112: T | G112: 723.44085 | H112: 16.19 | I112: 19.63 | J112: 0.2122 | K112: 14201.12 | L112: 0.00055274319 | M112: 0.91278115 | N112: C
A113: 107 | B113: 41 | C113: 9068 | D113: ORSE | E113: DESOBSTRUÇÃO E LIMPEZA DE BOCA-DE-LOBO | F113: UN | G113: 353 | H113: 35.1 | I113: 42.55 | J113: 0.2122 | K113: 15020.15 | L113: 0.0005846219 | M113: 0.91336577 | N113: C
A114: 108 | B114: 121 | C114: 0401001113 | D114: AGESUL | E114: REATERRO MANUAL APILOADO COM SOQUETE | F114: M³ | G114: 10875.056 | H114: 56.12 | I114: 68.03 | J114: 0.2122 | K114: 739829.97 | L114: 0.028796037 | M114: 0.94216181 | N114: C
A115: 109 | B115: 141 | C115: 00007762 | D115: SINAPI | E115: TUBO DE CONCRETO ARMADO PARA AGUAS PLUVIAIS, CLASSE PA-2, COM ENCAIXE PONTA E BOLSA, DIAMETRO NOMINAL DE 600 MM | F115: M | G115: 407.66 | H115: 209.38 | I115: 232.62 | J115: 0.111 | K115: 94829.86 | L115: 0.0036910159 | M115: 0.94585282 | N115: C
A116: 110 | B116: 54 | C116: 102276 | D116: SINAPI | E116: ESCAVAÇÃO MECANIZADA DE VALA COM PROF. ATÉ 1,5 M (MÉDIA MONTANTE E JUSANTE/UMA COMPOSIÇÃO POR TRECHO), ESCAVADEIRA (0,8 M3), LARG. MENOR QUE 1,5 M, EM SOLO DE 1A CATEGORIA, EM LOCAIS COM ALTO NÍVEL DE INTERFERÊNCIA. AF_09/2024 | F116: M³ | G116: 3745.531 | H116: 10.49 | I116: 12.72 | J116: 0.2122 | K116: 47643.11 | L116: 0.0018543893 | M116: 0.94770721 | N116: C
A117: 111 | B117: 36 | C117: 97622 | D117: SINAPI | E117: DEMOLIÇÃO DE ALVENARIA DE BLOCO FURADO, DE FORMA MANUAL, SEM REAPROVEITAMENTO. AF_09/2023 | F117: M³ | G117: 172.16362 | H117: 62.38 | I117: 75.62 | J117: 0.2122 | K117: 13018.97 | L117: 0.00050673095 | M117: 0.94821394 | N117: C
... A149: 143 | B149: 58 | C149: 90084 | D149: SINAPI | E149: ESCAVAÇÃO MECANIZADA DE VALA COM PROF. MAIOR QUE 1,5 M ATÉ 3,0 M (MÉDIA MONTANTE E JUSANTE/UMA COMPOSIÇÃO POR TRECHO), ESCAVADEIRA (0,8 M3), LARGURA ATÉ 1,5 M, EM SOLO DE 1A CATEGORIA, EM LOCAIS COM ALTO NÍVEL DE INTERFERÊNCIA. AF_09/2024 | F149: M³ | G149: 1974.5092 | H149: 9.01 | I149: 10.92 | J149: 0.2122 | K149: 21561.61 | L149: 0.00083923192 | M149: 1 | N149: C
A150: TOTAL | K150: 25692076

Sheet APOIO ABC
B1: 1 | C1: =ORÇAMENTO!A1045 -> 8.8.9 | D1: =ORÇAMENTO!B1045 -> 98522 | E1: =ORÇAMENTO!C1045 -> SINAPI | F1: =ORÇAMENTO!D1045 -> ALAMBRADO EM MOURÕES DE CONCRETO, COM TELA DE ARAME GALVANIZADO (INCLUSIVE MURETA EM CONCRETO). AF_05/2018 | G1: =ORÇAMENTO!E1045 -> M | H1: =ORÇAMENTO!F1045 -> 411.3 | I1: =ORÇAMENTO!G1045 -> 160.28 | J1: =ORÇAMENTO!H1045 -> 0.2122 | ... M1: =ORÇAMENTO!K1045 -> 0.00282511
B2: =IF(EXACT(D1,D2),B1,B1+1) -> 2 | C2: =ORÇAMENTO!A245 -> 4.1.2.6.43 | D2: =ORÇAMENTO!B245 -> 103320 | E2: =ORÇAMENTO!C245 -> SINAPI | F2: =ORÇAMENTO!D245 -> ALVENARIA DE VEDAÇÃO DE BLOCOS VAZADOS DE CONCRETO DE 19X19X39 CM (ESPESSURA 19 CM) E ARGAMASSA DE ASSENTAMENTO COM PREPARO EM BETONEIRA. AF_12/2021 | G2: =ORÇAMENTO!E245 -> M² | H2: =ORÇAMENTO!F245 -> 542.49 | I2: =ORÇAMENTO!G245 -> 133.38 | J2: =ORÇAMENTO!H245 -> 0.2122 | ... M2: =ORÇAMENTO!K245 -> 0.0031008036 | N2: =IF(F2=F1,IF(G2=G1,"OK!","ERRADO"),"DIFERENTE") -> DIFERENTE | O2: =IF(F2=F1,IF(I2=I1,"OK!","ERRADO"),"DIFERENTE") -> DIFERENTE | P2: =IF(F2=F1,IF(D2=D1,"OK!","ERRADO"),"DIFERENTE") -> DIFERENTE
B3: =IF(EXACT(D2,D3),B2,B2+1) -> 2 | C3: =ORÇAMENTO!A255 -> 4.1.2.7.3 | D3: =ORÇAMENTO!B255 -> 103320 | E3: =ORÇAMENTO!C255 -> SINAPI | F3: =ORÇAMENTO!D255 -> ALVENARIA DE VEDAÇÃO DE BLOCOS VAZADOS DE CONCRETO DE 19X19X39 CM (ESPESSURA 19 CM) E ARGAMASSA DE ASSENTAMENTO COM PREPARO EM BETONEIRA. AF_12/2021 | G3: =ORÇAMENTO!E255 -> M² | H3: =ORÇAMENTO!F255 -> 42.28 | I3: =ORÇAMENTO!G255 -> 133.38 | J3: =ORÇAMENTO!H255 -> 0.2122 | ... M3: =ORÇAMENTO!K255 -> 0.00024166708 | N3: =IF(F3=F2,IF(G3=G2,"OK!","ERRADO"),"DIFERENTE") -> OK! | O3: =IF(F3=F2,IF(I3=I2,"OK!","ERRADO"),"DIFERENTE") -> OK! | P3: =IF(F3=F2,IF(D3=D2,"OK!","ERRADO"),"DIFERENTE") -> OK!
B4: =IF(EXACT(D3,D4),B3,B3+1) -> 2 | C4: =ORÇAMENTO!A488 -> 5.1.2.6.44 | D4: =ORÇAMENTO!B488 -> 103320 | E4: =ORÇAMENTO!C488 -> SINAPI | F4: =ORÇAMENTO!D488 -> ALVENARIA DE VEDAÇÃO DE BLOCOS VAZADOS DE CONCRETO DE 19X19X39 CM (ESPESSURA 19 CM) E ARGAMASSA DE ASSENTAMENTO COM PREPARO EM BETONEIRA. AF_12/2021 | G4: =ORÇAMENTO!E488 -> M² | H4: =ORÇAMENTO!F488 -> 643 | I4: =ORÇAMENTO!G488 -> 133.38 | J4: =ORÇAMENTO!H488 -> 0.2122 | ... M4: =ORÇAMENTO!K488 -> 0.0036753061 | N4: =IF(F4=F3,IF(G4=G3,"OK!","ERRADO"),"DIFERENTE") -> OK! | O4: =IF(F4=F3,IF(I4=I3,"OK!","ERRADO"),"DIFERENTE") -> OK! | P4: =IF(F4=F3,IF(D4=D3,"OK!","ERRADO"),"DIFERENTE") -> OK!
B5: =IF(EXACT(D4,D5),B4,B4+1) -> 2 | C5: =ORÇAMENTO!A498 -> 5.1.2.7.3 | D5: =ORÇAMENTO!B498 -> 103320 | E5: =ORÇAMENTO!C498 -> SINAPI | F5: =ORÇAMENTO!D498 -> ALVENARIA DE VEDAÇÃO DE BLOCOS VAZADOS DE CONCRETO DE 19X19X39 CM (ESPESSURA 19 CM) E ARGAMASSA DE ASSENTAMENTO COM PREPARO EM BETONEIRA. AF_12/2021 | G5: =ORÇAMENTO!E498 -> M² | H5: =ORÇAMENTO!F498 -> 101.19 | I5: =ORÇAMENTO!G498 -> 133.38 | J5: =ORÇAMENTO!H498 -> 0.2122 | ... M5: =ORÇAMENTO!K498 -> 0.00057838882 | N5: =IF(F5=F4,IF(G5=G4,"OK!","ERRADO"),"DIFERENTE") -> OK! | O5: =IF(F5=F4,IF(I5=I4,"OK!","ERRADO"),"DIFERENTE") -> OK! | P5: =IF(F5=F4,IF(D5=D4,"OK!","ERRADO"),"DIFERENTE") -> OK!
B6: =IF(EXACT(D5,D6),B5,B5+1) -> 2 | C6: =ORÇAMENTO!A683 -> 6.1.2.6.36 | D6: =ORÇAMENTO!B683 -> 103320 | E6: =ORÇAMENTO!C683 -> SINAPI | F6: =ORÇAMENTO!D683 -> ALVENARIA DE VEDAÇÃO DE BLOCOS VAZADOS DE CONCRETO DE 19X19X39 CM (ESPESSURA 19 CM) E ARGAMASSA DE ASSENTAMENTO COM PREPARO EM BETONEIRA. AF_12/2021 | G6: =ORÇAMENTO!E683 -> M² | H6: =ORÇAMENTO!F683 -> 316.33 | I6: =ORÇAMENTO!G683 -> 133.38 | J6: =ORÇAMENTO!H683 -> 0.2122 | ... M6: =ORÇAMENTO!K683 -> 0.0018081018 | N6: =IF(F6=F5,IF(G6=G5,"OK!","ERRADO"),"DIFERENTE") -> OK! | O6: =IF(F6=F5,IF(I6=I5,"OK!","ERRADO"),"DIFERENTE") -> OK! | P6: =IF(F6=F5,IF(D6=D5,"OK!","ERRADO"),"DIFERENTE") -> OK!
B7: =IF(EXACT(D6,D7),B6,B6+1) -> 2 | C7: =ORÇAMENTO!A693 -> 6.1.2.7.3 | D7: =ORÇAMENTO!B693 -> 103320 | E7: =ORÇAMENTO!C693 -> SINAPI | F7: =ORÇAMENTO!D693 -> ALVENARIA DE VEDAÇÃO DE BLOCOS VAZADOS DE CONCRETO DE 19X19X39 CM (ESPESSURA 19 CM) E ARGAMASSA DE ASSENTAMENTO COM PREPARO EM BETONEIRA. AF_12/2021 | G7: =ORÇAMENTO!E693 -> M² | H7: =ORÇAMENTO!F693 -> 60.98 | I7: =ORÇAMENTO!G693 -> 133.38 | J7: =ORÇAMENTO!H693 -> 0.2122 | ... M7: =ORÇAMENTO!K693 -> 0.00034855368 | N7: =IF(F7=F6,IF(G7=G6,"OK!","ERRADO"),"DIFERENTE") -> OK! | O7: =IF(F7=F6,IF(I7=I6,"OK!","ERRADO"),"DIFERENTE") -> OK! | P7: =IF(F7=F6,IF(D7=D6,"OK!","ERRADO"),"DIFERENTE") -> OK!
B8: =IF(EXACT(D7,D8),B7,B7+1) -> 2 | C8: =ORÇAMENTO!A896 -> 7.1.2.6.43 | D8: =ORÇAMENTO!B896 -> 103320 | E8: =ORÇAMENTO!C896 -> SINAPI | F8: =ORÇAMENTO!D896 -> ALVENARIA DE VEDAÇÃO DE BLOCOS VAZADOS DE CONCRETO DE 19X19X39 CM (ESPESSURA 19 CM) E ARGAMASSA DE ASSENTAMENTO COM PREPARO EM BETONEIRA. AF_12/2021 | G8: =ORÇAMENTO!E896 -> M² | H8: =ORÇAMENTO!F896 -> 545.64 | I8: =ORÇAMENTO!G896 -> 133.38 | J8: =ORÇAMENTO!H896 -> 0.2122 | ... M8: =ORÇAMENTO!K896 -> 0.0031188085 | N8: =IF(F8=F7,IF(G8=G7,"OK!","ERRADO"),"DIFERENTE") -> OK! | O8: =IF(F8=F7,IF(I8=I7,"OK!","ERRADO"),"DIFERENTE") -> OK! | P8: =IF(F8=F7,IF(D8=D7,"OK!","ERRADO"),"DIFERENTE") -> OK!
B9: =IF(EXACT(D8,D9),B8,B8+1) -> 2 | C9: =ORÇAMENTO!A906 -> 7.1.2.7.3 | D9: =ORÇAMENTO!B906 -> 103320 | E9: =ORÇAMENTO!C906 -> SINAPI | F9: =ORÇAMENTO!D906 -> ALVENARIA DE VEDAÇÃO DE BLOCOS VAZADOS DE CONCRETO DE 19X19X39 CM (ESPESSURA 19 CM) E ARGAMASSA DE ASSENTAMENTO COM PREPARO EM BETONEIRA. AF_12/2021 | G9: =ORÇAMENTO!E906 -> M² | H9: =ORÇAMENTO!F906 -> 51.3 | I9: =ORÇAMENTO!G906 -> 133.38 | J9: =ORÇAMENTO!H906 -> 0.2122 | ... M9: =ORÇAMENTO!K906 -> 0.00029322412 | N9: =IF(F9=F8,IF(G9=G8,"OK!","ERRADO"),"DIFERENTE") -> OK! | O9: =IF(F9=F8,IF(I9=I8,"OK!","ERRADO"),"DIFERENTE") -> OK! | P9: =IF(F9=F8,IF(D9=D8,"OK!","ERRADO"),"DIFERENTE") -> OK!
B10: =IF(EXACT(D9,D10),B9,B9+1) -> 3 | C10: =ORÇAMENTO!A244 -> 4.1.2.6.42 | D10: =ORÇAMENTO!B244 -> 0407819 | E10: =ORÇAMENTO!C244 -> SICRO3 | F10: =ORÇAMENTO!D244 -> ARMAÇÃO EM AÇO CA-50 - FORNECIMENTO, PREPARO E COLOCAÇÃO | G10: =ORÇAMENTO!E244 -> KG | H10: =ORÇAMENTO!F244 -> 1336 | I10: =ORÇAMENTO!G244 -> 12.15 | J10: =ORÇAMENTO!H244 -> 0.2122 | ... M10: =ORÇAMENTO!K244 -> 0.00069572153 | N10: =IF(F10=F9,IF(G10=G9,"OK!","ERRADO"),"DIFERENTE") -> DIFERENTE | O10: =IF(F10=F9,IF(I10=I9,"OK!","ERRADO"),"DIFERENTE") -> DIFERENTE | P10: =IF(F10=F9,IF(D10=D9,"OK!","ERRADO"),"DIFERENTE") -> DIFERENTE
B11: =IF(EXACT(D10,D11),B10,B10+1) -> 3 | C11: =ORÇAMENTO!A260 -> 4.1.2.7.8 | D11: =ORÇAMENTO!B260 -> 0407819 | E11: =ORÇAMENTO!C260 -> SICRO3 | F11: =ORÇAMENTO!D260 -> ARMAÇÃO EM AÇO CA-50 - FORNECIMENTO, PREPARO E COLOCAÇÃO | G11: =ORÇAMENTO!E260 -> KG | H11: =ORÇAMENTO!F260 -> 3790.03 | I11: =ORÇAMENTO!G260 -> 12.15 | J11: =ORÇAMENTO!H260 -> 0.2122 | ... M11: =ORÇAMENTO!K260 -> 0.0019736567 | N11: =IF(F11=F10,IF(G11=G10,"OK!","ERRADO"),"DIFERENTE") -> OK! | O11: =IF(F11=F10,IF(I11=I10,"OK!","ERRADO"),"DIFERENTE") -> OK! | P11: =IF(F11=F10,IF(D11=D10,"OK!","ERRADO"),"DIFERENTE") -> OK!
B12: =IF(EXACT(D11,D12),B11,B11+1) -> 3 | C12: =ORÇAMENTO!A487 -> 5.1.2.6.43 | D12: =ORÇAMENTO!B487 -> 0407819 | E12: =ORÇAMENTO!C487 -> SICRO3 | F12: =ORÇAMENTO!D487 -> ARMAÇÃO EM AÇO CA-50 - FORNECIMENTO, PREPARO E COLOCAÇÃO | G12: =ORÇAMENTO!E487 -> KG | H12: =ORÇAMENTO!F487 -> 1480 | I12: =ORÇAMENTO!G487 -> 12.15 | J12: =ORÇAMENTO!H487 -> 0.2122 | ... M12: =ORÇAMENTO!K487 -> 0.00077070948 | N12: =IF(F12=F11,IF(G12=G11,"OK!","ERRADO"),"DIFERENTE") -> OK! | O12: =IF(F12=F11,IF(I12=I11,"OK!","ERRADO"),"DIFERENTE") -> OK! | P12: =IF(F12=F11,IF(D12=D11,"OK!","ERRADO"),"DIFERENTE") -> OK!
B13: =IF(EXACT(D12,D13),B12,B12+1) -> 3 | C13: =ORÇAMENTO!A503 -> 5.1.2.7.8 | D13: =ORÇAMENTO!B503 -> 0407819 | E13: =ORÇAMENTO!C503 -> SICRO3 | F13: =ORÇAMENTO!D503 -> ARMAÇÃO EM AÇO CA-50 - FORNECIMENTO, PREPARO E COLOCAÇÃO | G13: =ORÇAMENTO!E503 -> KG | H13: =ORÇAMENTO!F503 -> 3969.37 | I13: =ORÇAMENTO!G503 -> 12.15 | J13: =ORÇAMENTO!H503 -> 0.2122 | ... M13: =ORÇAMENTO!K503 -> 0.002067048 | N13: =IF(F13=F12,IF(G13=G12,"OK!","ERRADO"),"DIFERENTE") -> OK! | O13: =IF(F13=F12,IF(I13=I12,"OK!","ERRADO"),"DIFERENTE") -> OK! | P13: =IF(F13=F12,IF(D13=D12,"OK!","ERRADO"),"DIFERENTE") -> OK!
B14: =IF(EXACT(D13,D14),B13,B13+1) -> 3 | C14: =ORÇAMENTO!A682 -> 6.1.2.6.35 | D14: =ORÇAMENTO!B682 -> 0407819 | E14: =ORÇAMENTO!C682 -> SICRO3 | F14: =ORÇAMENTO!D682 -> ARMAÇÃO EM AÇO CA-50 - FORNECIMENTO, PREPARO E COLOCAÇÃO | G14: =ORÇAMENTO!E682 -> KG | H14: =ORÇAMENTO!F682 -> 768 | I14: =ORÇAMENTO!G682 -> 12.15 | J14: =ORÇAMENTO!H682 -> 0.2122 | ... M14: =ORÇAMENTO!K682 -> 0.00039993573 | N14: =IF(F14=F13,IF(G14=G13,"OK!","ERRADO"),"DIFERENTE") -> OK! | O14: =IF(F14=F13,IF(I14=I13,"OK!","ERRADO"),"DIFERENTE") -> OK! | P14: =IF(F14=F13,IF(D14=D13,"OK!","ERRADO"),"DIFERENTE") -> OK!
B15: =IF(EXACT(D14,D15),B14,B14+1) -> 3 | C15: =ORÇAMENTO!A698 -> 6.1.2.7.8 | D15: =ORÇAMENTO!B698 -> 0407819 | E15: =ORÇAMENTO!C698 -> SICRO3 | F15: =ORÇAMENTO!D698 -> ARMAÇÃO EM AÇO CA-50 - FORNECIMENTO, PREPARO E COLOCAÇÃO | G15: =ORÇAMENTO!E698 -> KG | H15: =ORÇAMENTO!F698 -> 697.85 | I15: =ORÇAMENTO!G698 -> 12.15 | J15: =ORÇAMENTO!H698 -> 0.2122 | ... M15: =ORÇAMENTO!K698 -> 0.00036340512 | N15: =IF(F15=F14,IF(G15=G14,"OK!","ERRADO"),"DIFERENTE") -> OK! | O15: =IF(F15=F14,IF(I15=I14,"OK!","ERRADO"),"DIFERENTE") -> OK! | P15: =IF(F15=F14,IF(D15=D14,"OK!","ERRADO"),"DIFERENTE") -> OK!
B16: =IF(EXACT(D15,D16),B15,B15+1) -> 3 | C16: =ORÇAMENTO!A895 -> 7.1.2.6.42 | D16: =ORÇAMENTO!B895 -> 0407819 | E16: =ORÇAMENTO!C895 -> SICRO3 | F16: =ORÇAMENTO!D895 -> ARMAÇÃO EM AÇO CA-50 - FORNECIMENTO, PREPARO E COLOCAÇÃO | G16: =ORÇAMENTO!E895 -> KG | H16: =ORÇAMENTO!F895 -> 1256 | I16: =ORÇAMENTO!G895 -> 12.15 | J16: =ORÇAMENTO!H895 -> 0.2122 | ... M16: =ORÇAMENTO!K895 -> 0.00065406156 | N16: =IF(F16=F15,IF(G16=G15,"OK!","ERRADO"),"DIFERENTE") -> OK! | O16: =IF(F16=F15,IF(I16=I15,"OK!","ERRADO"),"DIFERENTE") -> OK! | P16: =IF(F16=F15,IF(D16=D15,"OK!","ERRADO"),"DIFERENTE") -> OK!
B17: =IF(EXACT(D16,D17),B16,B16+1) -> 3 | C17: =ORÇAMENTO!A911 -> 7.1.2.7.8 | D17: =ORÇAMENTO!B911 -> 0407819 | E17: =ORÇAMENTO!C911 -> SICRO3 | F17: =ORÇAMENTO!D911 -> ARMAÇÃO EM AÇO CA-50 - FORNECIMENTO, PREPARO E COLOCAÇÃO | G17: =ORÇAMENTO!E911 -> KG | H17: =ORÇAMENTO!F911 -> 5166.92 | I17: =ORÇAMENTO!G911 -> 12.15 | J17: =ORÇAMENTO!H911 -> 0.2122 | ... M17: =ORÇAMENTO!K911 -> 0.0026906717 | N17: =IF(F17=F16,IF(G17=G16,"OK!","ERRADO"),"DIFERENTE") -> OK! | O17: =IF(F17=F16,IF(I17=I16,"OK!","ERRADO"),"DIFERENTE") -> OK! | P17: =IF(F17=F16,IF(D17=D16,"OK!","ERRADO"),"DIFERENTE") -> OK!
B18: =IF(EXACT(D17,D18),B17,B17+1) -> 3 | C18: =ORÇAMENTO!A919 -> 7.1.2.8.5 | D18: =ORÇAMENTO!B919 -> 0407819 | E18: =ORÇAMENTO!C919 -> SICRO3 | F18: =ORÇAMENTO!D919 -> ARMAÇÃO EM AÇO CA-50 - FORNECIMENTO, PREPARO E COLOCAÇÃO | G18: =ORÇAMENTO!E919 -> KG | H18: =ORÇAMENTO!F919 -> 23646.02 | I18: =ORÇAMENTO!G919 -> 12.15 | J18: =ORÇAMENTO!H919 -> 0.2122 | ... M18: =ORÇAMENTO!K919 -> 0.012313656 | N18: =IF(F18=F17,IF(G18=G17,"OK!","ERRADO"),"DIFERENTE") -> OK! | O18: =IF(F18=F17,IF(I18=I17,"OK!","ERRADO"),"DIFERENTE") -> OK! | P18: =IF(F18=F17,IF(D18=D17,"OK!","ERRADO"),"DIFERENTE") -> OK!
B19: =IF(EXACT(D18,D19),B18,B18+1) -> 3 | C19: =ORÇAMENTO!A1016 -> 8.5.4 | D19: =ORÇAMENTO!B1016 -> 0407819 | E19: =ORÇAMENTO!C1016 -> SICRO3 | F19: =ORÇAMENTO!D1016 -> ARMAÇÃO EM AÇO CA-50 - FORNECIMENTO, PREPARO E COLOCAÇÃO | G19: =ORÇAMENTO!E1016 -> KG | H19: =ORÇAMENTO!F1016 -> 2057.72 | I19: =ORÇAMENTO!G1016 -> 12.15 | J19: =ORÇAMENTO!H1016 -> 0.2122 | ... M19: =ORÇAMENTO!K1016 -> 0.0010715568 | N19: =IF(F19=F18,IF(G19=G18,"OK!","ERRADO"),"DIFERENTE") -> OK! | O19: =IF(F19=F18,IF(I19=I18,"OK!","ERRADO"),"DIFERENTE") -> OK! | P19: =IF(F19=F18,IF(D19=D18,"OK!","ERRADO"),"DIFERENTE") -> OK!
B20: =IF(EXACT(D19,D20),B19,B19+1) -> 3 | C20: =ORÇAMENTO!A1022 -> 8.6.5 | D20: =ORÇAMENTO!B1022 -> 0407819 | E20: =ORÇAMENTO!C1022 -> SICRO3 | F20: =ORÇAMENTO!D1022 -> ARMAÇÃO EM AÇO CA-50 - FORNECIMENTO, PREPARO E COLOCAÇÃO | G20: =ORÇAMENTO!E1022 -> KG | H20: =ORÇAMENTO!F1022 -> 1656 | I20: =ORÇAMENTO!G1022 -> 12.15 | J20: =ORÇAMENTO!H1022 -> 0.2122 | ... M20: =ORÇAMENTO!K1022 -> 0.00086236142 | N20: =IF(F20=F19,IF(G20=G19,"OK!","ERRADO"),"DIFERENTE") -> OK! | O20: =IF(F20=F19,IF(I20=I19,"OK!","ERRADO"),"DIFERENTE") -> OK! | P20: =IF(F20=F19,IF(D20=D19,"OK!","ERRADO"),"DIFERENTE") -> OK!
B21: =IF(EXACT(D20,D21),B20,B20+1) -> 3 | C21: =ORÇAMENTO!A1035 -> 8.7.6 | D21: =ORÇAMENTO!B1035 -> 0407819 | E21: =ORÇAMENTO!C1035 -> SICRO3 | F21: =ORÇAMENTO!D1035 -> ARMAÇÃO EM AÇO CA-50 - FORNECIMENTO, PREPARO E COLOCAÇÃO | G21: =ORÇAMENTO!E1035 -> KG | H21: =ORÇAMENTO!F1035 -> 308.12 | I21: =ORÇAMENTO!G1035 -> 12.15 | J21: =ORÇAMENTO!H1035 -> 0.2122 | ... M21: =ORÇAMENTO!K1035 -> 0.00016045311 | N21: =IF(F21=F20,IF(G21=G20,"OK!","ERRADO"),"DIFERENTE") -> OK! | O21: =IF(F21=F20,IF(I21=I20,"OK!","ERRADO"),"DIFERENTE") -> OK! | P21: =IF(F21=F20,IF(D21=D20,"OK!","ERRADO"),"DIFERENTE") -> OK!
B22: =IF(EXACT(D21,D22),B21,B21+1) -> 4 | C22: =ORÇAMENTO!A293 -> 4.2.4.14 | D22: =ORÇAMENTO!B293 -> 94273 | E22: =ORÇAMENTO!C293 -> SINAPI | F22: =ORÇAMENTO!D293 -> ASSENTAMENTO DE GUIA (MEIO-FIO) EM TRECHO RETO, CONFECCIONADA EM CONCRETO PRÉ-FABRICADO, DIMENSÕES 100X15X13X30 CM (COMPRIMENTO X BASE INFERIOR X BASE SUPERIOR X ALTURA). AF_01/2024 | G22: =ORÇAMENTO!E293 -> M | H22: =ORÇAMENTO!F293 -> 1097.9 | I22: =ORÇAMENTO!G293 -> 48.36 | J22: =ORÇAMENTO!H293 -> 0.2122 | ... M22: =ORÇAMENTO!K293 -> 0.0022752797 | N22: =IF(F22=F21,IF(G22=G21,"OK!","ERRADO"),"DIFERENTE") -> DIFERENTE | O22: =IF(F22=F21,IF(I22=I21,"OK!","ERRADO"),"DIFERENTE") -> DIFERENTE | P22: =IF(F22=F21,IF(D22=D21,"OK!","ERRADO"),"DIFERENTE") -> DIFERENTE
B23: =IF(EXACT(D22,D23),B22,B22+1) -> 4 | C23: =ORÇAMENTO!A982 -> 7.5.4.14 | D23: =ORÇAMENTO!B982 -> 94273 | E23: =ORÇAMENTO!C982 -> SINAPI | F23: =ORÇAMENTO!D982 -> ASSENTAMENTO DE GUIA (MEIO-FIO) EM TRECHO RETO, CONFECCIONADA EM CONCRETO PRÉ-FABRICADO, DIMENSÕES 100X15X13X30 CM (COMPRIMENTO X BASE INFERIOR X BASE SUPERIOR X ALTURA). AF_01/2024 | G23: =ORÇAMENTO!E982 -> M | H23: =ORÇAMENTO!F982 -> 1552.82 | I23: =ORÇAMENTO!G982 -> 48.36 | J23: =ORÇAMENTO!H982 -> 0.2122 | ... M23: =ORÇAMENTO!K982 -> 0.0032180525 | N23: =IF(F23=F22,IF(G23=G22,"OK!","ERRADO"),"DIFERENTE") -> OK! | O23: =IF(F23=F22,IF(I23=I22,"OK!","ERRADO"),"DIFERENTE") -> OK! | P23: =IF(F23=F22,IF(D23=D22,"OK!","ERRADO"),"DIFERENTE") -> OK!
B24: =IF(EXACT(D23,D24),B23,B23+1) -> 5 | C24: =ORÇAMENTO!A186 -> 4.1.2.4.19 | D24: =ORÇAMENTO!B186 -> 92828 | E24: =ORÇAMENTO!C186 -> SINAPI | F24: =ORÇAMENTO!D186 -> ASSENTAMENTO DE TUBO DE CONCRETO PARA REDES COLETORAS DE ÁGUAS PLUVIAIS, DIÂMETRO DE 1000 MM, JUNTA RÍGIDA, INSTALADO EM LOCAL COM ALTO NÍVEL DE INTERFERÊNCIAS (NÃO INCLUI FORNECIMENTO). AF_03/2024 | G24: =ORÇAMENTO!E186 -> M | H24: =ORÇAMENTO!F186 -> 181.50284 | I24: =ORÇAMENTO!G186 -> 108 | J24: =ORÇAMENTO!H186 -> 0.2122 | ... M24: =ORÇAMENTO!K186 -> 0.00084007029 | N24: =IF(F24=F23,IF(G24=G23,"OK!","ERRADO"),"DIFERENTE") -> DIFERENTE | O24: =IF(F24=F23,IF(I24=I23,"OK!","ERRADO"),"DIFERENTE") -> DIFERENTE | P24: =IF(F24=F23,IF(D24=D23,"OK!","ERRADO"),"DIFERENTE") -> DIFERENTE
B25: =IF(EXACT(D24,D25),B24,B24+1) -> 5 | C25: =ORÇAMENTO!A425 -> 5.1.2.4.19 | D25: =ORÇAMENTO!B425 -> 92828 | E25: =ORÇAMENTO!C425 -> SINAPI | F25: =ORÇAMENTO!D425 -> ASSENTAMENTO DE TUBO DE CONCRETO PARA REDES COLETORAS DE ÁGUAS PLUVIAIS, DIÂMETRO DE 1000 MM, JUNTA RÍGIDA, INSTALADO EM LOCAL COM ALTO NÍVEL DE INTERFERÊNCIAS (NÃO INCLUI FORNECIMENTO). AF_03/2024 | G25: =ORÇAMENTO!E425 -> M | H25: =ORÇAMENTO!F425 -> 667.95 | I25: =ORÇAMENTO!G425 -> 108 | J25: =ORÇAMENTO!H425 -> 0.2122 | ... M25: =ORÇAMENTO!K425 -> 0.0030915493 | N25: =IF(F25=F24,IF(G25=G24,"OK!","ERRADO"),"DIFERENTE") -> OK! | O25: =IF(F25=F24,IF(I25=I24,"OK!","ERRADO"),"DIFERENTE") -> OK! | P25: =IF(F25=F24,IF(D25=D24,"OK!","ERRADO"),"DIFERENTE") -> OK!
B26: =IF(EXACT(D25,D26),B25,B25+1) -> 5 | C26: =ORÇAMENTO!A834 -> 7.1.2.4.19 | D26: =ORÇAMENTO!B834 -> 92828 | E26: =ORÇAMENTO!C834 -> SINAPI | F26: =ORÇAMENTO!D834 -> ASSENTAMENTO DE TUBO DE CONCRETO PARA REDES COLETORAS DE ÁGUAS PLUVIAIS, DIÂMETRO DE 1000 MM, JUNTA RÍGIDA, INSTALADO EM LOCAL COM ALTO NÍVEL DE INTERFERÊNCIAS (NÃO INCLUI FORNECIMENTO). AF_03/2024 | G26: =ORÇAMENTO!E834 -> M | H26: =ORÇAMENTO!F834 -> 476.45 | I26: =ORÇAMENTO!G834 -> 108 | J26: =ORÇAMENTO!H834 -> 0.2122 | ... M26: =ORÇAMENTO!K834 -> 0.0022052079 | N26: =IF(F26=F25,IF(G26=G25,"OK!","ERRADO"),"DIFERENTE") -> OK! | O26: =IF(F26=F25,IF(I26=I25,"OK!","ERRADO"),"DIFERENTE") -> OK! | P26: =IF(F26=F25,IF(D26=D25,"OK!","ERRADO"),"DIFERENTE") -> OK!
B27: =IF(EXACT(D26,D27),B26,B26+1) -> 6 | C27: =ORÇAMENTO!A187 -> 4.1.2.4.20 | D27: =ORÇAMENTO!B187 -> 92830 | E27: =ORÇAMENTO!C187 -> SINAPI | F27: =ORÇAMENTO!D187 -> ASSENTAMENTO DE TUBO DE CONCRETO PARA REDES COLETORAS DE ÁGUAS PLUVIAIS, DIÂMETRO DE 1200 MM, JUNTA RÍGIDA, INSTALADO EM LOCAL COM ALTO NÍVEL DE INTERFERÊNCIAS (NÃO INCLUI FORNECIMENTO). AF_03/2024 | G27: =ORÇAMENTO!E187 -> M | H27: =ORÇAMENTO!F187 -> 34.998887 | I27: =ORÇAMENTO!G187 -> 133.19 | J27: =ORÇAMENTO!H187 -> 0.2122 | ... M27: =ORÇAMENTO!K187 -> 0.00019976459 | N27: =IF(F27=F26,IF(G27=G26,"OK!","ERRADO"),"DIFERENTE") -> DIFERENTE | O27: =IF(F27=F26,IF(I27=I26,"OK!","ERRADO"),"DIFERENTE") -> DIFERENTE | P27: =IF(F27=F26,IF(D27=D26,"OK!","ERRADO"),"DIFERENTE") -> DIFERENTE
B28: =IF(EXACT(D27,D28),B27,B27+1) -> 6 | C28: =ORÇAMENTO!A426 -> 5.1.2.4.20 | D28: =ORÇAMENTO!B426 -> 92830 | E28: =ORÇAMENTO!C426 -> SINAPI | F28: =ORÇAMENTO!D426 -> ASSENTAMENTO DE TUBO DE CONCRETO PARA REDES COLETORAS DE ÁGUAS PLUVIAIS, DIÂMETRO DE 1200 MM, JUNTA RÍGIDA, INSTALADO EM LOCAL COM ALTO NÍVEL DE INTERFERÊNCIAS (NÃO INCLUI FORNECIMENTO). AF_03/2024 | G28: =ORÇAMENTO!E426 -> M | H28: =ORÇAMENTO!F426 -> 233.04 | I28: =ORÇAMENTO!G426 -> 133.19 | J28: =ORÇAMENTO!H426 -> 0.2122 | ... M28: =ORÇAMENTO!K426 -> 0.0013301318 | N28: =IF(F28=F27,IF(G28=G27,"OK!","ERRADO"),"DIFERENTE") -> OK! | O28: =IF(F28=F27,IF(I28=I27,"OK!","ERRADO"),"DIFERENTE") -> OK! | P28: =IF(F28=F27,IF(D28=D27,"OK!","ERRADO"),"DIFERENTE") -> OK!
B29: =IF(EXACT(D28,D29),B28,B28+1) -> 6 | C29: =ORÇAMENTO!A636 -> 6.1.2.4.18 | D29: =ORÇAMENTO!B636 -> 92830 | E29: =ORÇAMENTO!C636 -> SINAPI | F29: =ORÇAMENTO!D636 -> ASSENTAMENTO DE TUBO DE CONCRETO PARA REDES COLETORAS DE ÁGUAS PLUVIAIS, DIÂMETRO DE 1200 MM, JUNTA RÍGIDA, INSTALADO EM LOCAL COM ALTO NÍVEL DE INTERFERÊNCIAS (NÃO INCLUI FORNECIMENTO). AF_03/2024 | G29: =ORÇAMENTO!E636 -> M | H29: =ORÇAMENTO!F636 -> 35.107015 | I29: =ORÇAMENTO!G636 -> 133.19 | J29: =ORÇAMENTO!H636 -> 0.2122 | ... M29: =ORÇAMENTO!K636 -> 0.0002003815 | N29: =IF(F29=F28,IF(G29=G28,"OK!","ERRADO"),"DIFERENTE") -> OK! | O29: =IF(F29=F28,IF(I29=I28,"OK!","ERRADO"),"DIFERENTE") -> OK! | P29: =IF(F29=F28,IF(D29=D28,"OK!","ERRADO"),"DIFERENTE") -> OK!
B30: =IF(EXACT(D29,D30),B29,B29+1) -> 6 | C30: =ORÇAMENTO!A835 -> 7.1.2.4.20 | D30: =ORÇAMENTO!B835 -> 92830 | E30: =ORÇAMENTO!C835 -> SINAPI | F30: =ORÇAMENTO!D835 -> ASSENTAMENTO DE TUBO DE CONCRETO PARA REDES COLETORAS DE ÁGUAS PLUVIAIS, DIÂMETRO DE 1200 MM, JUNTA RÍGIDA, INSTALADO EM LOCAL COM ALTO NÍVEL DE INTERFERÊNCIAS (NÃO INCLUI FORNECIMENTO). AF_03/2024 | G30: =ORÇAMENTO!E835 -> M | H30: =ORÇAMENTO!F835 -> 309.31 | I30: =ORÇAMENTO!G835 -> 133.19 | J30: =ORÇAMENTO!H835 -> 0.2122 | ... M30: =ORÇAMENTO!K835 -> 0.0017654612 | N30: =IF(F30=F29,IF(G30=G29,"OK!","ERRADO"),"DIFERENTE") -> OK! | O30: =IF(F30=F29,IF(I30=I29,"OK!","ERRADO"),"DIFERENTE") -> OK! | P30: =IF(F30=F29,IF(D30=D29,"OK!","ERRADO"),"DIFERENTE") -> OK!
B31: =IF(EXACT(D30,D31),B30,B30+1) -> 7 | C31: =ORÇAMENTO!A1026 -> 8.6.9 | D31: =ORÇAMENTO!B1026 -> 92817 | E31: =ORÇAMENTO!C1026 -> SINAPI | F31: =ORÇAMENTO!D1026 -> ASSENTAMENTO DE TUBO DE CONCRETO PARA REDES COLETORAS DE ÁGUAS PLUVIAIS, DIÂMETRO DE 1200 MM, JUNTA RÍGIDA, INSTALADO EM LOCAL COM BAIXO NÍVEL DE INTERFERÊNCIAS (NÃO INCLUI FORNECIMENTO). AF_12/2015 | G31: =ORÇAMENTO!E1026 -> M | H31: =ORÇAMENTO!F1026 -> 11.2 | I31: =ORÇAMENTO!G1026 -> 121.12 | J31: =ORÇAMENTO!H1026 -> 0.2122 | ... M31: =ORÇAMENTO!K1026 -> 5.8133762e-05 | N31: =IF(F31=F30,IF(G31=G30,"OK!","ERRADO"),"DIFERENTE") -> DIFERENTE | O31: =IF(F31=F30,IF(I31=I30,"OK!","ERRADO"),"DIFERENTE") -> DIFERENTE | P31: =IF(F31=F30,IF(D31=D30,"OK!","ERRADO"),"DIFERENTE") -> DIFERENTE
B32: =IF(EXACT(D31,D32),B31,B31+1) -> 8 | C32: =ORÇAMENTO!A188 -> 4.1.2.4.21 | D32: =ORÇAMENTO!B188 -> 92832 | E32: =ORÇAMENTO!C188 -> SINAPI | F32: =ORÇAMENTO!D188 -> ASSENTAMENTO DE TUBO DE CONCRETO PARA REDES COLETORAS DE ÁGUAS PLUVIAIS, DIÂMETRO DE 1500 MM, JUNTA RÍGIDA, INSTALADO EM LOCAL COM ALTO NÍVEL DE INTERFERÊNCIAS (NÃO INCLUI FORNECIMENTO). AF_03/2024 | G32: =ORÇAMENTO!E188 -> M | H32: =ORÇAMENTO!F188 -> 488.31019 | I32: =ORÇAMENTO!G188 -> 172.74 | J32: =ORÇAMENTO!H188 -> 0.2122 | ... M32: =ORÇAMENTO!K188 -> 0.00361492 | N32: =IF(F32=F31,IF(G32=G31,"OK!","ERRADO"),"DIFERENTE") -> DIFERENTE | O32: =IF(F32=F31,IF(I32=I31,"OK!","ERRADO"),"DIFERENTE") -> DIFERENTE | P32: =IF(F32=F31,IF(D32=D31,"OK!","ERRADO"),"DIFERENTE") -> DIFERENTE
B33: =IF(EXACT(D32,D33),B32,B32+1) -> 8 | C33: =ORÇAMENTO!A427 -> 5.1.2.4.21 | D33: =ORÇAMENTO!B427 -> 92832 | E33: =ORÇAMENTO!C427 -> SINAPI | F33: =ORÇAMENTO!D427 -> ASSENTAMENTO DE TUBO DE CONCRETO PARA REDES COLETORAS DE ÁGUAS PLUVIAIS, DIÂMETRO DE 1500 MM, JUNTA RÍGIDA, INSTALADO EM LOCAL COM ALTO NÍVEL DE INTERFERÊNCIAS (NÃO INCLUI FORNECIMENTO). AF_03/2024 | G33: =ORÇAMENTO!E427 -> M | H33: =ORÇAMENTO!F427 -> 310.88 | I33: =ORÇAMENTO!G427 -> 172.74 | J33: =ORÇAMENTO!H427 -> 0.2122 | ... M33: =ORÇAMENTO!K427 -> 0.002301419 | N33: =IF(F33=F32,IF(G33=G32,"OK!","ERRADO"),"DIFERENTE") -> OK! | O33: =IF(F33=F32,IF(I33=I32,"OK!","ERRADO"),"DIFERENTE") -> OK! | P33: =IF(F33=F32,IF(D33=D32,"OK!","ERRADO"),"DIFERENTE") -> OK!
B34: =IF(EXACT(D33,D34),B33,B33+1) -> 8 | C34: =ORÇAMENTO!A637 -> 6.1.2.4.19 | D34: =ORÇAMENTO!B637 -> 92832 | E34: =ORÇAMENTO!C637 -> SINAPI | F34: =ORÇAMENTO!D637 -> ASSENTAMENTO DE TUBO DE CONCRETO PARA REDES COLETORAS DE ÁGUAS PLUVIAIS, DIÂMETRO DE 1500 MM, JUNTA RÍGIDA, INSTALADO EM LOCAL COM ALTO NÍVEL DE INTERFERÊNCIAS (NÃO INCLUI FORNECIMENTO). AF_03/2024 | G34: =ORÇAMENTO!E637 -> M | H34: =ORÇAMENTO!F637 -> 99.773216 | I34: =ORÇAMENTO!G637 -> 172.74 | J34: =ORÇAMENTO!H637 -> 0.2122 | ... M34: =ORÇAMENTO!K637 -> 0.00073861285 | N34: =IF(F34=F33,IF(G34=G33,"OK!","ERRADO"),"DIFERENTE") -> OK! | O34: =IF(F34=F33,IF(I34=I33,"OK!","ERRADO"),"DIFERENTE") -> OK! | P34: =IF(F34=F33,IF(D34=D33,"OK!","ERRADO"),"DIFERENTE") -> OK!
B35: =IF(EXACT(D34,D35),B34,B34+1) -> 8 | C35: =ORÇAMENTO!A836 -> 7.1.2.4.21 | D35: =ORÇAMENTO!B836 -> 92832 | E35: =ORÇAMENTO!C836 -> SINAPI | F35: =ORÇAMENTO!D836 -> ASSENTAMENTO DE TUBO DE CONCRETO PARA REDES COLETORAS DE ÁGUAS PLUVIAIS, DIÂMETRO DE 1500 MM, JUNTA RÍGIDA, INSTALADO EM LOCAL COM ALTO NÍVEL DE INTERFERÊNCIAS (NÃO INCLUI FORNECIMENTO). AF_03/2024 | G35: =ORÇAMENTO!E836 -> M | H35: =ORÇAMENTO!F836 -> 375.2 | I35: =ORÇAMENTO!G836 -> 172.74 | J35: =ORÇAMENTO!H836 -> 0.2122 | ... M35: =ORÇAMENTO!K836 -> 0.0027775747 | N35: =IF(F35=F34,IF(G35=G34,"OK!","ERRADO"),"DIFERENTE") -> OK! | O35: =IF(F35=F34,IF(I35=I34,"OK!","ERRADO"),"DIFERENTE") -> OK! | P35: =IF(F35=F34,IF(D35=D34,"OK!","ERRADO"),"DIFERENTE") -> OK!
B36: =IF(EXACT(D35,D36),B35,B35+1) -> 9 | C36: =ORÇAMENTO!A251 -> 4.1.2.6.49 | D36: =ORÇAMENTO!B251 -> 92821 | E36: =ORÇAMENTO!C251 -> SINAPI | F36: =ORÇAMENTO!D251 -> ASSENTAMENTO DE TUBO DE CONCRETO PARA REDES COLETORAS DE ÁGUAS PLUVIAIS, DIÂMETRO DE 400 MM, JUNTA RÍGIDA, INSTALADO EM LOCAL COM ALTO NÍVEL DE INTERFERÊNCIAS (NÃO INCLUI FORNECIMENTO). AF_03/2024 | G36: =ORÇAMENTO!E251 -> M | H36: =ORÇAMENTO!F251 -> 160.7 | I36: =ORÇAMENTO!G251 -> 38.11 | J36: =ORÇAMENTO!H251 -> 0.2122 | ... M36: =ORÇAMENTO!K251 -> 0.00026247267 | N36: =IF(F36=F35,IF(G36=G35,"OK!","ERRADO"),"DIFERENTE") -> DIFERENTE | O36: =IF(F36=F35,IF(I36=I35,"OK!","ERRADO"),"DIFERENTE") -> DIFERENTE | P36: =IF(F36=F35,IF(D36=D35,"OK!","ERRADO"),"DIFERENTE") -> DIFERENTE
B37: =IF(EXACT(D36,D37),B36,B36+1) -> 9 | C37: =ORÇAMENTO!A494 -> 5.1.2.6.50 | D37: =ORÇAMENTO!B494 -> 92821 | E37: =ORÇAMENTO!C494 -> SINAPI | F37: =ORÇAMENTO!D494 -> ASSENTAMENTO DE TUBO DE CONCRETO PARA REDES COLETORAS DE ÁGUAS PLUVIAIS, DIÂMETRO DE 400 MM, JUNTA RÍGIDA, INSTALADO EM LOCAL COM ALTO NÍVEL DE INTERFERÊNCIAS (NÃO INCLUI FORNECIMENTO). AF_03/2024 | G37: =ORÇAMENTO!E494 -> M | H37: =ORÇAMENTO!F494 -> 329.84 | I37: =ORÇAMENTO!G494 -> 38.11 | J37: =ORÇAMENTO!H494 -> 0.2122 | ... M37: =ORÇAMENTO!K494 -> 0.00053873018 | N37: =IF(F37=F36,IF(G37=G36,"OK!","ERRADO"),"DIFERENTE") -> OK! | O37: =IF(F37=F36,IF(I37=I36,"OK!","ERRADO"),"DIFERENTE") -> OK! | P37: =IF(F37=F36,IF(D37=D36,"OK!","ERRADO"),"DIFERENTE") -> OK!
B38: =IF(EXACT(D37,D38),B37,B37+1) -> 9 | C38: =ORÇAMENTO!A689 -> 6.1.2.6.42 | D38: =ORÇAMENTO!B689 -> 92821 | E38: =ORÇAMENTO!C689 -> SINAPI | F38: =ORÇAMENTO!D689 -> ASSENTAMENTO DE TUBO DE CONCRETO PARA REDES COLETORAS DE ÁGUAS PLUVIAIS, DIÂMETRO DE 400 MM, JUNTA RÍGIDA, INSTALADO EM LOCAL COM ALTO NÍVEL DE INTERFERÊNCIAS (NÃO INCLUI FORNECIMENTO). AF_03/2024 | G38: =ORÇAMENTO!E689 -> M | H38: =ORÇAMENTO!F689 -> 164.83 | I38: =ORÇAMENTO!G689 -> 38.11 | J38: =ORÇAMENTO!H689 -> 0.2122 | ... M38: =ORÇAMENTO!K689 -> 0.00026921802 | N38: =IF(F38=F37,IF(G38=G37,"OK!","ERRADO"),"DIFERENTE") -> OK! | O38: =IF(F38=F37,IF(I38=I37,"OK!","ERRADO"),"DIFERENTE") -> OK! | P38: =IF(F38=F37,IF(D38=D37,"OK!","ERRADO"),"DIFERENTE") -> OK!
B39: =IF(EXACT(D38,D39),B38,B38+1) -> 9 | C39: =ORÇAMENTO!A902 -> 7.1.2.6.49 | D39: =ORÇAMENTO!B902 -> 92821 | E39: =ORÇAMENTO!C902 -> SINAPI | F39: =ORÇAMENTO!D902 -> ASSENTAMENTO DE TUBO DE CONCRETO PARA REDES COLETORAS DE ÁGUAS PLUVIAIS, DIÂMETRO DE 400 MM, JUNTA RÍGIDA, INSTALADO EM LOCAL COM ALTO NÍVEL DE INTERFERÊNCIAS (NÃO INCLUI FORNECIMENTO). AF_03/2024 | G39: =ORÇAMENTO!E902 -> M | H39: =ORÇAMENTO!F902 -> 263.05 | I39: =ORÇAMENTO!G902 -> 38.11 | J39: =ORÇAMENTO!H902 -> 0.2122 | ... M39: =ORÇAMENTO!K902 -> 0.00042964179 | N39: =IF(F39=F38,IF(G39=G38,"OK!","ERRADO"),"DIFERENTE") -> OK! | O39: =IF(F39=F38,IF(I39=I38,"OK!","ERRADO"),"DIFERENTE") -> OK! | P39: =IF(F39=F38,IF(D39=D38,"OK!","ERRADO"),"DIFERENTE") -> OK!
B40: =IF(EXACT(D39,D40),B39,B39+1) -> 10 | C40: =ORÇAMENTO!A184 -> 4.1.2.4.17 | D40: =ORÇAMENTO!B184 -> 92824 | E40: =ORÇAMENTO!C184 -> SINAPI | F40: =ORÇAMENTO!D184 -> ASSENTAMENTO DE TUBO DE CONCRETO PARA REDES COLETORAS DE ÁGUAS PLUVIAIS, DIÂMETRO DE 600 MM, JUNTA RÍGIDA, INSTALADO EM LOCAL COM ALTO NÍVEL DE INTERFERÊNCIAS (NÃO INCLUI FORNECIMENTO). AF_03/2024 | G40: =ORÇAMENTO!E184 -> M | H40: =ORÇAMENTO!F184 -> 162.45238 | I40: =ORÇAMENTO!G184 -> 60.45 | J40: =ORÇAMENTO!H184 -> 0.2122 | ... M40: =ORÇAMENTO!K184 -> 0.00042086011 | N40: =IF(F40=F39,IF(G40=G39,"OK!","ERRADO"),"DIFERENTE") -> DIFERENTE | O40: =IF(F40=F39,IF(I40=I39,"OK!","ERRADO"),"DIFERENTE") -> DIFERENTE | P40: =IF(F40=F39,IF(D40=D39,"OK!","ERRADO"),"DIFERENTE") -> DIFERENTE
B41: =IF(EXACT(D40,D41),B40,B40+1) -> 10 | C41: =ORÇAMENTO!A423 -> 5.1.2.4.17 | D41: =ORÇAMENTO!B423 -> 92824 | E41: =ORÇAMENTO!C423 -> SINAPI | F41: =ORÇAMENTO!D423 -> ASSENTAMENTO DE TUBO DE CONCRETO PARA REDES COLETORAS DE ÁGUAS PLUVIAIS, DIÂMETRO DE 600 MM, JUNTA RÍGIDA, INSTALADO EM LOCAL COM ALTO NÍVEL DE INTERFERÊNCIAS (NÃO INCLUI FORNECIMENTO). AF_03/2024 | G41: =ORÇAMENTO!E423 -> M | H41: =ORÇAMENTO!F423 -> 519.99 | I41: =ORÇAMENTO!G423 -> 60.45 | J41: =ORÇAMENTO!H423 -> 0.2122 | ... M41: =ORÇAMENTO!K423 -> 0.001347121 | N41: =IF(F41=F40,IF(G41=G40,"OK!","ERRADO"),"DIFERENTE") -> OK! | O41: =IF(F41=F40,IF(I41=I40,"OK!","ERRADO"),"DIFERENTE") -> OK! | P41: =IF(F41=F40,IF(D41=D40,"OK!","ERRADO"),"DIFERENTE") -> OK!
B42: =IF(EXACT(D41,D42),B41,B41+1) -> 10 | C42: =ORÇAMENTO!A635 -> 6.1.2.4.17 | D42: =ORÇAMENTO!B635 -> 92824 | E42: =ORÇAMENTO!C635 -> SINAPI | F42: =ORÇAMENTO!D635 -> ASSENTAMENTO DE TUBO DE CONCRETO PARA REDES COLETORAS DE ÁGUAS PLUVIAIS, DIÂMETRO DE 600 MM, JUNTA RÍGIDA, INSTALADO EM LOCAL COM ALTO NÍVEL DE INTERFERÊNCIAS (NÃO INCLUI FORNECIMENTO). AF_03/2024 | G42: =ORÇAMENTO!E635 -> M | H42: =ORÇAMENTO!F635 -> 504 | I42: =ORÇAMENTO!G635 -> 60.45 | J42: =ORÇAMENTO!H635 -> 0.2122 | ... M42: =ORÇAMENTO!K635 -> 0.0013056961 | N42: =IF(F42=F41,IF(G42=G41,"OK!","ERRADO"),"DIFERENTE") -> OK! | O42: =IF(F42=F41,IF(I42=I41,"OK!","ERRADO"),"DIFERENTE") -> OK! | P42: =IF(F42=F41,IF(D42=D41,"OK!","ERRADO"),"DIFERENTE") -> OK!
B43: =IF(EXACT(D42,D43),B42,B42+1) -> 10 | C43: =ORÇAMENTO!A832 -> 7.1.2.4.17 | D43: =ORÇAMENTO!B832 -> 92824 | E43: =ORÇAMENTO!C832 -> SINAPI | F43: =ORÇAMENTO!D832 -> ASSENTAMENTO DE TUBO DE CONCRETO PARA REDES COLETORAS DE ÁGUAS PLUVIAIS, DIÂMETRO DE 600 MM, JUNTA RÍGIDA, INSTALADO EM LOCAL COM ALTO NÍVEL DE INTERFERÊNCIAS (NÃO INCLUI FORNECIMENTO). AF_03/2024 | G43: =ORÇAMENTO!E832 -> M | H43: =ORÇAMENTO!F832 -> 138.92 | I43: =ORÇAMENTO!G832 -> 60.45 | J43: =ORÇAMENTO!H832 -> 0.2122 | ... M43: =ORÇAMENTO!K832 -> 0.00035989528 | N43: =IF(F43=F42,IF(G43=G42,"OK!","ERRADO"),"DIFERENTE") -> OK! | O43: =IF(F43=F42,IF(I43=I42,"OK!","ERRADO"),"DIFERENTE") -> OK! | P43: =IF(F43=F42,IF(D43=D42,"OK!","ERRADO"),"DIFERENTE") -> OK!
B44: =IF(EXACT(D43,D44),B43,B43+1) -> 11 | C44: =ORÇAMENTO!A185 -> 4.1.2.4.18 | D44: =ORÇAMENTO!B185 -> 92826 | E44: =ORÇAMENTO!C185 -> SINAPI | F44: =ORÇAMENTO!D185 -> ASSENTAMENTO DE TUBO DE CONCRETO PARA REDES COLETORAS DE ÁGUAS PLUVIAIS, DIÂMETRO DE 800 MM, JUNTA RÍGIDA, INSTALADO EM LOCAL COM ALTO NÍVEL DE INTERFERÊNCIAS (NÃO INCLUI FORNECIMENTO). AF_03/2024 | G44: =ORÇAMENTO!E185 -> M | H44: =ORÇAMENTO!F185 -> 73 | I44: =ORÇAMENTO!G185 -> 83.73 | J44: =ORÇAMENTO!H185 -> 0.2122 | ... M44: =ORÇAMENTO!K185 -> 0.00026194768 | N44: =IF(F44=F43,IF(G44=G43,"OK!","ERRADO"),"DIFERENTE") -> DIFERENTE | O44: =IF(F44=F43,IF(I44=I43,"OK!","ERRADO"),"DIFERENTE") -> DIFERENTE | P44: =IF(F44=F43,IF(D44=D43,"OK!","ERRADO"),"DIFERENTE") -> DIFERENTE
B45: =IF(EXACT(D44,D45),B44,B44+1) -> 11 | C45: =ORÇAMENTO!A424 -> 5.1.2.4.18 | D45: =ORÇAMENTO!B424 -> 92826 | E45: =ORÇAMENTO!C424 -> SINAPI | F45: =ORÇAMENTO!D424 -> ASSENTAMENTO DE TUBO DE CONCRETO PARA REDES COLETORAS DE ÁGUAS PLUVIAIS, DIÂMETRO DE 800 MM, JUNTA RÍGIDA, INSTALADO EM LOCAL COM ALTO NÍVEL DE INTERFERÊNCIAS (NÃO INCLUI FORNECIMENTO). AF_03/2024 | G45: =ORÇAMENTO!E424 -> M | H45: =ORÇAMENTO!F424 -> 160.89 | I45: =ORÇAMENTO!G424 -> 83.73 | J45: =ORÇAMENTO!H424 -> 0.2122 | ... M45: =ORÇAMENTO!K424 -> 0.00057732611 | N45: =IF(F45=F44,IF(G45=G44,"OK!","ERRADO"),"DIFERENTE") -> OK! | O45: =IF(F45=F44,IF(I45=I44,"OK!","ERRADO"),"DIFERENTE") -> OK! | P45: =IF(F45=F44,IF(D45=D44,"OK!","ERRADO"),"DIFERENTE") -> OK!
B46: =IF(EXACT(D45,D46),B45,B45+1) -> 11 | C46: =ORÇAMENTO!A833 -> 7.1.2.4.18 | D46: =ORÇAMENTO!B833 -> 92826 | E46: =ORÇAMENTO!C833 -> SINAPI | F46: =ORÇAMENTO!D833 -> ASSENTAMENTO DE TUBO DE CONCRETO PARA REDES COLETORAS DE ÁGUAS PLUVIAIS, DIÂMETRO DE 800 MM, JUNTA RÍGIDA, INSTALADO EM LOCAL COM ALTO NÍVEL DE INTERFERÊNCIAS (NÃO INCLUI FORNECIMENTO). AF_03/2024 | G46: =ORÇAMENTO!E833 -> M | H46: =ORÇAMENTO!F833 -> 140.28 | I46: =ORÇAMENTO!G833 -> 83.73 | J46: =ORÇAMENTO!H833 -> 0.2122 | ... M46: =ORÇAMENTO!K833 -> 0.00050337082 | N46: =IF(F46=F45,IF(G46=G45,"OK!","ERRADO"),"DIFERENTE") -> OK! | O46: =IF(F46=F45,IF(I46=I45,"OK!","ERRADO"),"DIFERENTE") -> OK! | P46: =IF(F46=F45,IF(D46=D45,"OK!","ERRADO"),"DIFERENTE") -> OK!
B47: =IF(EXACT(D46,D47),B46,B46+1) -> 12 | C47: =ORÇAMENTO!A100 -> 4.1.1.1.11 | D47: =ORÇAMENTO!B100 -> 5213836 | E47: =ORÇAMENTO!C100 -> SICRO3 | F47: =ORÇAMENTO!D100 -> BALIZADOR CÔNICO REFLETIVO EM POLIETILENO SEMIFLEXÍVEL DE 114 X 11 X 40 CM - UTILIZAÇÃO DE 150 CICLOS - FORNECIMENTO, 01 IMPLANTAÇÃO E 01 RETIRADA DIÁRIA | G47: =ORÇAMENTO!E100 -> UN.DIA | H47: =ORÇAMENTO!F100 -> 1107 | I47: =ORÇAMENTO!G100 -> 1.25 | J47: =ORÇAMENTO!H100 -> 0.2122 | ... M47: =ORÇAMENTO!K100 -> 5.9486367e-05 | N47: =IF(F47=F46,IF(G47=G46,"OK!","ERRADO"),"DIFERENTE") -> DIFERENTE | O47: =IF(F47=F46,IF(I47=I46,"OK!","ERRADO"),"DIFERENTE") -> DIFERENTE | P47: =IF(F47=F46,IF(D47=D46,"OK!","ERRADO"),"DIFERENTE") -> DIFERENTE
B48: =IF(EXACT(D47,D48),B47,B47+1) -> 12 | C48: =ORÇAMENTO!A341 -> 5.1.1.1.11 | D48: =ORÇAMENTO!B341 -> 5213836 | E48: =ORÇAMENTO!C341 -> SICRO3 | F48: =ORÇAMENTO!D341 -> BALIZADOR CÔNICO REFLETIVO EM POLIETILENO SEMIFLEXÍVEL DE 114 X 11 X 40 CM - UTILIZAÇÃO DE 150 CICLOS - FORNECIMENTO, 01 IMPLANTAÇÃO E 01 RETIRADA DIÁRIA | G48: =ORÇAMENTO!E341 -> UN.DIA | H48: =ORÇAMENTO!F341 -> 1923 | I48: =ORÇAMENTO!G341 -> 1.25 | J48: =ORÇAMENTO!H341 -> 0.2122 | ... M48: =ORÇAMENTO!K341 -> 0.0001033354 | N48: =IF(F48=F47,IF(G48=G47,"OK!","ERRADO"),"DIFERENTE") -> OK! | O48: =IF(F48=F47,IF(I48=I47,"OK!","ERRADO"),"DIFERENTE") -> OK! | P48: =IF(F48=F47,IF(D48=D47,"OK!","ERRADO"),"DIFERENTE") -> OK!
B49: =IF(EXACT(D48,D49),B48,B48+1) -> 12 | C49: =ORÇAMENTO!A554 -> 6.1.1.1.11 | D49: =ORÇAMENTO!B554 -> 5213836 | E49: =ORÇAMENTO!C554 -> SICRO3 | F49: =ORÇAMENTO!D554 -> BALIZADOR CÔNICO REFLETIVO EM POLIETILENO SEMIFLEXÍVEL DE 114 X 11 X 40 CM - UTILIZAÇÃO DE 150 CICLOS - FORNECIMENTO, 01 IMPLANTAÇÃO E 01 RETIRADA DIÁRIA | G49: =ORÇAMENTO!E554 -> UN.DIA | H49: =ORÇAMENTO!F554 -> 643 | I49: =ORÇAMENTO!G554 -> 1.25 | J49: =ORÇAMENTO!H554 -> 0.2122 | ... M49: =ORÇAMENTO!K554 -> 3.4552605e-05 | N49: =IF(F49=F48,IF(G49=G48,"OK!","ERRADO"),"DIFERENTE") -> OK! | O49: =IF(F49=F48,IF(I49=I48,"OK!","ERRADO"),"DIFERENTE") -> OK! | P49: =IF(F49=F48,IF(D49=D48,"OK!","ERRADO"),"DIFERENTE") -> OK!
B50: =IF(EXACT(D49,D50),B49,B49+1) -> 12 | C50: =ORÇAMENTO!A744 -> 7.1.1.1.11 | D50: =ORÇAMENTO!B744 -> 5213836 | E50: =ORÇAMENTO!C744 -> SICRO3 | F50: =ORÇAMENTO!D744 -> BALIZADOR CÔNICO REFLETIVO EM POLIETILENO SEMIFLEXÍVEL DE 114 X 11 X 40 CM - UTILIZAÇÃO DE 150 CICLOS - FORNECIMENTO, 01 IMPLANTAÇÃO E 01 RETIRADA DIÁRIA | G50: =ORÇAMENTO!E744 -> UN.DIA | H50: =ORÇAMENTO!F744 -> 2340 | I50: =ORÇAMENTO!G744 -> 1.25 | J50: =ORÇAMENTO!H744 -> 0.2122 | ... M50: =ORÇAMENTO!K744 -> 0.00012574354 | N50: =IF(F50=F49,IF(G50=G49,"OK!","ERRADO"),"DIFERENTE") -> OK! | O50: =IF(F50=F49,IF(I50=I49,"OK!","ERRADO"),"DIFERENTE") -> OK! | P50: =IF(F50=F49,IF(D50=D49,"OK!","ERRADO"),"DIFERENTE") -> OK!
B51: =IF(EXACT(D50,D51),B50,B50+1) -> 12 | C51: =ORÇAMENTO!A1044 -> 8.8.8 | D51: =ORÇAMENTO!B1044 -> 5213836 | E51: =ORÇAMENTO!C1044 -> SICRO3 | F51: =ORÇAMENTO!D1044 -> BALIZADOR CÔNICO REFLETIVO EM POLIETILENO SEMIFLEXÍVEL DE 114 X 11 X 40 CM - UTILIZAÇÃO DE 150 CICLOS - FORNECIMENTO, 01 IMPLANTAÇÃO E 01 RETIRADA DIÁRIA | G51: =ORÇAMENTO!E1044 -> UN.DIA | H51: =ORÇAMENTO!F1044 -> 25 | I51: =ORÇAMENTO!G1044 -> 1.25 | J51: =ORÇAMENTO!H1044 -> 0.2122 | ... M51: =ORÇAMENTO!K1044 -> 1.3434139e-06 | N51: =IF(F51=F50,IF(G51=G50,"OK!","ERRADO"),"DIFERENTE") -> OK! | O51: =IF(F51=F50,IF(I51=I50,"OK!","ERRADO"),"DIFERENTE") -> OK! | P51: =IF(F51=F50,IF(D51=D50,"OK!","ERRADO"),"DIFERENTE") -> OK!
B52: =IF(EXACT(D51,D52),B51,B51+1) -> 13 | C52: =ORÇAMENTO!A98 -> 4.1.1.1.9 | D52: =ORÇAMENTO!B98 -> 5213346 | E52: =ORÇAMENTO!C98 -> SICRO3 | F52: =ORÇAMENTO!D98 -> BARREIRA DE SINALIZAÇÃO TIPO III DE DIRECIONAMENTO OU BLOQUEIO - UTILIZAÇÃO DE 150 CICLOS - FORNECIMENTO, 01 IMPLANTAÇÃO E 01 RETIRADA DIÁRIA | G52: =ORÇAMENTO!E98 -> UN.DIA | H52: =ORÇAMENTO!F98 -> 222 | I52: =ORÇAMENTO!G98 -> 8.06 | J52: =ORÇAMENTO!H98 -> 0.2122 | ... M52: =ORÇAMENTO!K98 -> 7.667853e-05 | N52: =IF(F52=F51,IF(G52=G51,"OK!","ERRADO"),"DIFERENTE") -> DIFERENTE | O52: =IF(F52=F51,IF(I52=I51,"OK!","ERRADO"),"DIFERENTE") -> DIFERENTE | P52: =IF(F52=F51,IF(D52=D51,"OK!","ERRADO"),"DIFERENTE") -> DIFERENTE
B53: =IF(EXACT(D52,D53),B52,B52+1) -> 13 | C53: =ORÇAMENTO!A339 -> 5.1.1.1.9 | D53: =ORÇAMENTO!B339 -> 5213346 | E53: =ORÇAMENTO!C339 -> SICRO3 | F53: =ORÇAMENTO!D339 -> BARREIRA DE SINALIZAÇÃO TIPO III DE DIRECIONAMENTO OU BLOQUEIO - UTILIZAÇÃO DE 150 CICLOS - FORNECIMENTO, 01 IMPLANTAÇÃO E 01 RETIRADA DIÁRIA | G53: =ORÇAMENTO!E339 -> UN.DIA | H53: =ORÇAMENTO!F339 -> 385 | I53: =ORÇAMENTO!G339 -> 8.06 | J53: =ORÇAMENTO!H339 -> 0.2122 | ... M53: =ORÇAMENTO!K339 -> 0.00013297853 | N53: =IF(F53=F52,IF(G53=G52,"OK!","ERRADO"),"DIFERENTE") -> OK! | O53: =IF(F53=F52,IF(I53=I52,"OK!","ERRADO"),"DIFERENTE") -> OK! | P53: =IF(F53=F52,IF(D53=D52,"OK!","ERRADO"),"DIFERENTE") -> OK!
B54: =IF(EXACT(D53,D54),B53,B53+1) -> 13 | C54: =ORÇAMENTO!A552 -> 6.1.1.1.9 | D54: =ORÇAMENTO!B552 -> 5213346 | E54: =ORÇAMENTO!C552 -> SICRO3 | F54: =ORÇAMENTO!D552 -> BARREIRA DE SINALIZAÇÃO TIPO III DE DIRECIONAMENTO OU BLOQUEIO - UTILIZAÇÃO DE 150 CICLOS - FORNECIMENTO, 01 IMPLANTAÇÃO E 01 RETIRADA DIÁRIA | G54: =ORÇAMENTO!E552 -> UN.DIA | H54: =ORÇAMENTO!F552 -> 129 | I54: =ORÇAMENTO!G552 -> 8.06 | J54: =ORÇAMENTO!H552 -> 0.2122 | ... M54: =ORÇAMENTO!K552 -> 4.4556443e-05 | N54: =IF(F54=F53,IF(G54=G53,"OK!","ERRADO"),"DIFERENTE") -> OK! | O54: =IF(F54=F53,IF(I54=I53,"OK!","ERRADO"),"DIFERENTE") -> OK! | P54: =IF(F54=F53,IF(D54=D53,"OK!","ERRADO"),"DIFERENTE") -> OK!
B55: =IF(EXACT(D54,D55),B54,B54+1) -> 13 | C55: =ORÇAMENTO!A742 -> 7.1.1.1.9 | D55: =ORÇAMENTO!B742 -> 5213346 | E55: =ORÇAMENTO!C742 -> SICRO3 | F55: =ORÇAMENTO!D742 -> BARREIRA DE SINALIZAÇÃO TIPO III DE DIRECIONAMENTO OU BLOQUEIO - UTILIZAÇÃO DE 150 CICLOS - FORNECIMENTO, 01 IMPLANTAÇÃO E 01 RETIRADA DIÁRIA | G55: =ORÇAMENTO!E742 -> UN.DIA | H55: =ORÇAMENTO!F742 -> 468 | I55: =ORÇAMENTO!G742 -> 8.06 | J55: =ORÇAMENTO!H742 -> 0.2122 | ... M55: =ORÇAMENTO!K742 -> 0.00016164663 | N55: =IF(F55=F54,IF(G55=G54,"OK!","ERRADO"),"DIFERENTE") -> OK! | O55: =IF(F55=F54,IF(I55=I54,"OK!","ERRADO"),"DIFERENTE") -> OK! | P55: =IF(F55=F54,IF(D55=D54,"OK!","ERRADO"),"DIFERENTE") -> OK!
B56: =IF(EXACT(D55,D56),B55,B55+1) -> 13 | C56: =ORÇAMENTO!A1042 -> 8.8.6 | D56: =ORÇAMENTO!B1042 -> 5213346 | E56: =ORÇAMENTO!C1042 -> SICRO3 | F56: =ORÇAMENTO!D1042 -> BARREIRA DE SINALIZAÇÃO TIPO III DE DIRECIONAMENTO OU BLOQUEIO - UTILIZAÇÃO DE 150 CICLOS - FORNECIMENTO, 01 IMPLANTAÇÃO E 01 RETIRADA DIÁRIA | G56: =ORÇAMENTO!E1042 -> UN.DIA | H56: =ORÇAMENTO!F1042 -> 5 | I56: =ORÇAMENTO!G1042 -> 8.06 | J56: =ORÇAMENTO!H1042 -> 0.2122 | ... M56: =ORÇAMENTO!K1042 -> 1.7269939e-06 | N56: =IF(F56=F55,IF(G56=G55,"OK!","ERRADO"),"DIFERENTE") -> OK! | O56: =IF(F56=F55,IF(I56=I55,"OK!","ERRADO"),"DIFERENTE") -> OK! | P56: =IF(F56=F55,IF(D56=D55,"OK!","ERRADO"),"DIFERENTE") -> OK!
B57: =IF(EXACT(D56,D57),B56,B56+1) -> 14 | C57: =ORÇAMENTO!A171 -> 4.1.2.4.4 | D57: =ORÇAMENTO!B171 -> 4011276 | E57: =ORÇAMENTO!C171 -> SICRO3 | F57: =ORÇAMENTO!D171 -> BASE OU SUB-BASE DE BRITA GRADUADA COM BRITA COMERCIAL | G57: =ORÇAMENTO!E171 -> M³ | H57: =ORÇAMENTO!F171 -> 267.51512 | I57: =ORÇAMENTO!G171 -> 208.42 | J57: =ORÇAMENTO!H171 -> 0.2122 | ... M57: =ORÇAMENTO!K171 -> 0.0023894274 | N57: =IF(F57=F56,IF(G57=G56,"OK!","ERRADO"),"DIFERENTE") -> DIFERENTE | O57: =IF(F57=F56,IF(I57=I56,"OK!","ERRADO"),"DIFERENTE") -> DIFERENTE | P57: =IF(F57=F56,IF(D57=D56,"OK!","ERRADO"),"DIFERENTE") -> DIFERENTE
B58: =IF(EXACT(D57,D58),B57,B57+1) -> 14 | C58: =ORÇAMENTO!A234 -> 4.1.2.6.32 | D58: =ORÇAMENTO!B234 -> 4011276 | E58: =ORÇAMENTO!C234 -> SICRO3 | F58: =ORÇAMENTO!D234 -> BASE OU SUB-BASE DE BRITA GRADUADA COM BRITA COMERCIAL | G58: =ORÇAMENTO!E234 -> M³ | H58: =ORÇAMENTO!F234 -> 33.9 | I58: =ORÇAMENTO!G234 -> 208.42 | J58: =ORÇAMENTO!H234 -> 0.2122 | ... M58: =ORÇAMENTO!K234 -> 0.00030279241 | N58: =IF(F58=F57,IF(G58=G57,"OK!","ERRADO"),"DIFERENTE") -> OK! | O58: =IF(F58=F57,IF(I58=I57,"OK!","ERRADO"),"DIFERENTE") -> OK! | P58: =IF(F58=F57,IF(D58=D57,"OK!","ERRADO"),"DIFERENTE") -> OK!
B59: =IF(EXACT(D58,D59),B58,B58+1) -> 14 | C59: =ORÇAMENTO!A283 -> 4.2.4.4 | D59: =ORÇAMENTO!B283 -> 4011276 | E59: =ORÇAMENTO!C283 -> SICRO3 | F59: =ORÇAMENTO!D283 -> BASE OU SUB-BASE DE BRITA GRADUADA COM BRITA COMERCIAL | G59: =ORÇAMENTO!E283 -> M³ | H59: =ORÇAMENTO!F283 -> 582.17 | I59: =ORÇAMENTO!G283 -> 208.42 | J59: =ORÇAMENTO!H283 -> 0.2122 | ... M59: =ORÇAMENTO!K283 -> 0.0051999044 | N59: =IF(F59=F58,IF(G59=G58,"OK!","ERRADO"),"DIFERENTE") -> OK! | O59: =IF(F59=F58,IF(I59=I58,"OK!","ERRADO"),"DIFERENTE") -> OK! | P59: =IF(F59=F58,IF(D59=D58,"OK!","ERRADO"),"DIFERENTE") -> OK!
B60: =IF(EXACT(D59,D60),B59,B59+1) -> 14 | C60: =ORÇAMENTO!A314 -> 4.4.10 | D60: =ORÇAMENTO!B314 -> 4011276 | E60: =ORÇAMENTO!C314 -> SICRO3 | F60: =ORÇAMENTO!D314 -> BASE OU SUB-BASE DE BRITA GRADUADA COM BRITA COMERCIAL | G60: =ORÇAMENTO!E314 -> M³ | H60: =ORÇAMENTO!F314 -> 4.9681912 | I60: =ORÇAMENTO!G314 -> 208.42 | J60: =ORÇAMENTO!H314 -> 0.2122 | ... M60: =ORÇAMENTO!K314 -> 4.4375436e-05 | N60: =IF(F60=F59,IF(G60=G59,"OK!","ERRADO"),"DIFERENTE") -> OK! | O60: =IF(F60=F59,IF(I60=I59,"OK!","ERRADO"),"DIFERENTE") -> OK! | P60: =IF(F60=F59,IF(D60=D59,"OK!","ERRADO"),"DIFERENTE") -> OK!
B61: =IF(EXACT(D60,D61),B60,B60+1) -> 14 | C61: =ORÇAMENTO!A410 -> 5.1.2.4.4 | D61: =ORÇAMENTO!B410 -> 4011276 | E61: =ORÇAMENTO!C410 -> SICRO3 | F61: =ORÇAMENTO!D410 -> BASE OU SUB-BASE DE BRITA GRADUADA COM BRITA COMERCIAL | G61: =ORÇAMENTO!E410 -> M³ | H61: =ORÇAMENTO!F410 -> 486.97635 | I61: =ORÇAMENTO!G410 -> 208.42 | J61: =ORÇAMENTO!H410 -> 0.2122 | ... M61: =ORÇAMENTO!K410 -> 0.0043496408 | N61: =IF(F61=F60,IF(G61=G60,"OK!","ERRADO"),"DIFERENTE") -> OK! | O61: =IF(F61=F60,IF(I61=I60,"OK!","ERRADO"),"DIFERENTE") -> OK! | P61: =IF(F61=F60,IF(D61=D60,"OK!","ERRADO"),"DIFERENTE") -> OK!
B62: =IF(EXACT(D61,D62),B61,B61+1) -> 14 | C62: =ORÇAMENTO!A477 -> 5.1.2.6.33 | D62: =ORÇAMENTO!B477 -> 4011276 | E62: =ORÇAMENTO!C477 -> SICRO3 | F62: =ORÇAMENTO!D477 -> BASE OU SUB-BASE DE BRITA GRADUADA COM BRITA COMERCIAL | G62: =ORÇAMENTO!E477 -> M³ | H62: =ORÇAMENTO!F477 -> 22.51 | I62: =ORÇAMENTO!G477 -> 208.42 | J62: =ORÇAMENTO!H477 -> 0.2122 | ... M62: =ORÇAMENTO!K477 -> 0.0002010578 | N62: =IF(F62=F61,IF(G62=G61,"OK!","ERRADO"),"DIFERENTE") -> OK! | O62: =IF(F62=F61,IF(I62=I61,"OK!","ERRADO"),"DIFERENTE") -> OK! | P62: =IF(F62=F61,IF(D62=D61,"OK!","ERRADO"),"DIFERENTE") -> OK!
B63: =IF(EXACT(D62,D63),B62,B62+1) -> 14 | C63: =ORÇAMENTO!A527 -> 5.4.10 | D63: =ORÇAMENTO!B527 -> 4011276 | E63: =ORÇAMENTO!C527 -> SICRO3 | F63: =ORÇAMENTO!D527 -> BASE OU SUB-BASE DE BRITA GRADUADA COM BRITA COMERCIAL | G63: =ORÇAMENTO!E527 -> M³ | H63: =ORÇAMENTO!F527 -> 1.774354 | I63: =ORÇAMENTO!G527 -> 208.42 | J63: =ORÇAMENTO!H527 -> 0.2122 | ... M63: =ORÇAMENTO!K527 -> 1.5848395e-05 | N63: =IF(F63=F62,IF(G63=G62,"OK!","ERRADO"),"DIFERENTE") -> OK! | O63: =IF(F63=F62,IF(I63=I62,"OK!","ERRADO"),"DIFERENTE") -> OK! | P63: =IF(F63=F62,IF(D63=D62,"OK!","ERRADO"),"DIFERENTE") -> OK!
B64: =IF(EXACT(D63,D64),B63,B63+1) -> 14 | C64: =ORÇAMENTO!A622 -> 6.1.2.4.4 | D64: =ORÇAMENTO!B622 -> 4011276 | E64: =ORÇAMENTO!C622 -> SICRO3 | F64: =ORÇAMENTO!D622 -> BASE OU SUB-BASE DE BRITA GRADUADA COM BRITA COMERCIAL | G64: =ORÇAMENTO!E622 -> M³ | H64: =ORÇAMENTO!F622 -> 156.33687 | I64: =ORÇAMENTO!G622 -> 208.42 | J64: =ORÇAMENTO!H622 -> 0.2122 | ... M64: =ORÇAMENTO!K622 -> 0.0013963904 | N64: =IF(F64=F63,IF(G64=G63,"OK!","ERRADO"),"DIFERENTE") -> OK! | O64: =IF(F64=F63,IF(I64=I63,"OK!","ERRADO"),"DIFERENTE") -> OK! | P64: =IF(F64=F63,IF(D64=D63,"OK!","ERRADO"),"DIFERENTE") -> OK!
B65: =IF(EXACT(D64,D65),B64,B64+1) -> 14 | C65: =ORÇAMENTO!A672 -> 6.1.2.6.25 | D65: =ORÇAMENTO!B672 -> 4011276 | E65: =ORÇAMENTO!C672 -> SICRO3 | F65: =ORÇAMENTO!D672 -> BASE OU SUB-BASE DE BRITA GRADUADA COM BRITA COMERCIAL | G65: =ORÇAMENTO!E672 -> M³ | H65: =ORÇAMENTO!F672 -> 7.12 | I65: =ORÇAMENTO!G672 -> 208.42 | J65: =ORÇAMENTO!H672 -> 0.2122 | ... M65: =ORÇAMENTO!K672 -> 6.3595093e-05 | N65: =IF(F65=F64,IF(G65=G64,"OK!","ERRADO"),"DIFERENTE") -> OK! | O65: =IF(F65=F64,IF(I65=I64,"OK!","ERRADO"),"DIFERENTE") -> OK! | P65: =IF(F65=F64,IF(D65=D64,"OK!","ERRADO"),"DIFERENTE") -> OK!
B66: =IF(EXACT(D65,D66),B65,B65+1) -> 14 | C66: =ORÇAMENTO!A719 -> 6.4.9 | D66: =ORÇAMENTO!B719 -> 4011276 | E66: =ORÇAMENTO!C719 -> SICRO3 | F66: =ORÇAMENTO!D719 -> BASE OU SUB-BASE DE BRITA GRADUADA COM BRITA COMERCIAL | G66: =ORÇAMENTO!E719 -> M³ | H66: =ORÇAMENTO!F719 -> 3.755716 | I66: =ORÇAMENTO!G719 -> 208.42 | J66: =ORÇAMENTO!H719 -> 0.2122 | ... M66: =ORÇAMENTO!K719 -> 3.3545752e-05 | N66: =IF(F66=F65,IF(G66=G65,"OK!","ERRADO"),"DIFERENTE") -> OK! | O66: =IF(F66=F65,IF(I66=I65,"OK!","ERRADO"),"DIFERENTE") -> OK! | P66: =IF(F66=F65,IF(D66=D65,"OK!","ERRADO"),"DIFERENTE") -> OK!
B67: =IF(EXACT(D66,D67),B66,B66+1) -> 14 | C67: =ORÇAMENTO!A819 -> 7.1.2.4.4 | D67: =ORÇAMENTO!B819 -> 4011276 | E67: =ORÇAMENTO!C819 -> SICRO3 | F67: =ORÇAMENTO!D819 -> BASE OU SUB-BASE DE BRITA GRADUADA COM BRITA COMERCIAL | G67: =ORÇAMENTO!E819 -> M³ | H67: =ORÇAMENTO!F819 -> 544.7892 | I67: =ORÇAMENTO!G819 -> 208.42 | J67: =ORÇAMENTO!H819 -> 0.2122 | ... M67: =ORÇAMENTO!K819 -> 0.0048660215 | N67: =IF(F67=F66,IF(G67=G66,"OK!","ERRADO"),"DIFERENTE") -> OK! | O67: =IF(F67=F66,IF(I67=I66,"OK!","ERRADO"),"DIFERENTE") -> OK! | P67: =IF(F67=F66,IF(D67=D66,"OK!","ERRADO"),"DIFERENTE") -> OK!
B68: =IF(EXACT(D67,D68),B67,B67+1) -> 14 | C68: =ORÇAMENTO!A885 -> 7.1.2.6.32 | D68: =ORÇAMENTO!B885 -> 4011276 | E68: =ORÇAMENTO!C885 -> SICRO3 | F68: =ORÇAMENTO!D885 -> BASE OU SUB-BASE DE BRITA GRADUADA COM BRITA COMERCIAL | G68: =ORÇAMENTO!E885 -> M³ | H68: =ORÇAMENTO!F885 -> 41.48 | I68: =ORÇAMENTO!G885 -> 208.42 | J68: =ORÇAMENTO!H885 -> 0.2122 | ... M68: =ORÇAMENTO!K885 -> 0.00037049658 | N68: =IF(F68=F67,IF(G68=G67,"OK!","ERRADO"),"DIFERENTE") -> OK! | O68: =IF(F68=F67,IF(I68=I67,"OK!","ERRADO"),"DIFERENTE") -> OK! | P68: =IF(F68=F67,IF(D68=D67,"OK!","ERRADO"),"DIFERENTE") -> OK!
B69: =IF(EXACT(D68,D69),B68,B68+1) -> 14 | C69: =ORÇAMENTO!A941 -> 7.4.9 | D69: =ORÇAMENTO!B941 -> 4011276 | E69: =ORÇAMENTO!C941 -> SICRO3 | F69: =ORÇAMENTO!D941 -> BASE OU SUB-BASE DE BRITA GRADUADA COM BRITA COMERCIAL | G69: =ORÇAMENTO!E941 -> M³ | H69: =ORÇAMENTO!F941 -> 3.1051195 | I69: =ORÇAMENTO!G941 -> 208.42 | J69: =ORÇAMENTO!H941 -> 0.2122 | ... M69: =ORÇAMENTO!K941 -> 2.7734426e-05 | N69: =IF(F69=F68,IF(G69=G68,"OK!","ERRADO"),"DIFERENTE") -> OK! | O69: =IF(F69=F68,IF(I69=I68,"OK!","ERRADO"),"DIFERENTE") -> OK! | P69: =IF(F69=F68,IF(D69=D68,"OK!","ERRADO"),"DIFERENTE") -> OK!
B70: =IF(EXACT(D69,D70),B69,B69+1) -> 14 | C70: =ORÇAMENTO!A972 -> 7.5.4.4 | D70: =ORÇAMENTO!B972 -> 4011276 | E70: =ORÇAMENTO!C972 -> SICRO3 | F70: =ORÇAMENTO!D972 -> BASE OU SUB-BASE DE BRITA GRADUADA COM BRITA COMERCIAL | G70: =ORÇAMENTO!E972 -> M³ | H70: =ORÇAMENTO!F972 -> 823.38 | I70: =ORÇAMENTO!G972 -> 208.42 | J70: =ORÇAMENTO!H972 -> 0.2122 | ... M70: =ORÇAMENTO!K972 -> 0.0073543762 | N70: =IF(F70=F69,IF(G70=G69,"OK!","ERRADO"),"DIFERENTE") -> OK! | O70: =IF(F70=F69,IF(I70=I69,"OK!","ERRADO"),"DIFERENTE") -> OK! | P70: =IF(F70=F69,IF(D70=D69,"OK!","ERRADO"),"DIFERENTE") -> OK!
B71: =IF(EXACT(D70,D71),B70,B70+1) -> 15 | C71: =ORÇAMENTO!A302 -> 4.3.2.1 | D71: =ORÇAMENTO!B302 -> 25.14.01 | E71: =ORÇAMENTO!C302 -> EMBASA | F71: =ORÇAMENTO!D302 -> BOMBEAMENTO DE POCO DE VISITA | G71: =ORÇAMENTO!E302 -> UN | H71: =ORÇAMENTO!F302 -> 55 | I71: =ORÇAMENTO!G302 -> 165.13 | J71: =ORÇAMENTO!H302 -> 0.2122 | ... M71: =ORÇAMENTO!K302 -> 0.00038921352 | N71: =IF(F71=F70,IF(G71=G70,"OK!","ERRADO"),"DIFERENTE") -> DIFERENTE | O71: =IF(F71=F70,IF(I71=I70,"OK!","ERRADO"),"DIFERENTE") -> DIFERENTE | P71: =IF(F71=F70,IF(D71=D70,"OK!","ERRADO"),"DIFERENTE") -> DIFERENTE
B72: =IF(EXACT(D71,D72),B71,B71+1) -> 15 | C72: =ORÇAMENTO!A515 -> 5.3.2.1 | D72: =ORÇAMENTO!B515 -> 25.14.01 | E72: =ORÇAMENTO!C515 -> EMBASA | F72: =ORÇAMENTO!D515 -> BOMBEAMENTO DE POCO DE VISITA | G72: =ORÇAMENTO!E515 -> UN | H72: =ORÇAMENTO!F515 -> 35 | I72: =ORÇAMENTO!G515 -> 165.13 | J72: =ORÇAMENTO!H515 -> 0.2122 | ... M72: =ORÇAMENTO!K515 -> 0.00024768133 | N72: =IF(F72=F71,IF(G72=G71,"OK!","ERRADO"),"DIFERENTE") -> OK! | O72: =IF(F72=F71,IF(I72=I71,"OK!","ERRADO"),"DIFERENTE") -> OK! | P72: =IF(F72=F71,IF(D72=D71,"OK!","ERRADO"),"DIFERENTE") -> OK!
B73: =IF(EXACT(D72,D73),B72,B72+1) -> 15 | C73: =ORÇAMENTO!A708 -> 6.3.2 | D73: =ORÇAMENTO!B708 -> 25.14.01 | E73: =ORÇAMENTO!C708 -> EMBASA | F73: =ORÇAMENTO!D708 -> BOMBEAMENTO DE POCO DE VISITA | G73: =ORÇAMENTO!E708 -> UN | H73: =ORÇAMENTO!F708 -> 68 | I73: =ORÇAMENTO!G708 -> 165.13 | J73: =ORÇAMENTO!H708 -> 0.2122 | ... M73: =ORÇAMENTO!K708 -> 0.00048120944 | N73: =IF(F73=F72,IF(G73=G72,"OK!","ERRADO"),"DIFERENTE") -> OK! | O73: =IF(F73=F72,IF(I73=I72,"OK!","ERRADO"),"DIFERENTE") -> OK! | P73: =IF(F73=F72,IF(D73=D72,"OK!","ERRADO"),"DIFERENTE") -> OK!
B74: =IF(EXACT(D73,D74),B73,B73+1) -> 15 | C74: =ORÇAMENTO!A930 -> 7.3.2.1 | D74: =ORÇAMENTO!B930 -> 25.14.01 | E74: =ORÇAMENTO!C930 -> EMBASA | F74: =ORÇAMENTO!D930 -> BOMBEAMENTO DE POCO DE VISITA | G74: =ORÇAMENTO!E930 -> UN | H74: =ORÇAMENTO!F930 -> 38 | I74: =ORÇAMENTO!G930 -> 165.13 | J74: =ORÇAMENTO!H930 -> 0.2122 | ... M74: =ORÇAMENTO!K930 -> 0.00026891116 | N74: =IF(F74=F73,IF(G74=G73,"OK!","ERRADO"),"DIFERENTE") -> OK! | O74: =IF(F74=F73,IF(I74=I73,"OK!","ERRADO"),"DIFERENTE") -> OK! | P74: =IF(F74=F73,IF(D74=D73,"OK!","ERRADO"),"DIFERENTE") -> OK!
B75: =IF(EXACT(D74,D75),B74,B74+1) -> 16 | C75: =ORÇAMENTO!A176 -> 4.1.2.4.9 | D75: =ORÇAMENTO!B176 -> M0344 | E75: =ORÇAMENTO!C176 -> SICRO3 | F75: =ORÇAMENTO!D176 -> CAL HIDRATADA - A GRANEL | G75: =ORÇAMENTO!E176 -> KG | H75: =ORÇAMENTO!F176 -> 51113.454 | I75: =ORÇAMENTO!G176 -> 0.5496 | J75: =ORÇAMENTO!H176 -> 0.111 | ... M75: =ORÇAMENTO!K176 -> 0.0011022782 | N75: =IF(F75=F74,IF(G75=G74,"OK!","ERRADO"),"DIFERENTE") -> DIFERENTE | O75: =IF(F75=F74,IF(I75=I74,"OK!","ERRADO"),"DIFERENTE") -> DIFERENTE | P75: =IF(F75=F74,IF(D75=D74,"OK!","ERRADO"),"DIFERENTE") -> DIFERENTE
B76: =IF(EXACT(D75,D76),B75,B75+1) -> 16 | C76: =ORÇAMENTO!A235 -> 4.1.2.6.33 | D76: =ORÇAMENTO!B235 -> M0344 | E76: =ORÇAMENTO!C235 -> SICRO3 | F76: =ORÇAMENTO!D235 -> CAL HIDRATADA - A GRANEL | G76: =ORÇAMENTO!E235 -> KG | H76: =ORÇAMENTO!F235 -> 5616.01 | I76: =ORÇAMENTO!G235 -> 0.5496 | J76: =ORÇAMENTO!H235 -> 0.111 | ... M76: =ORÇAMENTO!K235 -> 0.00012111088 | N76: =IF(F76=F75,IF(G76=G75,"OK!","ERRADO"),"DIFERENTE") -> OK! | O76: =IF(F76=F75,IF(I76=I75,"OK!","ERRADO"),"DIFERENTE") -> OK! | P76: =IF(F76=F75,IF(D76=D75,"OK!","ERRADO"),"DIFERENTE") -> OK!
B77: =IF(EXACT(D76,D77),B76,B76+1) -> 16 | C77: =ORÇAMENTO!A292 -> 4.2.4.13 | D77: =ORÇAMENTO!B292 -> M0344 | E77: =ORÇAMENTO!C292 -> SICRO3 | F77: =ORÇAMENTO!D292 -> CAL HIDRATADA - A GRANEL | G77: =ORÇAMENTO!E292 -> KG | H77: =ORÇAMENTO!F292 -> 420.77 | I77: =ORÇAMENTO!G292 -> 0.5496 | J77: =ORÇAMENTO!H292 -> 0.111 | ... M77: =ORÇAMENTO!K292 -> 9.0737003e-06 | N77: =IF(F77=F76,IF(G77=G76,"OK!","ERRADO"),"DIFERENTE") -> OK! | O77: =IF(F77=F76,IF(I77=I76,"OK!","ERRADO"),"DIFERENTE") -> OK! | P77: =IF(F77=F76,IF(D77=D76,"OK!","ERRADO"),"DIFERENTE") -> OK!
B78: =IF(EXACT(D77,D78),B77,B77+1) -> 16 | C78: =ORÇAMENTO!A326 -> 4.4.22 | D78: =ORÇAMENTO!B326 -> M0344 | E78: =ORÇAMENTO!C326 -> SICRO3 | F78: =ORÇAMENTO!D326 -> CAL HIDRATADA - A GRANEL | G78: =ORÇAMENTO!E326 -> KG | H78: =ORÇAMENTO!F326 -> 2.4840956 | I78: =ORÇAMENTO!G326 -> 0.5496 | J78: =ORÇAMENTO!H326 -> 0.111 | ... M78: =ORÇAMENTO!K326 -> 5.3383026e-08 | N78: =IF(F78=F77,IF(G78=G77,"OK!","ERRADO"),"DIFERENTE") -> OK! | O78: =IF(F78=F77,IF(I78=I77,"OK!","ERRADO"),"DIFERENTE") -> OK! | P78: =IF(F78=F77,IF(D78=D77,"OK!","ERRADO"),"DIFERENTE") -> OK!
B79: =IF(EXACT(D78,D79),B78,B78+1) -> 16 | C79: =ORÇAMENTO!A415 -> 5.1.2.4.9 | D79: =ORÇAMENTO!B415 -> M0344 | E79: =ORÇAMENTO!C415 -> SICRO3 | F79: =ORÇAMENTO!D415 -> CAL HIDRATADA - A GRANEL | G79: =ORÇAMENTO!E415 -> KG | H79: =ORÇAMENTO!F415 -> 64002.079 | I79: =ORÇAMENTO!G415 -> 0.5496 | J79: =ORÇAMENTO!H415 -> 0.111 | ... M79: =ORÇAMENTO!K415 -> 0.0013802256 | N79: =IF(F79=F78,IF(G79=G78,"OK!","ERRADO"),"DIFERENTE") -> OK! | O79: =IF(F79=F78,IF(I79=I78,"OK!","ERRADO"),"DIFERENTE") -> OK! | P79: =IF(F79=F78,IF(D79=D78,"OK!","ERRADO"),"DIFERENTE") -> OK!
B80: =IF(EXACT(D79,D80),B79,B79+1) -> 16 | C80: =ORÇAMENTO!A478 -> 5.1.2.6.34 | D80: =ORÇAMENTO!B478 -> M0344 | E80: =ORÇAMENTO!C478 -> SICRO3 | F80: =ORÇAMENTO!D478 -> CAL HIDRATADA - A GRANEL | G80: =ORÇAMENTO!E478 -> KG | H80: =ORÇAMENTO!F478 -> 2936.19 | I80: =ORÇAMENTO!G478 -> 0.5496 | J80: =ORÇAMENTO!H478 -> 0.111 | ... M80: =ORÇAMENTO!K478 -> 6.3319693e-05 | N80: =IF(F80=F79,IF(G80=G79,"OK!","ERRADO"),"DIFERENTE") -> OK! | O80: =IF(F80=F79,IF(I80=I79,"OK!","ERRADO"),"DIFERENTE") -> OK! | P80: =IF(F80=F79,IF(D80=D79,"OK!","ERRADO"),"DIFERENTE") -> OK!
B81: =IF(EXACT(D80,D81),B80,B80+1) -> 16 | C81: =ORÇAMENTO!A539 -> 5.4.22 | D81: =ORÇAMENTO!B539 -> M0344 | E81: =ORÇAMENTO!C539 -> SICRO3 | F81: =ORÇAMENTO!D539 -> CAL HIDRATADA - A GRANEL | G81: =ORÇAMENTO!E539 -> KG | H81: =ORÇAMENTO!F539 -> 1.014339 | I81: =ORÇAMENTO!G539 -> 0.5496 | J81: =ORÇAMENTO!H539 -> 0.111 | ... M81: =ORÇAMENTO!K539 -> 2.1565328e-08 | N81: =IF(F81=F80,IF(G81=G80,"OK!","ERRADO"),"DIFERENTE") -> OK! | O81: =IF(F81=F80,IF(I81=I80,"OK!","ERRADO"),"DIFERENTE") -> OK! | P81: =IF(F81=F80,IF(D81=D80,"OK!","ERRADO"),"DIFERENTE") -> OK!
B82: =IF(EXACT(D81,D82),B81,B81+1) -> 16 | C82: =ORÇAMENTO!A627 -> 6.1.2.4.9 | D82: =ORÇAMENTO!B627 -> M0344 | E82: =ORÇAMENTO!C627 -> SICRO3 | F82: =ORÇAMENTO!D627 -> CAL HIDRATADA - A GRANEL | G82: =ORÇAMENTO!E627 -> KG | H82: =ORÇAMENTO!F627 -> 16044.204 | I82: =ORÇAMENTO!G627 -> 0.5496 | J82: =ORÇAMENTO!H627 -> 0.111 | ... M82: =ORÇAMENTO!K627 -> 0.00034599837 | N82: =IF(F82=F81,IF(G82=G81,"OK!","ERRADO"),"DIFERENTE") -> OK! | O82: =IF(F82=F81,IF(I82=I81,"OK!","ERRADO"),"DIFERENTE") -> OK! | P82: =IF(F82=F81,IF(D82=D81,"OK!","ERRADO"),"DIFERENTE") -> OK!
B83: =IF(EXACT(D82,D83),B82,B82+1) -> 16 | C83: =ORÇAMENTO!A673 -> 6.1.2.6.26 | D83: =ORÇAMENTO!B673 -> M0344 | E83: =ORÇAMENTO!C673 -> SICRO3 | F83: =ORÇAMENTO!D673 -> CAL HIDRATADA - A GRANEL | G83: =ORÇAMENTO!E673 -> KG | H83: =ORÇAMENTO!F673 -> 738.32 | I83: =ORÇAMENTO!G673 -> 0.5496 | J83: =ORÇAMENTO!H673 -> 0.111 | ... M83: =ORÇAMENTO!K673 -> 1.5921929e-05 | N83: =IF(F83=F82,IF(G83=G82,"OK!","ERRADO"),"DIFERENTE") -> OK! | O83: =IF(F83=F82,IF(I83=I82,"OK!","ERRADO"),"DIFERENTE") -> OK! | P83: =IF(F83=F82,IF(D83=D82,"OK!","ERRADO"),"DIFERENTE") -> OK!
B84: =IF(EXACT(D83,D84),B83,B83+1) -> 16 | C84: =ORÇAMENTO!A729 -> 6.4.19 | D84: =ORÇAMENTO!B729 -> M0344 | E84: =ORÇAMENTO!C729 -> SICRO3 | F84: =ORÇAMENTO!D729 -> CAL HIDRATADA - A GRANEL | G84: =ORÇAMENTO!E729 -> KG | H84: =ORÇAMENTO!F729 -> 0.57962231 | I84: =ORÇAMENTO!G729 -> 0.5496 | J84: =ORÇAMENTO!H729 -> 0.111 | ... M84: =ORÇAMENTO!K729 -> 1.2373549e-08 | N84: =IF(F84=F83,IF(G84=G83,"OK!","ERRADO"),"DIFERENTE") -> OK! | O84: =IF(F84=F83,IF(I84=I83,"OK!","ERRADO"),"DIFERENTE") -> OK! | P84: =IF(F84=F83,IF(D84=D83,"OK!","ERRADO"),"DIFERENTE") -> OK!
B85: =IF(EXACT(D84,D85),B84,B84+1) -> 16 | C85: =ORÇAMENTO!A824 -> 7.1.2.4.9 | D85: =ORÇAMENTO!B824 -> M0344 | E85: =ORÇAMENTO!C824 -> SICRO3 | F85: =ORÇAMENTO!D824 -> CAL HIDRATADA - A GRANEL | G85: =ORÇAMENTO!E824 -> KG | H85: =ORÇAMENTO!F824 -> 105479.92 | I85: =ORÇAMENTO!G824 -> 0.5496 | J85: =ORÇAMENTO!H824 -> 0.111 | ... M85: =ORÇAMENTO!K824 -> 0.0022747091 | N85: =IF(F85=F84,IF(G85=G84,"OK!","ERRADO"),"DIFERENTE") -> OK! | O85: =IF(F85=F84,IF(I85=I84,"OK!","ERRADO"),"DIFERENTE") -> OK! | P85: =IF(F85=F84,IF(D85=D84,"OK!","ERRADO"),"DIFERENTE") -> OK!
B86: =IF(EXACT(D85,D86),B85,B85+1) -> 16 | C86: =ORÇAMENTO!A886 -> 7.1.2.6.33 | D86: =ORÇAMENTO!B886 -> M0344 | E86: =ORÇAMENTO!C886 -> SICRO3 | F86: =ORÇAMENTO!D886 -> CAL HIDRATADA - A GRANEL | G86: =ORÇAMENTO!E886 -> KG | H86: =ORÇAMENTO!F886 -> 11703.29 | I86: =ORÇAMENTO!G886 -> 0.5496 | J86: =ORÇAMENTO!H886 -> 0.111 | ... M86: =ORÇAMENTO!K886 -> 0.00025238505 | N86: =IF(F86=F85,IF(G86=G85,"OK!","ERRADO"),"DIFERENTE") -> OK! | O86: =IF(F86=F85,IF(I86=I85,"OK!","ERRADO"),"DIFERENTE") -> OK! | P86: =IF(F86=F85,IF(D86=D85,"OK!","ERRADO"),"DIFERENTE") -> OK!
B87: =IF(EXACT(D86,D87),B86,B86+1) -> 16 | C87: =ORÇAMENTO!A953 -> 7.4.21 | D87: =ORÇAMENTO!B953 -> M0344 | E87: =ORÇAMENTO!C953 -> SICRO3 | F87: =ORÇAMENTO!D953 -> CAL HIDRATADA - A GRANEL | G87: =ORÇAMENTO!E953 -> KG | H87: =ORÇAMENTO!F953 -> 0.93153585 | I87: =ORÇAMENTO!G953 -> 0.5496 | J87: =ORÇAMENTO!H953 -> 0.111 | ... M87: =ORÇAMENTO!K953 -> 1.9797678e-08 | N87: =IF(F87=F86,IF(G87=G86,"OK!","ERRADO"),"DIFERENTE") -> OK! | O87: =IF(F87=F86,IF(I87=I86,"OK!","ERRADO"),"DIFERENTE") -> OK! | P87: =IF(F87=F86,IF(D87=D86,"OK!","ERRADO"),"DIFERENTE") -> OK!
B88: =IF(EXACT(D87,D88),B87,B87+1) -> 16 | C88: =ORÇAMENTO!A981 -> 7.5.4.13 | D88: =ORÇAMENTO!B981 -> M0344 | E88: =ORÇAMENTO!C981 -> SICRO3 | F88: =ORÇAMENTO!D981 -> CAL HIDRATADA - A GRANEL | G88: =ORÇAMENTO!E981 -> KG | H88: =ORÇAMENTO!F981 -> 595.126 | I88: =ORÇAMENTO!G981 -> 0.5496 | J88: =ORÇAMENTO!H981 -> 0.111 | ... M88: =ORÇAMENTO!K981 -> 1.2833845e-05 | N88: =IF(F88=F87,IF(G88=G87,"OK!","ERRADO"),"DIFERENTE") -> OK! | O88: =IF(F88=F87,IF(I88=I87,"OK!","ERRADO"),"DIFERENTE") -> OK! | P88: =IF(F88=F87,IF(D88=D87,"OK!","ERRADO"),"DIFERENTE") -> OK!
B89: =IF(EXACT(D88,D89),B88,B88+1) -> 17 | C89: =ORÇAMENTO!A103 -> 4.1.1.2.2 | D89: =ORÇAMENTO!B103 -> 100983 | E89: =ORÇAMENTO!C103 -> SINAPI | F89: =ORÇAMENTO!D103 -> CARGA, MANOBRA E DESCARGA DE ENTULHO EM CAMINHÃO BASCULANTE 14 M³ - CARGA COM ESCAVADEIRA HIDRÁULICA (CAÇAMBA DE 0,80 M³ / 111 HP) E DESCARGA LIVRE (UNIDADE: M3). AF_07/2020 | G89: =ORÇAMENTO!E103 -> M³ | H89: =ORÇAMENTO!F103 -> 62.917475 | I89: =ORÇAMENTO!G103 -> 8.81 | J89: =ORÇAMENTO!H103 -> 0.2122 | ... M89: =ORÇAMENTO!K103 -> 2.3755446e-05 | N89: =IF(F89=F88,IF(G89=G88,"OK!","ERRADO"),"DIFERENTE") -> DIFERENTE | O89: =IF(F89=F88,IF(I89=I88,"OK!","ERRADO"),"DIFERENTE") -> DIFERENTE | P89: =IF(F89=F88,IF(D89=D88,"OK!","ERRADO"),"DIFERENTE") -> DIFERENTE
B90: =IF(EXACT(D89,D90),B89,B89+1) -> 17 | C90: =ORÇAMENTO!A109 -> 4.1.1.3.3 | D90: =ORÇAMENTO!B109 -> 100983 | E90: =ORÇAMENTO!C109 -> SINAPI | F90: =ORÇAMENTO!D109 -> CARGA, MANOBRA E DESCARGA DE ENTULHO EM CAMINHÃO BASCULANTE 14 M³ - CARGA COM ESCAVADEIRA HIDRÁULICA (CAÇAMBA DE 0,80 M³ / 111 HP) E DESCARGA LIVRE (UNIDADE: M3). AF_07/2020 | G90: =ORÇAMENTO!E109 -> M³ | H90: =ORÇAMENTO!F109 -> 33.887769 | I90: =ORÇAMENTO!G109 -> 8.81 | J90: =ORÇAMENTO!H109 -> 0.2122 | ... M90: =ORÇAMENTO!K109 -> 1.2794957e-05 | N90: =IF(F90=F89,IF(G90=G89,"OK!","ERRADO"),"DIFERENTE") -> OK! | O90: =IF(F90=F89,IF(I90=I89,"OK!","ERRADO"),"DIFERENTE") -> OK! | P90: =IF(F90=F89,IF(D90=D89,"OK!","ERRADO"),"DIFERENTE") -> OK!
B91: =IF(EXACT(D90,D91),B90,B90+1) -> 17 | C91: =ORÇAMENTO!A114 -> 4.1.1.4.2 | D91: =ORÇAMENTO!B114 -> 100983 | E91: =ORÇAMENTO!C114 -> SINAPI | F91: =ORÇAMENTO!D114 -> CARGA, MANOBRA E DESCARGA DE ENTULHO EM CAMINHÃO BASCULANTE 14 M³ - CARGA COM ESCAVADEIRA HIDRÁULICA (CAÇAMBA DE 0,80 M³ / 111 HP) E DESCARGA LIVRE (UNIDADE: M3). AF_07/2020 | G91: =ORÇAMENTO!E114 -> M³ | H91: =ORÇAMENTO!F114 -> 244.2379 | I91: =ORÇAMENTO!G114 -> 8.81 | J91: =ORÇAMENTO!H114 -> 0.2122 | ... M91: =ORÇAMENTO!K114 -> 9.2216879e-05 | N91: =IF(F91=F90,IF(G91=G90,"OK!","ERRADO"),"DIFERENTE") -> OK! | O91: =IF(F91=F90,IF(I91=I90,"OK!","ERRADO"),"DIFERENTE") -> OK! | P91: =IF(F91=F90,IF(D91=D90,"OK!","ERRADO"),"DIFERENTE") -> OK!
B92: =IF(EXACT(D91,D92),B91,B91+1) -> 17 | C92: =ORÇAMENTO!A122 -> 4.1.1.5.5 | D92: =ORÇAMENTO!B122 -> 100983 | E92: =ORÇAMENTO!C122 -> SINAPI | F92: =ORÇAMENTO!D122 -> CARGA, MANOBRA E DESCARGA DE ENTULHO EM CAMINHÃO BASCULANTE 14 M³ - CARGA COM ESCAVADEIRA HIDRÁULICA (CAÇAMBA DE 0,80 M³ / 111 HP) E DESCARGA LIVRE (UNIDADE: M3). AF_07/2020 | G92: =ORÇAMENTO!E122 -> M³ | H92: =ORÇAMENTO!F122 -> 24.976494 | I92: =ORÇAMENTO!G122 -> 8.81 | J92: =ORÇAMENTO!H122 -> 0.2122 | ... M92: =ORÇAMENTO!K122 -> 9.4300585e-06 | N92: =IF(F92=F91,IF(G92=G91,"OK!","ERRADO"),"DIFERENTE") -> OK! | O92: =IF(F92=F91,IF(I92=I91,"OK!","ERRADO"),"DIFERENTE") -> OK! | P92: =IF(F92=F91,IF(D92=D91,"OK!","ERRADO"),"DIFERENTE") -> OK!
B93: =IF(EXACT(D92,D93),B92,B92+1) -> 17 | C93: =ORÇAMENTO!A128 -> 4.1.1.6.3 | D93: =ORÇAMENTO!B128 -> 100983 | E93: =ORÇAMENTO!C128 -> SINAPI | F93: =ORÇAMENTO!D128 -> CARGA, MANOBRA E DESCARGA DE ENTULHO EM CAMINHÃO BASCULANTE 14 M³ - CARGA COM ESCAVADEIRA HIDRÁULICA (CAÇAMBA DE 0,80 M³ / 111 HP) E DESCARGA LIVRE (UNIDADE: M3). AF_07/2020 | G93: =ORÇAMENTO!E128 -> M³ | H93: =ORÇAMENTO!F128 -> 18.416 | I93: =ORÇAMENTO!G128 -> 8.81 | J93: =ORÇAMENTO!H128 -> 0.2122 | ... M93: =ORÇAMENTO!K128 -> 6.9532275e-06 | N93: =IF(F93=F92,IF(G93=G92,"OK!","ERRADO"),"DIFERENTE") -> OK! | O93: =IF(F93=F92,IF(I93=I92,"OK!","ERRADO"),"DIFERENTE") -> OK! | P93: =IF(F93=F92,IF(D93=D92,"OK!","ERRADO"),"DIFERENTE") -> OK!
B94: =IF(EXACT(D93,D94),B93,B93+1) -> 17 | C94: =ORÇAMENTO!A268 -> 4.2.1.2 | D94: =ORÇAMENTO!B268 -> 100983 | E94: =ORÇAMENTO!C268 -> SINAPI | F94: =ORÇAMENTO!D268 -> CARGA, MANOBRA E DESCARGA DE ENTULHO EM CAMINHÃO BASCULANTE 14 M³ - CARGA COM ESCAVADEIRA HIDRÁULICA (CAÇAMBA DE 0,80 M³ / 111 HP) E DESCARGA LIVRE (UNIDADE: M3). AF_07/2020 | G94: =ORÇAMENTO!E268 -> M³ | H94: =ORÇAMENTO!F268 -> 1202.2 | I94: =ORÇAMENTO!G268 -> 8.81 | J94: =ORÇAMENTO!H268 -> 0.2122 | ... M94: =ORÇAMENTO!K268 -> 0.00045391445 | N94: =IF(F94=F93,IF(G94=G93,"OK!","ERRADO"),"DIFERENTE") -> OK! | O94: =IF(F94=F93,IF(I94=I93,"OK!","ERRADO"),"DIFERENTE") -> OK! | P94: =IF(F94=F93,IF(D94=D93,"OK!","ERRADO"),"DIFERENTE") -> OK!
B95: =IF(EXACT(D94,D95),B94,B94+1) -> 17 | C95: =ORÇAMENTO!A318 -> 4.4.14 | D95: =ORÇAMENTO!B318 -> 100983 | E95: =ORÇAMENTO!C318 -> SINAPI | F95: =ORÇAMENTO!D318 -> CARGA, MANOBRA E DESCARGA DE ENTULHO EM CAMINHÃO BASCULANTE 14 M³ - CARGA COM ESCAVADEIRA HIDRÁULICA (CAÇAMBA DE 0,80 M³ / 111 HP) E DESCARGA LIVRE (UNIDADE: M3). AF_07/2020 | G95: =ORÇAMENTO!E318 -> M³ | H95: =ORÇAMENTO!F318 -> 1.2636 | I95: =ORÇAMENTO!G318 -> 8.81 | J95: =ORÇAMENTO!H318 -> 0.2122 | ... M95: =ORÇAMENTO!K318 -> 4.7691193e-07 | N95: =IF(F95=F94,IF(G95=G94,"OK!","ERRADO"),"DIFERENTE") -> OK! | O95: =IF(F95=F94,IF(I95=I94,"OK!","ERRADO"),"DIFERENTE") -> OK! | P95: =IF(F95=F94,IF(D95=D94,"OK!","ERRADO"),"DIFERENTE") -> OK!
B96: =IF(EXACT(D95,D96),B95,B95+1) -> 17 | C96: =ORÇAMENTO!A345 -> 5.1.1.2.2 | D96: =ORÇAMENTO!B345 -> 100983 | E96: =ORÇAMENTO!C345 -> SINAPI | F96: =ORÇAMENTO!D345 -> CARGA, MANOBRA E DESCARGA DE ENTULHO EM CAMINHÃO BASCULANTE 14 M³ - CARGA COM ESCAVADEIRA HIDRÁULICA (CAÇAMBA DE 0,80 M³ / 111 HP) E DESCARGA LIVRE (UNIDADE: M3). AF_07/2020 | G96: =ORÇAMENTO!E345 -> M³ | H96: =ORÇAMENTO!F345 -> 104.49702 | I96: =ORÇAMENTO!G345 -> 8.81 | J96: =ORÇAMENTO!H345 -> 0.2122 | ... M96: =ORÇAMENTO!K345 -> 3.9454652e-05 | N96: =IF(F96=F95,IF(G96=G95,"OK!","ERRADO"),"DIFERENTE") -> OK! | O96: =IF(F96=F95,IF(I96=I95,"OK!","ERRADO"),"DIFERENTE") -> OK! | P96: =IF(F96=F95,IF(D96=D95,"OK!","ERRADO"),"DIFERENTE") -> OK!
B97: =IF(EXACT(D96,D97),B96,B96+1) -> 17 | C97: =ORÇAMENTO!A351 -> 5.1.1.3.3 | D97: =ORÇAMENTO!B351 -> 100983 | E97: =ORÇAMENTO!C351 -> SINAPI | F97: =ORÇAMENTO!D351 -> CARGA, MANOBRA E DESCARGA DE ENTULHO EM CAMINHÃO BASCULANTE 14 M³ - CARGA COM ESCAVADEIRA HIDRÁULICA (CAÇAMBA DE 0,80 M³ / 111 HP) E DESCARGA LIVRE (UNIDADE: M3). AF_07/2020 | G97: =ORÇAMENTO!E351 -> M³ | H97: =ORÇAMENTO!F351 -> 56.550367 | I97: =ORÇAMENTO!G351 -> 8.81 | J97: =ORÇAMENTO!H351 -> 0.2122 | ... M97: =ORÇAMENTO!K351 -> 2.1351443e-05 | N97: =IF(F97=F96,IF(G97=G96,"OK!","ERRADO"),"DIFERENTE") -> OK! | O97: =IF(F97=F96,IF(I97=I96,"OK!","ERRADO"),"DIFERENTE") -> OK! | P97: =IF(F97=F96,IF(D97=D96,"OK!","ERRADO"),"DIFERENTE") -> OK!
B98: =IF(EXACT(D97,D98),B97,B97+1) -> 17 | C98: =ORÇAMENTO!A356 -> 5.1.1.4.2 | D98: =ORÇAMENTO!B356 -> 100983 | E98: =ORÇAMENTO!C356 -> SINAPI | F98: =ORÇAMENTO!D356 -> CARGA, MANOBRA E DESCARGA DE ENTULHO EM CAMINHÃO BASCULANTE 14 M³ - CARGA COM ESCAVADEIRA HIDRÁULICA (CAÇAMBA DE 0,80 M³ / 111 HP) E DESCARGA LIVRE (UNIDADE: M3). AF_07/2020 | G98: =ORÇAMENTO!E356 -> M³ | H98: =ORÇAMENTO!F356 -> 319.74166 | I98: =ORÇAMENTO!G356 -> 8.81 | J98: =ORÇAMENTO!H356 -> 0.2122 | ... M98: =ORÇAMENTO!K356 -> 0.00012072483 | N98: =IF(F98=F97,IF(G98=G97,"OK!","ERRADO"),"DIFERENTE") -> OK! | O98: =IF(F98=F97,IF(I98=I97,"OK!","ERRADO"),"DIFERENTE") -> OK! | P98: =IF(F98=F97,IF(D98=D97,"OK!","ERRADO"),"DIFERENTE") -> OK!
B99: =IF(EXACT(D98,D99),B98,B98+1) -> 17 | C99: =ORÇAMENTO!A364 -> 5.1.1.5.5 | D99: =ORÇAMENTO!B364 -> 100983 | E99: =ORÇAMENTO!C364 -> SINAPI | F99: =ORÇAMENTO!D364 -> CARGA, MANOBRA E DESCARGA DE ENTULHO EM CAMINHÃO BASCULANTE 14 M³ - CARGA COM ESCAVADEIRA HIDRÁULICA (CAÇAMBA DE 0,80 M³ / 111 HP) E DESCARGA LIVRE (UNIDADE: M3). AF_07/2020 | G99: =ORÇAMENTO!E364 -> M³ | H99: =ORÇAMENTO!F364 -> 1160.2351 | I99: =ORÇAMENTO!G364 -> 8.81 | J99: =ORÇAMENTO!H364 -> 0.2122 | ... M99: =ORÇAMENTO!K364 -> 0.00043806995 | N99: =IF(F99=F98,IF(G99=G98,"OK!","ERRADO"),"DIFERENTE") -> OK! | O99: =IF(F99=F98,IF(I99=I98,"OK!","ERRADO"),"DIFERENTE") -> OK! | P99: =IF(F99=F98,IF(D99=D98,"OK!","ERRADO"),"DIFERENTE") -> OK!
B100: =IF(EXACT(D99,D100),B99,B99+1) -> 17 | C100: =ORÇAMENTO!A370 -> 5.1.1.6.3 | D100: =ORÇAMENTO!B370 -> 100983 | E100: =ORÇAMENTO!C370 -> SINAPI | F100: =ORÇAMENTO!D370 -> CARGA, MANOBRA E DESCARGA DE ENTULHO EM CAMINHÃO BASCULANTE 14 M³ - CARGA COM ESCAVADEIRA HIDRÁULICA (CAÇAMBA DE 0,80 M³ / 111 HP) E DESCARGA LIVRE (UNIDADE: M3). AF_07/2020 | G100: =ORÇAMENTO!E370 -> M³ | H100: =ORÇAMENTO!F370 -> 30.958136 | I100: =ORÇAMENTO!G370 -> 8.81 | J100: =ORÇAMENTO!H370 -> 0.2122 | ... M100: =ORÇAMENTO!K370 -> 1.1688761e-05 | N100: =IF(F100=F99,IF(G100=G99,"OK!","ERRADO"),"DIFERENTE") -> OK! | O100: =IF(F100=F99,IF(I100=I99,"OK!","ERRADO"),"DIFERENTE") -> OK! | P100: =IF(F100=F99,IF(D100=D99,"OK!","ERRADO"),"DIFERENTE") -> OK!
...

Sheet CPUs
C1: Composições Analíticas com Preço Unitário | E1: Bancos | G1: B.D.I. | I1: Encargos Sociais
C2: REVISÃO E READEQUAÇÃO DOS PROJETOS EXECUTIVOS DE DRENAGEM NO SETOR HABITACIONAL MESTRE D'ARMAS, REGIÃO ADMINISTRATIVA DE PLANATINA - RA-PLAN, PELA SODF, NO DISTRITO FEDERAL - BLOCO 1 - LOTE 1 (ÁREA 1, 2, 3 E 4) CONTRATO: 21/2021- SODF - SEM DESONERAÇÃO | E2: SINAPI - 12/2024 - Distrito Federal SBC - 01/2025 - Distrito Federal SICRO3 - 10/2024 - Distrito Federal ORSE - 11/2024 - Sergipe SEINFRA - 028 - Ceará SIURB INFRA - 07/2024 - São Paulo AGESUL - 06/2024 - Mato Grosso do Sul EMBASA - 05/2024 - Bahia COMPESA - 07/2024 - Pernambuco EMOP - 12/2024 - Rio de Janeiro | G2: Padrão - 21,22% Material - 11,10% | I2: Sem Desoneração: Horista: 110,14% Mensalista: 70,04%
A4: Composições Principais
B5: Código | C5: Banco | D5: Descrição | E5: Tipo | G5: Und | H5: Quant. | I5: Valor Unit | J5: Total
A6: Composição | B6: 93568 | C6: SINAPI | D6: ENGENHEIRO CIVIL DE OBRA SENIOR COM ENCARGOS COMPLEMENTARES | E6: SEDI - SERVIÇOS DIVERSOS | G6: MES | H6: 1 | I6: 34812.77 | J6: 34812.77
A7: Composição Auxiliar | B7: 95418 | C7: SINAPI | D7: CURSO DE CAPACITAÇÃO PARA ENGENHEIRO CIVIL DE OBRA SÊNIOR (ENCARGOS COMPLEMENTARES) - MENSALISTA | E7: SEDI - SERVIÇOS DIVERSOS | G7: MES | H7: 1 | I7: 431.87 | J7: 431.87
A8: Insumo | B8: 00040814 | C8: SINAPI | D8: ENGENHEIRO CIVIL DE OBRA SENIOR (MENSALISTA) | E8: Mão de Obra | G8: MES | H8: 1 | I8: 33978.99 | J8: 33978.99
A9: Insumo | B9: 00040863 | C9: SINAPI | D9: EXAMES - MENSALISTA (COLETADO CAIXA - ENCARGOS COMPLEMENTARES) | E9: Material | G9: MES | H9: 1 | I9: 252.08 | J9: 252.08
A10: Insumo | B10: 00040864 | C10: SINAPI | D10: SEGURO - MENSALISTA (COLETADO CAIXA - ENCARGOS COMPLEMENTARES) | E10: Material | G10: MES | H10: 1 | I10: 7.31 | J10: 7.31
A11: Insumo | B11: 00043474 | C11: SINAPI | D11: FERRAMENTAS - FAMILIA ENGENHEIRO CIVIL - MENSALISTA (ENCARGOS COMPLEMENTARES - COLETADO CAIXA) | E11: Equipamento | G11: MES | H11: 1 | I11: 2.29 | J11: 2.29
A12: Insumo | B12: 00043498 | C12: SINAPI | D12: EPI - FAMILIA ENGENHEIRO CIVIL - MENSALISTA (ENCARGOS COMPLEMENTARES - COLETADO CAIXA) | E12: Equipamento | G12: MES | H12: 1 | I12: 140.23 | J12: 140.23
B14: Código | C14: Banco | D14: Descrição | E14: Tipo | G14: Und | H14: Quant. | I14: Valor Unit | J14: Total
A15: Composição | B15: 93567 | C15: SINAPI | D15: ENGENHEIRO CIVIL DE OBRA PLENO COM ENCARGOS COMPLEMENTARES | E15: SEDI - SERVIÇOS DIVERSOS | G15: MES | H15: 1 | I15: 24859.48 | J15: 24859.48
A16: Composição Auxiliar | B16: 95417 | C16: SINAPI | D16: CURSO DE CAPACITAÇÃO PARA ENGENHEIRO CIVIL DE OBRA PLENO (ENCARGOS COMPLEMENTARES) - MENSALISTA | E16: SEDI - SERVIÇOS DIVERSOS | G16: MES | H16: 1 | I16: 306.95 | J16: 306.95
A17: Insumo | B17: 00040813 | C17: SINAPI | D17: ENGENHEIRO CIVIL DE OBRA PLENO (MENSALISTA) | E17: Mão de Obra | G17: MES | H17: 1 | I17: 24150.62 | J17: 24150.62
A18: Insumo | B18: 00040863 | C18: SINAPI | D18: EXAMES - MENSALISTA (COLETADO CAIXA - ENCARGOS COMPLEMENTARES) | E18: Material | G18: MES | H18: 1 | I18: 252.08 | J18: 252.08
A19: Insumo | B19: 00040864 | C19: SINAPI | D19: SEGURO - MENSALISTA (COLETADO CAIXA - ENCARGOS COMPLEMENTARES) | E19: Material | G19: MES | H19: 1 | I19: 7.31 | J19: 7.31
A20: Insumo | B20: 00043474 | C20: SINAPI | D20: FERRAMENTAS - FAMILIA ENGENHEIRO CIVIL - MENSALISTA (ENCARGOS COMPLEMENTARES - COLETADO CAIXA) | E20: Equipamento | G20: MES | H20: 1 | I20: 2.29 | J20: 2.29
A21: Insumo | B21: 00043498 | C21: SINAPI | D21: EPI - FAMILIA ENGENHEIRO CIVIL - MENSALISTA (ENCARGOS COMPLEMENTARES - COLETADO CAIXA) | E21: Equipamento | G21: MES | H21: 1 | I21: 140.23 | J21: 140.23
B23: Código | C23: Banco | D23: Descrição | E23: Tipo | G23: Und | H23: Quant. | I23: Valor Unit | J23: Total
A24: Composição | B24: 100534 | C24: SINAPI | D24: TECNICO DE EDIFICACOES COM ENCARGOS COMPLEMENTARES | E24: SEDI - SERVIÇOS DIVERSOS | G24: MES | H24: 1 | I24: 3536.93 | J24: 3536.93
A25: Composição Auxiliar | B25: 100536 | C25: SINAPI | D25: CURSO DE CAPACITAÇÃO PARA TECNICO DE EDIFICACOES (ENCARGOS COMPLEMENTARES) - MENSALISTA | E25: SEDI - SERVIÇOS DIVERSOS | G25: MES | H25: 1 | I25: 47.57 | J25: 47.57
A26: Insumo | B26: 00040863 | C26: SINAPI | D26: EXAMES - MENSALISTA (COLETADO CAIXA - ENCARGOS COMPLEMENTARES) | E26: Material | G26: MES | H26: 1 | I26: 252.08 | J26: 252.08
A27: Insumo | B27: 00040864 | C27: SINAPI | D27: SEGURO - MENSALISTA (COLETADO CAIXA - ENCARGOS COMPLEMENTARES) | E27: Material | G27: MES | H27: 1 | I27: 7.31 | J27: 7.31
A28: Insumo | B28: 00040946 | C28: SINAPI | D28: TECNICO DE EDIFICACOES (MENSALISTA) | E28: Mão de Obra | G28: MES | H28: 1 | I28: 3071.04 | J28: 3071.04
A29: Insumo | B29: 00043470 | C29: SINAPI | D29: FERRAMENTAS - FAMILIA ALMOXARIFE - MENSALISTA (ENCARGOS COMPLEMENTARES - COLETADO CAIXA) | E29: Equipamento | G29: MES | H29: 1 | I29: 10.89 | J29: 10.89
A30: Insumo | B30: 00043494 | C30: SINAPI | D30: EPI - FAMILIA ALMOXARIFE - MENSALISTA (ENCARGOS COMPLEMENTARES - COLETADO CAIXA) | E30: Equipamento | G30: MES | H30: 1 | I30: 148.04 | J30: 148.04
B32: Código | C32: Banco | D32: Descrição | E32: Tipo | G32: Und | H32: Quant. | I32: Valor Unit | J32: Total
A33: Composição | B33: COMP-TEC-020 | C33: Próprio | D33: TÉCNICO DE MEIO AMBIENTE COM ENCARGOS COMPLEMENTARES E ENCARGOS SOCIAIS E.S 70,04% | E33: SEDI - SERVIÇOS DIVERSOS | G33: MÊS | H33: 1 | I33: 6723.27 | J33: 6723.27
A34: Insumo | B34: 00043481 | C34: SINAPI | D34: FERRAMENTAS - FAMILIA TOPOGRAFO - MENSALISTA (ENCARGOS COMPLEMENTARES - COLETADO CAIXA) | E34: Equipamento | G34: MES | H34: 1 | I34: 12.77 | J34: 12.77
A35: Insumo | B35: 00043505 | C35: SINAPI | D35: EPI - FAMILIA TOPOGRAFO - MENSALISTA (ENCARGOS COMPLEMENTARES - COLETADO CAIXA) | E35: Equipamento | G35: MES | H35: 1 | I35: 132.94 | J35: 132.94
A36: Insumo | B36: 00040863 | C36: SINAPI | D36: EXAMES - MENSALISTA (COLETADO CAIXA - ENCARGOS COMPLEMENTARES) | E36: Material | G36: MES | H36: 1 | I36: 252.08 | J36: 252.08
A37: Insumo | B37: 00040864 | C37: SINAPI | D37: SEGURO - MENSALISTA (COLETADO CAIXA - ENCARGOS COMPLEMENTARES) | E37: Material | G37: MES | H37: 1 | I37: 7.31 | J37: 7.31
A38: Insumo | B38: P9897 OUT/24 | C38: Próprio | D38: TÉCNICO DE MEIO AMBIENTE SEM ENCARGOS | E38: Mão de Obra | G38: MÊS | H38: 1 | I38: 3682.16 | J38: 3682.16
A39: Insumo | B39: P9897 OUT/24 | C39: Próprio | D39: TÉCNICO DE MEIO AMBIENTE SEM ENCARGOS | E39: Mão de Obra | G39: MÊS | H39: 0.01549 | I39: 3682.16 | J39: 57.03
A40: Insumo | B40: P9897 OUT/24 | C40: Próprio | D40: TÉCNICO DE MEIO AMBIENTE SEM ENCARGOS | E40: Mão de Obra | G40: MÊS | H40: 0.7004 | I40: 3682.16 | J40: 2578.98
B42: Código | C42: Banco | D42: Descrição | E42: Tipo | G42: Und | H42: Quant. | I42: Valor Unit | J42: Total
A43: Composição | B43: E9093 MÊS | C43: Próprio | D43: VEICULO LEVE - 53 KW (SEM MOTORISTA) | E43: CHOR - CUSTOS HORÁRIOS DE MÁQUINAS E EQUIPAMENTOS | G43: MÊS | H43: 1 | I43: 2727.71 | J43: 2727.71
A44: A | B44: Código | C44: Banco | D44: Equipamentos | E44: Quantidade | F44: Utilização | H44: Custo Operacional | I44: Custo Horário
F45: Operativa | G45: Improdutiva | H45: Operativa
A46: Insumo | B46: E9093 | C46: SICRO3 | D46: Veículo leve - 53 kW (sem motorista) | E46: 1 | F46: 44 | G46: 176 | H46: 36.5379 | I46: 2727.714
F47: Custo Horário de Equipamentos => | I47: 2727.714
F48: Custo Horário de Execução => | I48: 2727.714
F49: Fator de Influencia da Chuva - FIC => | I49: 0
F50: Custo do FIC => | I50: 0
F51: Produção de Equipe => | I51: 1
F52: Custo Unitário de Execução => | I52: 2727.714
A53: Observação
A54: 44 CHP 176 CHI
B56: Código | C56: Banco | D56: Descrição | E56: Tipo | G56: Und | H56: Quant. | I56: Valor Unit | J56: Total
A57: Composição | B57: 93566 | C57: SINAPI | D57: AUXILIAR DE ESCRITORIO COM ENCARGOS COMPLEMENTARES | E57: SEDI - SERVIÇOS DIVERSOS | G57: MES | H57: 1 | I57: 5032.17 | J57: 5032.17
A58: Composição Auxiliar | B58: 95416 | C58: SINAPI | D58: CURSO DE CAPACITAÇÃO PARA AUXILIAR DE ESCRITÓRIO (ENCARGOS COMPLEMENTARES) - MENSALISTA | E58: SEDI - SERVIÇOS DIVERSOS | G58: MES | H58: 1 | I58: 20.12 | J58: 20.12
A59: Insumo | B59: 00040812 | C59: SINAPI | D59: AUXILIAR DE ESCRITORIO (MENSALISTA) | E59: Mão de Obra | G59: MES | H59: 1 | I59: 4593.73 | J59: 4593.73
A60: Insumo | B60: 00040863 | C60: SINAPI | D60: EXAMES - MENSALISTA (COLETADO CAIXA - ENCARGOS COMPLEMENTARES) | E60: Material | G60: MES | H60: 1 | I60: 252.08 | J60: 252.08
A61: Insumo | B61: 00040864 | C61: SINAPI | D61: SEGURO - MENSALISTA (COLETADO CAIXA - ENCARGOS COMPLEMENTARES) | E61: Material | G61: MES | H61: 1 | I61: 7.31 | J61: 7.31
A62: Insumo | B62: 00043470 | C62: SINAPI | D62: FERRAMENTAS - FAMILIA ALMOXARIFE - MENSALISTA (ENCARGOS COMPLEMENTARES - COLETADO CAIXA) | E62: Equipamento | G62: MES | H62: 1 | I62: 10.89 | J62: 10.89
A63: Insumo | B63: 00043494 | C63: SINAPI | D63: EPI - FAMILIA ALMOXARIFE - MENSALISTA (ENCARGOS COMPLEMENTARES - COLETADO CAIXA) | E63: Equipamento | G63: MES | H63: 1 | I63: 148.04 | J63: 148.04
B65: Código | C65: Banco | D65: Descrição | E65: Tipo | G65: Und | H65: Quant. | I65: Valor Unit | J65: Total
A66: Composição | B66: VIGIA ADM | C66: Próprio | D66: VIGIA NOTURNO COM ENCARGOS COMPLEMENTARES (MENSALISTA) COM ADICIONAL DE PERICULOSIDADE | E66: CANT - CANTEIRO DE OBRAS | G66: MÊS | H66: 1 | I66: 5590.7 | J66: 5590.7
A67: Composição Auxiliar | B67: 101460 | C67: SINAPI | D67: VIGIA DIURNO COM ENCARGOS COMPLEMENTARES | E67: SEDI - SERVIÇOS DIVERSOS | G67: MES | H67: 1 | I67: 4376.49 | J67: 4376.49
A68: Composição Auxiliar | B68: VIGIA ADM AUX 2 | C68: Próprio | D68: JORNADA NOTURNA | E68: SEDI - SERVIÇOS DIVERSOS | G68: UN | H68: 1 | I68: 822.45 | J68: 822.45
A69: Composição Auxiliar | B69: VIGIA ADM AUX 3 | C69: Próprio | D69: ADICIONAL NOTURNO | E69: SEDI - SERVIÇOS DIVERSOS | G69: UN | H69: 1 | I69: 391.76 | J69: 391.76
B71: Código | C71: Banco | D71: Descrição | E71: Tipo | G71: Und | H71: Quant. | I71: Valor Unit | J71: Total
A72: Composição | B72: 101460 | C72: SINAPI | D72: VIGIA DIURNO COM ENCARGOS COMPLEMENTARES | E72: SEDI - SERVIÇOS DIVERSOS | G72: MES | H72: 1 | I72: 4376.49 | J72: 4376.49
A73: Composição Auxiliar | B73: 101372 | C73: SINAPI | D73: CURSO DE CAPACITAÇÃO PARA VIGIA DIURNO (ENCARGOS COMPLEMENTARES) - MENSALISTA | E73: SEDI - SERVIÇOS DIVERSOS | G73: MES | H73: 1 | I73: 12 | J73: 12
A74: Insumo | B74: 00040861 | C74: SINAPI | D74: TRANSPORTE - MENSALISTA (COLETADO CAIXA - ENCARGOS COMPLEMENTARES) | E74: Material | G74: MES | H74: 1 | I74: 282.98 | J74: 282.98
A75: Insumo | B75: 00040862 | C75: SINAPI | D75: ALIMENTACAO - MENSALISTA (COLETADO CAIXA - ENCARGOS COMPLEMENTARES) | E75: Material | G75: MES | H75: 1 | I75: 715.63 | J75: 715.63
A76: Insumo | B76: 00040863 | C76: SINAPI | D76: EXAMES - MENSALISTA (COLETADO CAIXA - ENCARGOS COMPLEMENTARES) | E76: Material | G76: MES | H76: 1 | I76: 252.08 | J76: 252.08
A77: Insumo | B77: 00040864 | C77: SINAPI | D77: SEGURO - MENSALISTA (COLETADO CAIXA - ENCARGOS COMPLEMENTARES) | E77: Material | G77: MES | H77: 1 | I77: 7.31 | J77: 7.31
A78: Insumo | B78: 00041096 | C78: SINAPI | D78: VIGIA DIURNO (MENSALISTA) | E78: Mão de Obra | G78: MES | H78: 1 | I78: 2741.53 | J78: 2741.53
A79: Insumo | B79: 00043479 | C79: SINAPI | D79: FERRAMENTAS - FAMILIA SERVENTE - MENSALISTA (ENCARGOS COMPLEMENTARES - COLETADO CAIXA) | E79: Equipamento | G79: MES | H79: 1 | I79: 114.72 | J79: 114.72
A80: Insumo | B80: 00043503 | C80: SINAPI | D80: EPI - FAMILIA SERVENTE - MENSALISTA (ENCARGOS COMPLEMENTARES - COLETADO CAIXA) | E80: Equipamento | G80: MES | H80: 1 | I80: 250.24 | J80: 250.24
B82: Código | C82: Banco | D82: Descrição | E82: Tipo | G82: Und | H82: Quant. | I82: Valor Unit | J82: Total
A83: Composição | B83: 93572 | C83: SINAPI | D83: ENCARREGADO GERAL DE OBRAS COM ENCARGOS COMPLEMENTARES | E83: SEDI - SERVIÇOS DIVERSOS | G83: MES | H83: 1 | I83: 4472.02 | J83: 4472.02
A84: Composição Auxiliar | B84: 95422 | C84: SINAPI | D84: CURSO DE CAPACITAÇÃO PARA ENCARREGADO GERAL DE OBRAS (ENCARGOS COMPLEMENTARES) - MENSALISTA | E84: SEDI - SERVIÇOS DIVERSOS | G84: MES | H84: 1 | I84: 70.97 | J84: 70.97
A85: Insumo | B85: 00040818 | C85: SINAPI | D85: ENCARREGADO GERAL DE OBRAS (MENSALISTA) | E85: Mão de Obra | G85: MES | H85: 1 | I85: 3886.77 | J85: 3886.77
A86: Insumo | B86: 00040863 | C86: SINAPI | D86: EXAMES - MENSALISTA (COLETADO CAIXA - ENCARGOS COMPLEMENTARES) | E86: Material | G86: MES | H86: 1 | I86: 252.08 | J86: 252.08
A87: Insumo | B87: 00040864 | C87: SINAPI | D87: SEGURO - MENSALISTA (COLETADO CAIXA - ENCARGOS COMPLEMENTARES) | E87: Material | G87: MES | H87: 1 | I87: 7.31 | J87: 7.31
A88: Insumo | B88: 00043475 | C88: SINAPI | D88: FERRAMENTAS - FAMILIA ENCARREGADO GERAL - MENSALISTA (ENCARGOS COMPLEMENTARES - COLETADO CAIXA) | E88: Equipamento | G88: MES | H88: 1 | I88: 18.73 | J88: 18.73
A89: Insumo | B89: 00043499 | C89: SINAPI | D89: EPI - FAMILIA ENCARREGADO GERAL - MENSALISTA (ENCARGOS COMPLEMENTARES - COLETADO CAIXA) | E89: Equipamento | G89: MES | H89: 1 | I89: 236.16 | J89: 236.16
B91: Código | C91: Banco | D91: Descrição | E91: Tipo | G91: Und | H91: Quant. | I91: Valor Unit | J91: Total
A92: Composição | B92: 93564 | C92: SINAPI | D92: APONTADOR OU APROPRIADOR COM ENCARGOS COMPLEMENTARES | E92: SEDI - SERVIÇOS DIVERSOS | G92: MES | H92: 1 | I92: 6409.08 | J92: 6409.08
A93: Composição Auxiliar | B93: 95414 | C93: SINAPI | D93: CURSO DE CAPACITAÇÃO PARA APONTADOR OU APROPRIADOR (ENCARGOS COMPLEMENTARES) - MENSALISTA | E93: SEDI - SERVIÇOS DIVERSOS | G93: MES | H93: 1 | I93: 107.42 | J93: 107.42
A94: Insumo | B94: 00040810 | C94: SINAPI | D94: APONTADOR OU APROPRIADOR DE MAO DE OBRA (MENSALISTA) | E94: Mão de Obra | G94: MES | H94: 1 | I94: 5883.34 | J94: 5883.34
A95: Insumo | B95: 00040863 | C95: SINAPI | D95: EXAMES - MENSALISTA (COLETADO CAIXA - ENCARGOS COMPLEMENTARES) | E95: Material | G95: MES | H95: 1 | I95: 252.08 | J95: 252.08
A96: Insumo | B96: 00040864 | C96: SINAPI | D96: SEGURO - MENSALISTA (COLETADO CAIXA - ENCARGOS COMPLEMENTARES) | E96: Material | G96: MES | H96: 1 | I96: 7.31 | J96: 7.31
A97: Insumo | B97: 00043470 | C97: SINAPI | D97: FERRAMENTAS - FAMILIA ALMOXARIFE - MENSALISTA (ENCARGOS COMPLEMENTARES - COLETADO CAIXA) | E97: Equipamento | G97: MES | H97: 1 | I97: 10.89 | J97: 10.89
A98: Insumo | B98: 00043494 | C98: SINAPI | D98: EPI - FAMILIA ALMOXARIFE - MENSALISTA (ENCARGOS COMPLEMENTARES - COLETADO CAIXA) | E98: Equipamento | G98: MES | H98: 1 | I98: 148.04 | J98: 148.04
B100: Código | C100: Banco | D100: Descrição | E100: Tipo | G100: Und | H100: Quant. | I100: Valor Unit | J100: Total
A101: Composição | B101: 93563 | C101: SINAPI | D101: ALMOXARIFE COM ENCARGOS COMPLEMENTARES | E101: SEDI - SERVIÇOS DIVERSOS | G101: MES | H101: 1 | I101: 6625.31 | J101: 6625.31
A102: Composição Auxiliar | B102: 95413 | C102: SINAPI | D102: CURSO DE CAPACITAÇÃO PARA ALMOXARIFE (ENCARGOS COMPLEMENTARES) - MENSALISTA | E102: SEDI - SERVIÇOS DIVERSOS | G102: MES | H102: 1 | I102: 27.06 | J102: 27.06
A103: Insumo | B103: 00040809 | C103: SINAPI | D103: ALMOXARIFE (MENSALISTA) | E103: Mão de Obra | G103: MES | H103: 1 | I103: 6179.93 | J103: 6179.93
A104: Insumo | B104: 00040863 | C104: SINAPI | D104: EXAMES - MENSALISTA (COLETADO CAIXA - ENCARGOS COMPLEMENTARES) | E104: Material | G104: MES | H104: 1 | I104: 252.08 | J104: 252.08
A105: Insumo | B105: 00040864 | C105: SINAPI | D105: SEGURO - MENSALISTA (COLETADO CAIXA - ENCARGOS COMPLEMENTARES) | E105: Material | G105: MES | H105: 1 | I105: 7.31 | J105: 7.31
A106: Insumo | B106: 00043470 | C106: SINAPI | D106: FERRAMENTAS - FAMILIA ALMOXARIFE - MENSALISTA (ENCARGOS COMPLEMENTARES - COLETADO CAIXA) | E106: Equipamento | G106: MES | H106: 1 | I106: 10.89 | J106: 10.89
A107: Insumo | B107: 00043494 | C107: SINAPI | D107: EPI - FAMILIA ALMOXARIFE - MENSALISTA (ENCARGOS COMPLEMENTARES - COLETADO CAIXA) | E107: Equipamento | G107: MES | H107: 1 | I107: 148.04 | J107: 148.04
B109: Código | C109: Banco | D109: Descrição | E109: Tipo | G109: Und | H109: Quant. | I109: Valor Unit | J109: Total
A110: Composição | B110: 100316 | C110: SINAPI | D110: AUXILIAR DE ALMOXARIFE COM ENCARGOS COMPLEMENTARES | E110: SEDI - SERVIÇOS DIVERSOS | G110: MES | H110: 1 | I110: 3141.1 | J110: 3141.1
A111: Composição Auxiliar | B111: 100310 | C111: SINAPI | D111: CURSO DE CAPACITAÇÃO PARA AUXILIAR DE ALMOXARIFE (ENCARGOS COMPLEMENTARES) - MENSALISTA | E111: SEDI - SERVIÇOS DIVERSOS | G111: MES | H111: 1 | I111: 11.87 | J111: 11.87
A112: Insumo | B112: 00040863 | C112: SINAPI | D112: EXAMES - MENSALISTA (COLETADO CAIXA - ENCARGOS COMPLEMENTARES) | E112: Material | G112: MES | H112: 1 | I112: 252.08 | J112: 252.08
...

Sheet MEM. CÁLC
A1: GOVERNO DO DISTRITO FEDERAL Secretaria de Estado de Obras e Infraestrutura do Distrito Federal - SODF
A2: MEMÓRIA DE CÁLCULO
A3: SERVIÇO: | C3: REVISÃO E READEQUAÇÃO DOS PROJETOS EXECUTIVOS DE DRENAGEM NO SETOR HABITACIONAL MESTRE D'ARMAS, REGIÃO ADMINISTRATIVA DE PLANATINA - RA VI, PELA SODF, NO DISTRITO FEDERAL
A4: LOCALIDADE: | C4: BRASILIA-DF
A5: ITEM | B5: DISCRIMINAÇÃO | C5: UN.
A6: =ORÇAMENTO!A5 -> 1 | B6: =VLOOKUP(A6,ORÇAMENTO!A:K,4,0) -> ADMINISTRAÇÃO | D6: DURAÇÃO DA OBRA (MÊS): | E6: =COUNTA(CRONOGRAMA!H4:S4) -> 12
A7: =ORÇAMENTO!A6 -> 1.1 | B7: =VLOOKUP(A7,ORÇAMENTO!A:K,4,0) -> EQUIPE TÉCNICA GERENCIAL
A8: =ORÇAMENTO!A7 -> 1.1.1 | B8: =VLOOKUP(A8,ORÇAMENTO!A:K,4,0) -> MÃO DE OBRA EQUIPE TÉCNICA GERENCIAL
A9: =ORÇAMENTO!A8 -> 1.1.1.1 | B9: =VLOOKUP(A9,ORÇAMENTO!A:K,4,0) -> ENGENHEIRO CIVIL DE OBRA SENIOR COM ENCARGOS COMPLEMENTARES | C9: =VLOOKUP(A9,ORÇAMENTO!A:K,5,0) -> MES | D9: =SUM(E12:O12) -> 4 | E9: COMP. (M) | F9: LARG. (M) | G9: ALTURA (M) | H9: ESPES. (M) | I9: PERÍM. (M) | J9: DIÂM. (M) | K9: PESO (KG) | L9: % | M9: QUANT. | N9: ÁREA (M²) | O9: VOLUME (M³)
B10: Permanência 1 Profissional 1/3 PERIODO | M10: =E6/3 -> 4
B12: TOTAL | M12: =SUM(M10:M11) -> 4
A13: =ORÇAMENTO!A9 -> 1.1.1.2 | B13: =VLOOKUP(A13,ORÇAMENTO!A:K,4,0) -> ENGENHEIRO CIVIL DE OBRA PLENO COM ENCARGOS COMPLEMENTARES | C13: =VLOOKUP(A13,ORÇAMENTO!A:K,5,0) -> MES | D13: =SUM(E16:O16) -> 12 | E13: COMP. (M) | F13: LARG. (M) | G13: ALTURA (M) | H13: ESPES. (M) | I13: PERÍM. (M) | J13: DIÂM. (M) | K13: PESO (KG) | L13: % | M13: QUANT. | N13: ÁREA (M²) | O13: VOLUME (M³)
B14: Permanência 1 Profissional periodo integral | M14: =E6 -> 12
B16: TOTAL | M16: =SUM(M14:M15) -> 12
A17: =ORÇAMENTO!A10 -> 1.1.1.3 | B17: =VLOOKUP(A17,ORÇAMENTO!A:K,4,0) -> TECNICO DE EDIFICACOES COM ENCARGOS COMPLEMENTARES | C17: =VLOOKUP(A17,ORÇAMENTO!A:K,5,0) -> MES | D17: =SUM(E20:O20) -> 12 | E17: COMP. (M) | F17: LARG. (M) | G17: ALTURA (M) | H17: ESPES. (M) | I17: PERÍM. (M) | J17: DIÂM. (M) | K17: PESO (KG) | L17: % | M17: QUANT. | N17: ÁREA (M²) | O17: VOLUME (M³)
B18: Permanência 1 Profissional periodo integral | M18: =M14 -> 12
B20: TOTAL | M20: =SUM(M18:M19) -> 12
A21: =ORÇAMENTO!A11 -> 1.1.1.4 | B21: =VLOOKUP(A21,ORÇAMENTO!A:K,4,0) -> TÉCNICO DE MEIO AMBIENTE COM ENCARGOS COMPLEMENTARES E ENCARGOS SOCIAIS E.S 70,04% | C21: =VLOOKUP(A21,ORÇAMENTO!A:K,5,0) -> MÊS | D21: =SUM(E24:O24) -> 6 | E21: COMP. (M) | F21: LARG. (M) | G21: ALTURA (M) | H21: ESPES. (M) | I21: PERÍM. (M) | J21: DIÂM. (M) | K21: PESO (KG) | L21: % | M21: QUANT. | N21: ÁREA (M²) | O21: VOLUME (M³)
B22: Permanência 1 Profissional Meio Periodo | M22: =M18/2 -> 6
B24: TOTAL | M24: =SUM(M22:M23) -> 6
A25: =ORÇAMENTO!A12 -> 1.1.2 | B25: =VLOOKUP(A25,ORÇAMENTO!A:K,4,0) -> VEICULOS EQUIPE TÉCNICA
A26: =ORÇAMENTO!A13 -> 1.1.2.1 | B26: =VLOOKUP(A26,ORÇAMENTO!A:K,4,0) -> VEICULO LEVE - 53 KW (SEM MOTORISTA) | C26: =VLOOKUP(A26,ORÇAMENTO!A:K,5,0) -> MÊS | D26: =SUM(E29:O29) -> 12 | E26: COMP. (M) | F26: LARG. (M) | G26: ALTURA (M) | H26: ESPES. (M) | I26: PERÍM. (M) | J26: DIÂM. (M) | K26: PESO (KG) | L26: % | M26: QUANT. | N26: ÁREA (M²) | O26: VOLUME (M³)
B27: PERÍODO INTEGRAL | M27: =M18 -> 12
B29: TOTAL | M29: =SUM(M27:M28) -> 12
A30: =ORÇAMENTO!A14 -> 1.2 | B30: =VLOOKUP(A30,ORÇAMENTO!A:K,4,0) -> EQUIPE GERENCIAL ADMINISTRATIVA
A31: =ORÇAMENTO!A15 -> 1.2.1 | B31: =VLOOKUP(A31,ORÇAMENTO!A:K,4,0) -> AUXILIAR DE ESCRITORIO COM ENCARGOS COMPLEMENTARES | C31: =VLOOKUP(A31,ORÇAMENTO!A:K,5,0) -> MES | D31: =SUM(E34:O34) -> 12 | E31: COMP. (M) | F31: LARG. (M) | G31: ALTURA (M) | H31: ESPES. (M) | I31: PERÍM. (M) | J31: DIÂM. (M) | K31: PESO (KG) | L31: % | M31: QUANT. | N31: ÁREA (M²) | O31: VOLUME (M³)
B32: Consideramos 1 profissionais | M32: =M27 -> 12
B34: TOTAL | M34: =SUM(M32:M33) -> 12
A35: =ORÇAMENTO!A16 -> 1.2.2 | B35: =VLOOKUP(A35,ORÇAMENTO!A:K,4,0) -> VIGIA NOTURNO COM ENCARGOS COMPLEMENTARES (MENSALISTA) COM ADICIONAL DE PERICULOSIDADE | C35: =VLOOKUP(A35,ORÇAMENTO!A:K,5,0) -> MÊS | D35: =SUM(E38:O38) -> 24 | E35: COMP. (M) | F35: LARG. (M) | G35: ALTURA (M) | H35: ESPES. (M) | I35: PERÍM. (M) | J35: DIÂM. (M) | K35: PESO (KG) | L35: % | M35: QUANT. | N35: ÁREA (M²) | O35: VOLUME (M³)
B36: Permanência 2 Profissionais por Periodo | M36: =M32*2 -> 24
B38: TOTAL | M38: =SUM(M36:M37) -> 24
A39: =ORÇAMENTO!A17 -> 1.2.3 | B39: =VLOOKUP(A39,ORÇAMENTO!A:K,4,0) -> VIGIA DIURNO COM ENCARGOS COMPLEMENTARES | C39: =VLOOKUP(A39,ORÇAMENTO!A:K,5,0) -> MES | D39: =SUM(E42:O42) -> 12 | E39: COMP. (M) | F39: LARG. (M) | G39: ALTURA (M) | H39: ESPES. (M) | I39: PERÍM. (M) | J39: DIÂM. (M) | K39: PESO (KG) | L39: % | M39: QUANT. | N39: ÁREA (M²) | O39: VOLUME (M³)
B40: Permanência 1 Profissional periodo integral | M40: =M32 -> 12
B42: TOTAL | M42: =SUM(M40:M41) -> 12
A43: =ORÇAMENTO!A18 -> 1.3 | B43: =VLOOKUP(A43,ORÇAMENTO!A:K,4,0) -> EQUIPE DE PRODUÇÃO
A44: =ORÇAMENTO!A19 -> 1.3.1 | B44: =VLOOKUP(A44,ORÇAMENTO!A:K,4,0) -> ENCARREGADO GERAL DE OBRAS COM ENCARGOS COMPLEMENTARES | C44: =VLOOKUP(A44,ORÇAMENTO!A:K,5,0) -> MES | D44: =SUM(E47:O47) -> 24 | E44: COMP. (M) | F44: LARG. (M) | G44: ALTURA (M) | H44: ESPES. (M) | I44: PERÍM. (M) | J44: DIÂM. (M) | K44: PESO (KG) | L44: % | M44: QUANT. | N44: ÁREA (M²) | O44: VOLUME (M³)
B45: Permanência 2 Profissional Periodo Integral - 1 p/a cada frente de trabalho | M45: =M40*2 -> 24
B47: TOTAL | M47: =SUM(M45:M46) -> 24
A48: =ORÇAMENTO!A20 -> 1.3.2 | B48: =VLOOKUP(A48,ORÇAMENTO!A:K,4,0) -> APONTADOR OU APROPRIADOR COM ENCARGOS COMPLEMENTARES | C48: =VLOOKUP(A48,ORÇAMENTO!A:K,5,0) -> MES | D48: =SUM(E51:O51) -> 12 | E48: COMP. (M) | F48: LARG. (M) | G48: ALTURA (M) | H48: ESPES. (M) | I48: PERÍM. (M) | J48: DIÂM. (M) | K48: PESO (KG) | L48: % | M48: QUANT. | N48: ÁREA (M²) | O48: VOLUME (M³)
B49: Consideramos 1 profissional | M49: =M40 -> 12
B51: TOTAL | M51: =SUM(M49:M50) -> 12
A52: =ORÇAMENTO!A21 -> 1.3.3 | B52: =VLOOKUP(A52,ORÇAMENTO!A:K,4,0) -> ALMOXARIFE COM ENCARGOS COMPLEMENTARES | C52: =VLOOKUP(A52,ORÇAMENTO!A:K,5,0) -> MES | D52: =SUM(E55:O55) -> 12 | E52: COMP. (M) | F52: LARG. (M) | G52: ALTURA (M) | H52: ESPES. (M) | I52: PERÍM. (M) | J52: DIÂM. (M) | K52: PESO (KG) | L52: % | M52: QUANT. | N52: ÁREA (M²) | O52: VOLUME (M³)
B53: Consideramos 1 profissional | M53: =M49 -> 12
B55: TOTAL | M55: =SUM(M53:M54) -> 12
A56: =ORÇAMENTO!A22 -> 1.3.4 | B56: =VLOOKUP(A56,ORÇAMENTO!A:K,4,0) -> AUXILIAR DE ALMOXARIFE COM ENCARGOS COMPLEMENTARES | C56: =VLOOKUP(A56,ORÇAMENTO!A:K,5,0) -> MES | D56: =SUM(E59:O59) -> 12 | E56: COMP. (M) | F56: LARG. (M) | G56: ALTURA (M) | H56: ESPES. (M) | I56: PERÍM. (M) | J56: DIÂM. (M) | K56: PESO (KG) | L56: % | M56: QUANT. | N56: ÁREA (M²) | O56: VOLUME (M³)
B57: Consideramos 1 profissional | M57: =M53 -> 12
B59: TOTAL | M59: =SUM(M57:M58) -> 12
A60: =ORÇAMENTO!A23 -> 1.4 | B60: =VLOOKUP(A60,ORÇAMENTO!A:K,4,0) -> EQUIPE DE TOPOGRAFIA
A61: =ORÇAMENTO!A24 -> 1.4.1 | B61: =VLOOKUP(A61,ORÇAMENTO!A:K,4,0) -> MÃO DE OBRA EQUIPE DE TOPOGRAFIA
A62: =ORÇAMENTO!A25 -> 1.4.1.1 | B62: =VLOOKUP(A62,ORÇAMENTO!A:K,4,0) -> TOPOGRAFO COM ENCARGOS COMPLEMENTARES | C62: =VLOOKUP(A62,ORÇAMENTO!A:K,5,0) -> MES | D62: =SUM(E65:O65) -> 12 | E62: COMP. (M) | F62: LARG. (M) | G62: ALTURA (M) | H62: ESPES. (M) | I62: PERÍM. (M) | J62: DIÂM. (M) | K62: PESO (KG) | L62: % | M62: QUANT. | N62: ÁREA (M²) | O62: VOLUME (M³)
B63: Permanência 1 Profissional Período integral | M63: =M57 -> 12
B65: TOTAL | M65: =SUM(M63:M64) -> 12
A66: =ORÇAMENTO!A26 -> 1.4.1.2 | B66: =VLOOKUP(A66,ORÇAMENTO!A:K,4,0) -> AUXILIAR DE TOPÓGRAFO COM ENCARGOS COMPLEMENTARES | C66: =VLOOKUP(A66,ORÇAMENTO!A:K,5,0) -> MES | D66: =SUM(E69:O69) -> 12 | E66: COMP. (M) | F66: LARG. (M) | G66: ALTURA (M) | H66: ESPES. (M) | I66: PERÍM. (M) | J66: DIÂM. (M) | K66: PESO (KG) | L66: % | M66: QUANT. | N66: ÁREA (M²) | O66: VOLUME (M³)
B67: Permanência 1 Profissionais Período integral | M67: =M63 -> 12
B69: TOTAL | M69: =SUM(M67:M68) -> 12
A70: =ORÇAMENTO!A27 -> 1.4.2 | B70: =VLOOKUP(A70,ORÇAMENTO!A:K,4,0) -> VEICULOS EQUIPE TOPOGRAFIA
A71: =ORÇAMENTO!A28 -> 1.4.2.1 | B71: =VLOOKUP(A71,ORÇAMENTO!A:K,4,0) -> VAN FURGÃO - 93KW | C71: =VLOOKUP(A71,ORÇAMENTO!A:K,5,0) -> MÊS | D71: =SUM(E74:O74) -> 12 | E71: COMP. (M) | F71: LARG. (M) | G71: ALTURA (M) | H71: ESPES. (M) | I71: PERÍM. (M) | J71: DIÂM. (M) | K71: PESO (KG) | L71: % | M71: QUANT. | N71: ÁREA (M²) | O71: VOLUME (M³)
B72: Período Integral | M72: =M67 -> 12
B74: TOTAL | M74: =SUM(M72:M73) -> 12
A75: =ORÇAMENTO!A29 -> 1.5 | B75: =VLOOKUP(A75,ORÇAMENTO!A:K,4,0) -> DETALHAMENTO PROJETO DRENAGEM
A76: =ORÇAMENTO!A30 -> 1.5.1 | B76: =VLOOKUP(A76,ORÇAMENTO!A:K,4,0) -> ENGENHEIRO CIVIL DE OBRA SENIOR COM ENCARGOS COMPLEMENTARES | C76: =VLOOKUP(A76,ORÇAMENTO!A:K,5,0) -> MES | D76: =SUM(E79:O79) -> 1 | E76: COMP. (M) | F76: LARG. (M) | G76: ALTURA (M) | H76: ESPES. (M) | I76: PERÍM. (M) | J76: DIÂM. (M) | K76: PESO (KG) | L76: % | M76: QUANT. | N76: ÁREA (M²) | O76: VOLUME (M³)
B77: Previsão de 1 mês engenheiro SENIOR para elaboração de projeto | M77: 1
B79: TOTAL | M79: =SUM(M77:M78) -> 1
A80: =ORÇAMENTO!A31 -> 1.5.2 | B80: =VLOOKUP(A80,ORÇAMENTO!A:K,4,0) -> DESENHISTA DETALHISTA COM ENCARGOS COMPLEMENTARES | C80: =VLOOKUP(A80,ORÇAMENTO!A:K,5,0) -> MES | D80: =SUM(E83:O83) -> 1 | E80: COMP. (M) | F80: LARG. (M) | G80: ALTURA (M) | H80: ESPES. (M) | I80: PERÍM. (M) | J80: DIÂM. (M) | K80: PESO (KG) | L80: % | M80: QUANT. | N80: ÁREA (M²) | O80: VOLUME (M³)
B81: Previsão de 1 mês de desenhista para elaboração de projeto | M81: 1
B83: TOTAL | M83: =SUM(M81:M82) -> 1
A84: =ORÇAMENTO!A32 -> 1.5.3 | B84: =VLOOKUP(A84,ORÇAMENTO!A:K,4,0) -> RELATORIO E ART DOS SERVIÇOS | C84: =VLOOKUP(A84,ORÇAMENTO!A:K,5,0) -> UN | D84: =SUM(E87:O87) -> 2 | E84: COMP. (M) | F84: LARG. (M) | G84: ALTURA (M) | H84: ESPES. (M) | I84: PERÍM. (M) | J84: DIÂM. (M) | K84: PESO (KG) | L84: % | M84: QUANT. | N84: ÁREA (M²) | O84: VOLUME (M³)
B85: Conforme Quantitativo Validado pelos projetistas | M85: 2
B87: TOTAL | M87: =SUM(M85:M86) -> 2
A88: =ORÇAMENTO!A33 -> 1.6 | B88: =VLOOKUP(A88,ORÇAMENTO!A:K,4,0) -> CONSUMOS MENSAIS ESTIMADOS
A89: =ORÇAMENTO!A34 -> 1.6.1 | B89: =VLOOKUP(A89,ORÇAMENTO!A:K,4,0) -> CONSUMO MENSAL DE ENERGIA ELÉTRICA- ESTIMADO | C89: =VLOOKUP(A89,ORÇAMENTO!A:K,5,0) -> MÊS | D89: =SUM(E92:O92) -> 10 | E89: COMP. (M) | F89: LARG. (M) | G89: ALTURA (M) | H89: ESPES. (M) | I89: PERÍM. (M) | J89: DIÂM. (M) | K89: PESO (KG) | L89: % | M89: QUANT. | N89: ÁREA (M²) | O89: VOLUME (M³)
B90: ESTIMADO (canteiro 30 pessoas) uso de 2 meses de gerador | M90: =E6-2 -> 10
B92: TOTAL | M92: =SUM(M90:M91) -> 10
A93: =ORÇAMENTO!A35 -> 1.6.2 | B93: =VLOOKUP(A93,ORÇAMENTO!A:K,4,0) -> CONSUMO MENSAL DE ÁGUA E ESGOTO - ESTIMADO | C93: =VLOOKUP(A93,ORÇAMENTO!A:K,5,0) -> MÊS | D93: =SUM(E96:O96) -> 12 | E93: COMP. (M) | F93: LARG. (M) | G93: ALTURA (M) | H93: ESPES. (M) | I93: PERÍM. (M) | J93: DIÂM. (M) | K93: PESO (KG) | L93: % | M93: QUANT. | N93: ÁREA (M²) | O93: VOLUME (M³)
B94: ESTIMADO (canteiro 30 pessoas) | M94: =E6 -> 12
B96: TOTAL | M96: =SUM(M94:M95) -> 12
A97: =ORÇAMENTO!A36 -> 1.7 | B97: =VLOOKUP(A97,ORÇAMENTO!A:K,4,0) -> DIVERSOS EQUIPAMENTOS
A98: =ORÇAMENTO!A37 -> 1.7.1 | B98: =VLOOKUP(A98,ORÇAMENTO!A:K,4,0) -> CAMINHÃO PIPA 6.000 L, PESO BRUTO TOTAL 13.000 KG, DISTÂNCIA ENTRE EIXOS 4,80 M, POTÊNCIA 189 CV INCLUSIVE TANQUE DE AÇO PARA TRANSPORTE DE ÁGUA, CAPACIDADE 6 M3 - CHP DIURNO. AF_06/2014 | C98: =VLOOKUP(A98,ORÇAMENTO!A:K,5,0) -> CHP | D98: =SUM(E101:O101) -> 528 | E98: DIAS | F98: HORAS | G98: MÊS | H98: ESPES. (M) | I98: PERÍM. (M) | J98: DIÂM. (M) | K98: PESO (KG) | L98: % | M98: QUANT. | N98: ÁREA (M²) | O98: VOLUME (M³)
B99: Caminhão pipa, considerado 22 dias x 2hs x 6meses Canteiro | E99: 22 | F99: 2 | G99: =M94 -> 12 | M99: =E99*F99*G99 -> 528
B101: TOTAL | M101: =SUM(M99:M100) -> 528
A102: =ORÇAMENTO!A38 -> 1.7.2 | B102: =VLOOKUP(A102,ORÇAMENTO!A:K,4,0) -> GRUPO GERADOR ESTACIONÁRIO, MOTOR DIESEL POTÊNCIA 170 KVA - CHP DIURNO. AF_02/2016 | C102: =VLOOKUP(A102,ORÇAMENTO!A:K,5,0) -> CHP | D102: =SUM(E105:O105) -> 88 | E102: COMP. (M) | F102: HORAS | G102: MÊS | H102: ESPES. (M) | I102: PERÍM. (M) | J102: DIÂM. (M) | K102: PESO (KG) | L102: % | M102: QUANT. | N102: ÁREA (M²) | O102: VOLUME (M³)
B103: Estimativo 44 hs /Mês (Produtivo)x 2 mês | F103: 44 | G103: 2 | M103: =G103*F103 -> 88
B105: TOTAL | M105: =SUM(M103:M104) -> 88
A106: =ORÇAMENTO!A39 -> 1.7.3 | B106: =VLOOKUP(A106,ORÇAMENTO!A:K,4,0) -> GRUPO GERADOR ESTACIONÁRIO, POTÊNCIA 150 KVA, MOTOR A DIESEL- CHI DIURNO. AF_03/2016 | C106: =VLOOKUP(A106,ORÇAMENTO!A:K,5,0) -> CHI | D106: =SUM(E109:O109) -> 352 | E106: COMP. (M) | F106: HORAS | G106: MÊS | H106: ESPES. (M) | I106: PERÍM. (M) | J106: DIÂM. (M) | K106: PESO (KG) | L106: % | M106: QUANT. | N106: ÁREA (M²) | O106: VOLUME (M³)
B107: Estimativo 176 hs /Mês (Improdutivo)x 2 mês | F107: 176 | G107: 2 | M107: =G107*F107 -> 352
B109: TOTAL | M109: =SUM(M107:M108) -> 352
A110: =ORÇAMENTO!A40 -> 1.8 | B110: =VLOOKUP(A110,ORÇAMENTO!A:K,4,0) -> RECUPERAÇÃO DA ÁREA DE CANTEIRO DE OBRAS - PRINCIPAL
A111: =ORÇAMENTO!A41 -> 1.8.1 | B111: =VLOOKUP(A111,ORÇAMENTO!A:K,4,0) -> REMOÇÃO DE TAPUME/ CHAPAS METÁLICAS E DE MADEIRA, DE FORMA MANUAL, SEM REAPROVEITAMENTO. AF_09/2023 | C111: =VLOOKUP(A111,ORÇAMENTO!A:K,5,0) -> M² | D111: =SUM(E120:O120) -> 388 | E111: COMP. (M) | F111: LARG. (M) | G111: ALTURA (M) | H111: ESPES. (M) | I111: PERÍM. (M) | J111: DIÂM. (M) | K111: PESO (KG) | L111: % | M111: QUANT. | N111: ÁREA (M²) | O111: VOLUME (M³)
B112: Dimensionamento de Canteiro de Obras CONF. NR-18 E NR-24.
B113: Inclusive Tapume (264 m2) | N113: 264
B114: Guarita (4 m2) | N114: 4
B115: Central de Formas (50 m2) | N115: 50
B116: Armação (50 m2) | N116: 50
B117: Depósito (20 m2) | N117: 20
B120: TOTAL | N120: =SUM(N113:N119) -> 388
A121: =ORÇAMENTO!A42 -> 1.8.2 | B121: =VLOOKUP(A121,ORÇAMENTO!A:K,4,0) -> CARGA, MANOBRA E DESCARGA DE ENTULHO EM CAMINHÃO BASCULANTE 14 M³ - CARGA COM ESCAVADEIRA HIDRÁULICA (CAÇAMBA DE 0,80 M³ / 111 HP) E DESCARGA LIVRE (UNIDADE: M3). AF_07/2020 | C121: =VLOOKUP(A121,ORÇAMENTO!A:K,5,0) -> M³ | D121: =SUM(E124:O124) -> 25.22 | E121: COMP. (M) | F121: LARG. (M) | G121: ALTURA (M) | H121: ESPES. (M) | I121: EMPOLAMENTO | J121: DIÂM. (M) | K121: PESO (KG) | L121: % | M121: QUANT. | N121: ÁREA (M²) | O121: VOLUME (M³)
B122: Àrea de demolição *0,05* Empolamento 1,30 | H122: 0.05 | I122: 1.3 | N122: =N120 -> 388 | O122: =N122*I122*H122 -> 25.22
B124: TOTAL | O124: =SUM(O122:O123) -> 25.22
A125: =ORÇAMENTO!A43 -> 1.8.3 | B125: =VLOOKUP(A125,ORÇAMENTO!A:K,4,0) -> TRANSPORTE COM CAMINHÃO BASCULANTE DE 14 M³, EM VIA URBANA PAVIMENTADA, DMT ATÉ 30 KM (UNIDADE: M3XKM). AF_07/2020 | C125: =VLOOKUP(A125,ORÇAMENTO!A:K,5,0) -> M3XKM | D125: =SUM(E128:O128) -> 756.6 | E125: COMP. (M) | F125: DIST. (KM) | G125: ALTURA (M) | H125: ESPES. (M) | I125: PERÍM. (M) | J125: DIÂM. (M) | K125: PESO (KG) | L125: % | M125: MOMENTO DE TRANSP. (M³XKM) | N125: ÁREA (M²) | O125: VOLUME (M³)
B126: Carga x Bota-fora NOVACAP | F126: 30 | M126: =O126*F126 -> 756.6 | O126: =O124 -> 25.22
...

Sheet QUANTBL
AJ2: *SE NEGATIVO APLICAR DESCONTO MANUALMENTE NA ULTIMA CAMADA | BG2: OBS: EM TRECHOS ONDE O PV É PROJETADO E A BOCA É EXISTENTE OU AMPLIADA, CONSIDEROU-SE UMA EXTENSÃO DE TUBO A SER REPOSTO (50% DA EXTENSÃO)(TUBO ESCAVADO NA DEMOLIÇÃO DO PV ANTERIOR) | BV2: BOCA DE LOBO
A3: ÁREA 1 | AO3: ATERRO ESTÁ NO REATERRO SEM EMPREST | AX3: APOIO | AY3: NEGATIVO SIGNIFICA QUE UTILIZOU DE OUTRO TRECHO PARA FAZER ATERRO MANUAL E REFORÇO | BE3: TUBO | BI3: BOCAS DE LOBO | BQ3: ESCORAMENTO | CP3: ESCORAMENTO | CR3: DEMOLIÇÃO DE PAREDES AMPLIAÇÃO | CS3: DEMOLIÇÃO DE CINTAS PARA AMPLIAÇÃO | CT3: CONCRETO MAGRO | CU3: CONSTRUÇÃO DAS PAREDES DA BOCA DE LOBO (M²) | CV3: CONSTRUÇÃO DO CONCRETO (CINTAS E PILARES, TAMPAS E FUNDO) (M³) | CW3: FORMA DO CONCRETO (CINTAS E PILARES, TAMPAS E FUNDO) (M³) | CX3: EXTENSÃO DA SARJETA | CY3: DEMOLIÇÃO DO PAVIMENTO | CZ3: DEMOLIÇÃO DA PAREDE DO POÇO EXISTENTE PARA CONEXÃO A BL NOVO
A4: TRECHO | B4: PV | C4: TIPO DE PV | D4: TIPO DE BOCA | E4: PROF. MONT. | F4: PROF. JUS. | G4: COMP. DA LIGAÇÃO | H4: DIAM DO TUBO DE LIGAÇÃO | I4: PROF MED | J4: ESCADA DE ACESSO A VALA | K4: TALUDE | L4: LARGURA DO FUNDO DA VALA ESCAVADO | M4: BOCA | N4: TUBO EXISTENTE (MM) DE LIGAÇÃO | O4: ÁREA PAV. DEMOLIDA | P4: TIPO DE PAV | Q4: FURO REPRESENTATIVO | R4: 1 = SOLO MOLE | S4: PROFUNDIDADE DO IMPENETRÁVEL | T4: NÍVEL DE ÁGUA | U4: LASTRO | V4: VOLUME DO TUBO EXISTENTE NA ESCAVAÇÃO | W4: ESCAVAÇÃO TOTAL | X4: VERIFICAÇÃO | Y4: PROF SOLO MOLE | Z4: PROF 1 E 2 CATEGORIA | AA4: 3 CATEGORIA | AB4: DEMOLIÇÃO DE PAVIMENTO ASFALT. | AC4: ESCAVAÇÃO SOLO MOLE H<1,5 L<1,5 | AD4: ESCAVAÇÃO SOLO MOLE 1,5<H<3 L<1,5 | AE4: ESCAVAÇÃO SOLO MOLE 3<H<4,5 L<1,5 | AF4: ESCAVAÇÃO 1ª E 2ª CAT. H<1,5 L<1,5 | AG4: ESCAVAÇÃO 1ª E 2ª CAT. 1,5<H<3 L<1,5 | AH4: ESCAVAÇÃO 1ª E 2ª CAT. 3<H<4,5 L<1,5 | AI4: TEM ROCHA? | AJ4: ROCHA | AK4: ESGOTAMENTO | AL4: REATERRO TOTAL | AM4: FUNDO DE VALA L<1,5 | AN4: FUNDO DE VALA L>=1,5 | AO4: REATERRO REFORÇO | AP4: REFORÇO C/ MATERIAL DE OUTRO TRECHO | AQ4: H APILOAMENTO MANUAL | AR4: REATERRO MANUAL SEM EMPRÉSTIMO | AS4: REATERRO COM MATERIAL DE OUTRO TRECHO DA ÁREA | AT4: SUB-BASE (COM MATERIAL DA VALA) | AU4: BASE DE BRITA | AV4: ASFALTO | AW4: REATERRO MEC TOTAL | AX4: SOBRA PARA MECANIZADO NO TRECHO | AY4: REATERRO MEC SEM EMPREST | AZ4: REATERRO MEC COM EMPRESTIMO TOTAL | BA4: REATERRO MEC COM EMPRESTIMO DE OUTRO TRECHO DA ÁREA | BB4: REATERRO MEC COM EMPRÉSTIMO DE OUTRA ÁREA | BC4: BOTA FORA | BD4: CAL | BE4: 400 | BH4: BOCA DE LOBO | BI4: BOCA DE LOBO SIMPLES EXISTENTE COM BOCA DE LOBO DUPLA PROJETADA | BJ4: BOCA DE LOBO SIMPLES EXISTENTE COM BOCA DE LOBO SIMPLES PROJETADA | BK4: BOCA DE LOBO DUPLA EXISTENTE COM BOCA DE LOBO SIMPLES PROJETADA | BL4: BOCA DE LOBO DUPLA EXISTENTE COM BOCA DE LOBO DUPLA PROJETADA | BM4: BOCA DE LOBO PROJETADA SIMPLES | BN4: BOCA DE LOBO PROJETADA DUPLA | BO4: BOCA DE LOBO PROJETADA TRIPLA | BQ4: H<1,5 L<1,5 | BR4: 1,5<H<3 L<1,5 | BS4: 3<H<4,5 L<1,5 | BV4: ESCAVAÇÃO TOTAL (M³) | BW4: ÁREA DE ESCAVAÇÃO (M²) | BX4: ÁREA OCUPADA PELAS BOCAS CONSTRUIDAS (M²) | BY4: PROF DA BOCA (M) | BZ4: PROF 1 E 2 CATEGORIA (M) | CA4: PROF SOLO MOLE (M) | CB4: PROF DA ROCHA (M) | CC4: ESCAVAÇÃO 1ª E 2ª CAT. H<1,5 1,5<L<2,5 (M³) | CD4: ESCAVAÇÃO 1ª E 2ª CAT. 1,5<H<3 1,5<L<2,5 (M³) | CE4: ESCAVAÇÃO SOLO MOLE H<1,5 1,5<L<2,5 (M³) | CF4: ESCAVAÇÃO SOLO MOLE 1,5<H<3 1,5<L<2,5 (M³) | CG4: ESCAVAÇÃO EM ROCHA (M³) | CH4: VERIFICAÇÃO | CI4: VOLUME DO CONCRETO DA SARJETA | CJ4: ATERRO TOTAL (M³) | CK4: ATERRO SEM EMPRESTIMO (M³) | CL4: ATERRO COM EMPRESTIMO (M³) | CM4: CAL | CN4: COMPRIMENTO PARA ESCORAR (M) | CO4: PROF. PARA ESCORAR (M) | CP4: H<1,5 1,5<L<2,5 | CQ4: 3,0<H<1,5 1,5<L<2,5
A5: ='BOCA DE LOBO'!A3 -> RD-1 | CY5: =CX5*0.5 -> 0 | CZ5: =IF(AND(C5="EXISTENTE",D5="PROJETADA"),PI()*0.51*0.51/4*0.12,0) -> 0
A6: ='BOCA DE LOBO'!C4 -> BL1->PV1.1 | B6: ='BOCA DE LOBO'!A4 -> PV1.1 | C6: =VLOOKUP(A6,'BOCA DE LOBO'!C:F,3,0) -> PROJETADO | D6: =VLOOKUP(A6,'BOCA DE LOBO'!C:L,10,0) -> PROJETADA | E6: =IF(F6-G6*4%<2.5,F6-G6*4%,2.5) -> 1.0024 | F6: =VLOOKUP(A6,'BOCA DE LOBO'!C:D,2,0) -> 1.55 | G6: =VLOOKUP(A6,'BOCA DE LOBO'!C:F,4,0) -> 13.69 | H6: 400 | I6: =IF(H6=400,((E6+F6)/2)+0.08+U6,IF(H6=500,((E6+F6)/2)+0.1+U6,IF(H6=600,((E6+F6)/2)+0.12+U6,IF(H6=800,((E6+F6)/2)+0.16+U6,IF(H6=1000,((E6+F6)/2)+0.2+U6,IF(H6=1200,((E6+F6)/2)+0.24+U6,IF(H6=1500,((E6+F6)/2)+0.3+U6,IF(H6>1500,((E6+F6)/2)+0.4+U6)))))))) -> 1.4062 | J6: =IF(L6=0,0,IF(I6>=1.25,G6*I6/20,0)) -> 0.9625439 | K6: 0 | L6: =IF(D6<>"PROJETADA",0,IF(H6=400,1,0)+IF(H6=500,1.2,0)+IF(H6=600,1.4,0)+IF(H6=800,1.7,0)+IF(H6=1000,2,0)+IF(H6=1200,2.2,0)+IF(H6=1500,2.6,0)+IF(H6=1650,3,0)+IF(H6=1800,3.2,0)+IF(H6=2000,3.4,0)+IF(H6=2200,3.6,0)+IF(H6=2400,3.8,0)+IF(H6=2600,4,0)+IF(H6=3000,4.4,0)) -> 1 | M6: =2*K6*I6+L6 -> 1 | N6: =IF(OR(D6="EXISTENTE",D6="AMPLIADA"),400,0) -> 0 | O6: =IF(P6="TERRENO NATURAL",0,M6*G6) -> 13.69 | P6: =VLOOKUP(B6,'Planilha Hidráulica'!$AE$32:$AQ$36,13,0) -> ASFALTO | Q6: ST-61 | S6: =VLOOKUP(Q6,Quantitativos!P:R,3,0) -> 5 | T6: =VLOOKUP(Q6,Quantitativos!P:S,4,0) -> 5 | U6: =IF(H6=400,0.05,0)+IF(H6=500,0.05,0)+IF(H6=600,0.1,0)+IF(H6=800,0.1,0)+IF(H6=1000,0.15,0)+IF(H6=1200,0.15,0)+IF(H6=1500,0.2,0)+IF(H6=1650,0.2,0)+IF(H6=1800,0.2,0)+IF(H6=2000,0.25,0)+IF(H6=2200,0.25,0)+IF(H6=2400,0.25,0)+IF(H6=2600,0.25,0)+IF(H6=3000,0.25,0) -> 0.05 | V6: =IF(L6=0,0,IF("EXISTENTE"=C6,0,IFERROR((PI()*(N6/1000)*(N6/1000)/4)*G6,0))) -> 0 | W6: =IF(O6=0,0,((((K6*I6)*I6)/2)*2+L6*I6)*G6-V6+AO6) -> 19.250878 | X6: =W6-SUM(AC6:AJ6) -> 0 | Y6: =IF(R6=1,IF(N6=0,I6+0.4,0.4),0) -> 0 | Z6: =IF(Y6>0.5,0,IF(S6<I6,S6,I6)) -> 1.4062 | AA6: =I6-Z6 -> 0 | AB6: =IF(P6="ASFALTO",IF(D6="PROJETADA",O6,IF(D6="EXISTENTE",0,O6/2)),0) -> 13.69 | AC6: =IF(Y6=0,0,IF(Y6=0.4,IF(L6<=1.5,IF(Z6+0.4>=1.5,0,L6*G6*0.4),0),IF(L6<=1.5,IF(Y6>=1.5,M6*G6*1.5,L6*G6*(Y6)),0)+IF(S6<I6+0.4,0,IF(AND(Y6<=1.5,L6<=1.5),-V6,0)))) -> 0 | AD6: =IF(Y6=0,0,IF(Y6=0.4,IF(L6<=1.5,IF(OR(Z6+0.4>=3,Z6+0.4<1.5),0,L6*G6*0.4),0),IF(IF(L6<=1.5,IF(Y6>=3,M6*G6*1.5,L6*G6*(Y6-1.5)),0)<0,0,IF(L6<=1.5,IF(Y6>=3,M6*G6*1.5,L6*G6*(Y6-1.5)),0))+IF(S6<I6+0.4,0,IF(AND(Y6<=3,L6<=1.5),-V6,0)))) -> 0 | AE6: =IF(Y6=0,0,IF(Y6=0.4,IF(L6<=1.5,IF(OR(Z6+0.4>=4.5,Z6+0.4<3),0,L6*G6*0.4),0),IF(IF(L6<=1.5,IF(Y6>=4.5,M6*G6*1.5,L6*G6*(Y6-3)),0)<0,0,IF(L6<=1.5,IF(Y6>=4.5,M6*G6*1.5,L6*G6*(Y6-3)),0))+IF(S6<I6+0.4,0,IF(AND(Y6<=4.5,L6<=1.5),-V6,0)))) -> 0 | AF6: =IF(L6<=1.5,IF(Z6>=1.5,M6*G6*1.5,L6*G6*Z6),0)+IF(S6<I6,0,IF(AND(Z6<=1.5,L6<=1.5),-V6,0)) -> 19.250878 | AG6: =IF(IF(L6<=1.5,IF(Z6>=3,M6*G6*1.5,L6*G6*(Z6-1.5)),0)<0,0,IF(L6<=1.5,IF(Z6>=3,M6*G6*1.5,L6*G6*(Z6-1.5)),0))+IF(S6<I6,0,IF(AND(Z6<=3,L6<=1.5),-V6,0)) -> 0 | AH6: =IF(IF(IF(L6<=1.5,IF(Z6>=4.5,M6*G6*1.5,L6*G6*(Z6-3)),0)<0,0,IF(L6<=1.5,IF(Z6>=4.5,M6*G6*1.5,L6*G6*(Z6-3)),0))+IF(S6<I6,0,IF(AND(Z6<=4.5,L6<=1.5),-V6,0))<0,0,IF(IF(L6<=1.5,IF(Z6>=4.5,M6*G6*1.5,L6*G6*(Z6-3)),0)<0,0,IF(L6<=1.5,IF(Z6>=4.5,M6*G6*1.5,L6*G6*(Z6-3)),0))+IF(S6<I6,0,IF(AND(Z6<=4.5,L6<=1.5),-V6,0))) -> 0 | AI6: =IF(I6>S6,"SIM","NÃO") -> NÃO | AJ6: =W6-SUM(AC6:AH6) -> 0 | AK6: =IF(I6-T6<0,0,(I6-T6)*G6)/75 -> 0 | AL6: =IF(L6=0,0,G6*L6*I6-PI()*(H6/1000)*(H6/1000)/4*G6+AO6) -> 17.530542 | AM6: =IF(L6<1.5,L6*G6*IF(H6<=500,0.05,IF(H6<=800,0.1,IF(H6<=1200,0.15,IF(H6>=1500,0.2)))),0) -> 0.6845 | AN6: =IF(L6>=1.5,L6*G6*IF(H6<=500,0.05,IF(H6<=800,0.1,IF(H6<=1200,0.15,IF(H6>=1500,0.2)))),0) -> 0 | AO6: =IF(R6=1,0.4*G6*L6,0) -> 0 | AP6: =IF(AO6<SUM(AF6:AH6),0,AO6) -> 0 | AQ6: =H6/1000+0.3 -> 0.7 | AR6: =IF(D6<>"PROJETADA",0,AQ6*L6*G6-PI()*(H6/1000*H6/1000)/4*G6) -> 7.8626639 | AS6: =IF(AR6<SUM(AF6:AH6),0,AR6) -> 0 | AT6: =IF(P6="ASFALTO",0.15*G6*L6,0) -> 2.0535 | AU6: =AT6 -> 2.0535 | AV6: =IF(P6="ASFALTO",0.03*G6*L6,0) -> 0.4107 | AW6: =AL6-AO6-SUM(AM6:AN6)-AT6-AU6-AR6 -> 4.876378 | AX6: =SUM(AF6:AH6)-AO6-AT6-AR6 -> 9.3347141 | AY6: =SMALL(AW6:AX6,1) -> 4.876378 | AZ6: =AW6-AY6 -> 0 | BA6: =IF($AZ$96>$BA$98,($BA$98/$AZ$96)*AZ6,AZ6) -> 0 | BB6: =AZ6-BA6 -> 0 | BD6: =IF(AO6+AT6>0,4%*(AO6+AT6),0) -> 0.08214 | BE6: =IF(H6=400,I6,0) -> 1.4062 | BF6: =IF(BE6<=1.75,G6*IF(D6="PROJETADA",1,0),0) -> 13.69 | BG6: =IF(AND(BE6<=3,BE6>1.75),IF(D6="PROJETADA",1,0)*G6,0) -> 0 | BH6: =VLOOKUP(A6,'BOCA DE LOBO'!C:I,7,0) -> BOCA DE LOBO PROJETADA TRIPLA | BI6: =IF(BH6=$BI$4,1,0) -> 0 | BJ6: =IF(BH6=$BJ$4,1,0) -> 0 | BK6: =IF(BH6=$BK$4,1,0) -> 0 | BL6: =IF(BH6=$BL$4,1,0) -> 0 | BM6: =IF(BH6=$BM$4,1,0) -> 0 | BN6: =IF(BH6=$BN$4,1,0) -> 0 | BO6: =IF(BH6=$BO$4,1,0) -> 1 | BQ6: =IF(L6<=1.5,IF(I6+IF(R6=1,0.5,0)<1.5,(I6+IF(R6=1,0.5,0))*G6*2,G6*2*1.5),0) -> 38.501756 | BR6: =IF(L6<=1.5,IF(AND(I6+IF(R6=1,0.5,0)<3,I6+IF(R6=1,0.5,0)>1.5),(I6+IF(R6=1,0.5,0)-1.5)*G6*2,IF(I6+IF(R6=1,0.5,0)>=3,(G6*2*1.5),0)),0) -> 0 | BS6: =IF(L6<=1.5,IF(AND(I6+IF(R6=1,0.5,0)<4.5,I6+IF(R6=1,0.5,0)>3),(I6+IF(R6=1,0.5,0)-3)*G6*2,IF(I6+IF(R6=1,0.5,0)>=4.5,(G6*2*1.5),0)),0) -> 0 | BV6: =IF(OR("BOCA DE LOBO EXISTENTE TRIPLA"=BH6,"BOCA DE LOBO EXISTENTE SIMPLES"=BH6,"BOCA DE LOBO EXISTENTE DUPLA"=BH6),0,IF("BOCA DE LOBO PROJETADA DUPLA"=BH6,(2.57+1)*(1.18+1),IF(OR("BOCA DE LOBO DUPLA EXISTENTE COM BOCA DE LOBO SIMPLES PROJETADA"=BH6,"BOCA DE LOBO SIMPLES EXISTENTE COM BOCA DE LOBO SIMPLES PROJETADA"=BH6),(1.18+0.5)*(1.18+1),IF(OR(BH6="BOCA DE LOBO DUPLA EXISTENTE COM BOCA DE LOBO DUPLA PROJETADA",BH6="BOCA DE LOBO SIMPLES EXISTENTE COM BOCA DE LOBO DUPLA PROJETADA"),(2.38+0.5)*(1.18+1),IF("BOCA DE LOBO PROJETADA TRIPLA"=BH6,(3.76+1)*(1.18+1),IF("BOCA DE LOBO PROJETADA QUADRUPLA"=BH6,(4.92+1)*(1.18+1),"X"))))))*(E6+IF(CA6>0,0.5,0)) -> 10.401704 | BW6: =IF(OR("BOCA DE LOBO EXISTENTE TRIPLA"=BH6,"BOCA DE LOBO EXISTENTE SIMPLES"=BH6,"BOCA DE LOBO EXISTENTE DUPLA"=BH6),0,IF("BOCA DE LOBO PROJETADA DUPLA"=BH6,(2.57+1)*(1.18+1),IF(OR("BOCA DE LOBO DUPLA EXISTENTE COM BOCA DE LOBO SIMPLES PROJETADA"=BH6,"BOCA DE LOBO SIMPLES EXISTENTE COM BOCA DE LOBO SIMPLES PROJETADA"=BH6),(1.18+1)*(1.18+0.5),IF(OR(BH6="BOCA DE LOBO DUPLA EXISTENTE COM BOCA DE LOBO DUPLA PROJETADA",BH6="BOCA DE LOBO SIMPLES EXISTENTE COM BOCA DE LOBO DUPLA PROJETADA"),(2.38+0.5)*(1.18+1),IF("BOCA DE LOBO PROJETADA TRIPLA"=BH6,(3.76+0.5*2)*(1.18+1),IF("BOCA DE LOBO PROJETADA QUADRUPLA"=BH6,(4.92+0.5*2)*(1.18+1),"X")))))) -> 10.3768 | BX6: =IF(OR("BOCA DE LOBO EXISTENTE TRIPLA"=BH6,"BOCA DE LOBO EXISTENTE SIMPLES"=BH6,"BOCA DE LOBO EXISTENTE DUPLA"=BH6),0,IF("BOCA DE LOBO PROJETADA DUPLA"=BH6,(2.57)*(1.18),IF(OR("BOCA DE LOBO DUPLA EXISTENTE COM BOCA DE LOBO SIMPLES PROJETADA"=BH6,"BOCA DE LOBO SIMPLES EXISTENTE COM BOCA DE LOBO SIMPLES PROJETADA"=BH6),(1.18)*(1.18),IF(OR(BH6="BOCA DE LOBO DUPLA EXISTENTE COM BOCA DE LOBO DUPLA PROJETADA",BH6="BOCA DE LOBO SIMPLES EXISTENTE COM BOCA DE LOBO DUPLA PROJETADA"),(2.38)*(1.18),IF("BOCA DE LOBO PROJETADA TRIPLA"=BH6,(3.76)*(1.18),IF("BOCA DE LOBO PROJETADA QUADRUPLA"=BH6,(4.92)*(1.18),"X")))))) -> 4.4368 | BY6: =E6 -> 1.0024 | BZ6: =IF(Y6>0.5,0,IF(S6<E6,S6,E6)) -> 1.0024 | CA6: =IF(Y6>0.4,BY6+0.4,Y6) -> 0 | CB6: =IF(S6>E6,0,E6-S6) -> 0 | CC6: =IF(BZ6>1.5,BW6*1.5,BW6*BZ6) -> 10.401704 | CD6: =IF(BZ6>1.5,BW6*(BZ6-1.5),0) -> 0 | CE6: =IF(CA6=0.4,IF(BZ6+CA6>1.5,0,CA6*BW6),IF(CA6>1.5,BW6*1.5,BW6*CA6)) -> 0 | CF6: =IF(CA6=0.4,IF(BZ6+CA6<=1.5,0,CA6*BW6),IF(CA6>1.5,BW6*(CA6-1.5),0)) -> 0 | CG6: =BV6-SUM(CC6:CF6) -> 0 | CH6: =SUM(CC6:CG6)-BV6 -> 0 | CI6: =IF(OR("BOCA DE LOBO EXISTENTE TRIPLA"=BH6,"BOCA DE LOBO EXISTENTE SIMPLES"=BH6,"BOCA DE LOBO EXISTENTE DUPLA"=BH6),0,IF("BOCA DE LOBO PROJETADA DUPLA"=BH6,(2.57+1)*(0.5),IF(OR("BOCA DE LOBO DUPLA EXISTENTE COM BOCA DE LOBO SIMPLES PROJETADA"=BH6,"BOCA DE LOBO SIMPLES EXISTENTE COM BOCA DE LOBO SIMPLES PROJETADA"=BH6),(1.18+0.5)*(0.5),IF(OR(BH6="BOCA DE LOBO DUPLA EXISTENTE COM BOCA DE LOBO DUPLA PROJETADA",BH6="BOCA DE LOBO SIMPLES EXISTENTE COM BOCA DE LOBO DUPLA PROJETADA"),(2.38+0.5)*(0.5),IF("BOCA DE LOBO PROJETADA TRIPLA"=BH6,(3.76+1)*(0.5),IF("BOCA DE LOBO PROJETADA QUADRUPLA"=BH6,(4.92+1)*(0.5),"X")))))*0.3) -> 0.714 | CJ6: =(BW6-BX6)*(BY6+IF(CA6>=0.4,0.4,0))-CI6 -> 5.240256 | CK6: =IF($CK$98>$CJ$96,CJ6,CJ6*$CK$98/$CJ$96) -> 5.240256 | CL6: =CJ6-CK6 -> 0 | CM6: =IF(CA6>0,0.5*4%*BW6,0) -> 0 | CN6: =IF(OR("BOCA DE LOBO EXISTENTE TRIPLA"=BH6,"BOCA DE LOBO EXISTENTE SIMPLES"=BH6,"BOCA DE LOBO EXISTENTE DUPLA"=BH6),0,IF("BOCA DE LOBO PROJETADA DUPLA"=BH6,(2.57+1),IF(OR("BOCA DE LOBO DUPLA EXISTENTE COM BOCA DE LOBO SIMPLES PROJETADA"=BH6,"BOCA DE LOBO SIMPLES EXISTENTE COM BOCA DE LOBO SIMPLES PROJETADA"=BH6),(1.18+0.5),IF(OR(BH6="BOCA DE LOBO DUPLA EXISTENTE COM BOCA DE LOBO DUPLA PROJETADA",BH6="BOCA DE LOBO SIMPLES EXISTENTE COM BOCA DE LOBO DUPLA PROJETADA"),(2.38+0.5),IF("BOCA DE LOBO PROJETADA TRIPLA"=BH6,(3.76+0.5*2),IF("BOCA DE LOBO PROJETADA QUADRUPLA"=BH6,(4.92+0.5*2),"X")))))) -> 4.76 | CO6: =IF(CA6>0,BY6+0.5,BY6) -> 1.0024 | CP6: =IF(CO6>=1.5,CN6*1.5*2,CN6*CO6*2) -> 9.542848 | CQ6: =IF(CO6<=1.5,0,IF(CO6>=3,CN6*1.5*2,CN6*(CO6-1.5)*2)) -> 0 | CR6: =IF(D6="AMPLIADA",0.55*(E6-0.5),0) -> 0 | CS6: =IF(OR("BOCA DE LOBO EXISTENTE TRIPLA"=BH6,"BOCA DE LOBO EXISTENTE SIMPLES"=BH6,"BOCA DE LOBO EXISTENTE DUPLA"=BH6,"BOCA DE LOBO EXISTENTE QUADRUPLA"=BH6),0,IF("BOCA DE LOBO PROJETADA DUPLA"=BH6,(0),IF(OR("BOCA DE LOBO DUPLA EXISTENTE COM BOCA DE LOBO SIMPLES PROJETADA"=BH6,"BOCA DE LOBO SIMPLES EXISTENTE COM BOCA DE LOBO SIMPLES PROJETADA"=BH6),(0.8*0.15*0.17),IF(OR(BH6="BOCA DE LOBO DUPLA EXISTENTE COM BOCA DE LOBO DUPLA PROJETADA",BH6="BOCA DE LOBO SIMPLES EXISTENTE COM BOCA DE LOBO DUPLA PROJETADA"),(0.8*0.15*0.17),IF("BOCA DE LOBO PROJETADA TRIPLA"=BH6,(0),IF("BOCA DE LOBO PROJETADA QUADRUPLA"=BH6,(0),"X")))))*E6) -> 0 | CT6: =IF(OR("BOCA DE LOBO EXISTENTE TRIPLA"=BH6,"BOCA DE LOBO EXISTENTE SIMPLES"=BH6,"BOCA DE LOBO EXISTENTE DUPLA"=BH6,"BOCA DE LOBO EXISTENTE QUADRUPLA"=BH6),0,IF("BOCA DE LOBO PROJETADA DUPLA"=BH6,(1.18*2.57*0.05),IF(OR("BOCA DE LOBO DUPLA EXISTENTE COM BOCA DE LOBO SIMPLES PROJETADA"=BH6,"BOCA DE LOBO SIMPLES EXISTENTE COM BOCA DE LOBO SIMPLES PROJETADA"=BH6),(1.19*1.18*0.05),IF(OR(BH6="BOCA DE LOBO DUPLA EXISTENTE COM BOCA DE LOBO DUPLA PROJETADA",BH6="BOCA DE LOBO SIMPLES EXISTENTE COM BOCA DE LOBO DUPLA PROJETADA"),(2.38*1.18*0.056),IF("BOCA DE LOBO PROJETADA TRIPLA"=BH6,(3.76*1.18*0.05),IF("BOCA DE LOBO PROJETADA QUADRUPLA"=BH6,(4.92*1.18*0.05),"X")))))+CI6/3) -> 0.45984 | CU6: =IF(OR("BOCA DE LOBO EXISTENTE TRIPLA"=BH6,"BOCA DE LOBO EXISTENTE SIMPLES"=BH6,"BOCA DE LOBO EXISTENTE DUPLA"=BH6,"BOCA DE LOBO EXISTENTE QUADRUPLA"=BH6),0,IF("BOCA DE LOBO PROJETADA DUPLA"=BH6,(1*4+0.6*2),IF(OR("BOCA DE LOBO DUPLA EXISTENTE COM BOCA DE LOBO SIMPLES PROJETADA"=BH6,"BOCA DE LOBO SIMPLES EXISTENTE COM BOCA DE LOBO SIMPLES PROJETADA"=BH6),(1*2+0.6),IF(OR(BH6="BOCA DE LOBO DUPLA EXISTENTE COM BOCA DE LOBO DUPLA PROJETADA",BH6="BOCA DE LOBO SIMPLES EXISTENTE COM BOCA DE LOBO DUPLA PROJETADA"),(1*4+0.6),IF("BOCA DE LOBO PROJETADA TRIPLA"=BH6,(6*1+0.6*2),IF("BOCA DE LOBO PROJETADA QUADRUPLA"=BH6,(8*1+0.6*2),"X")))))*E6) -> 7.21728 | CV6: =IF(OR("BOCA DE LOBO EXISTENTE TRIPLA"=BH6,"BOCA DE LOBO EXISTENTE SIMPLES"=BH6,"BOCA DE LOBO EXISTENTE DUPLA"=BH6,"BOCA DE LOBO EXISTENTE QUADRUPLA"=BH6),0,IF("BOCA DE LOBO PROJETADA DUPLA"=BH6,(12*E6*0.17*0.15+1*0.17*0.15*5+1.09*0.6*0.07*2+2.57*1.18*0.15),IF(OR("BOCA DE LOBO DUPLA EXISTENTE COM BOCA DE LOBO SIMPLES PROJETADA"=BH6,"BOCA DE LOBO SIMPLES EXISTENTE COM BOCA DE LOBO SIMPLES PROJETADA"=BH6),(8*E6*0.17*0.15+1*0.17*0.15*4+1.09*0.6*0.07*1+1.38*1.18*0.15),IF(OR(BH6="BOCA DE LOBO DUPLA EXISTENTE COM BOCA DE LOBO DUPLA PROJETADA",BH6="BOCA DE LOBO SIMPLES EXISTENTE COM BOCA DE LOBO DUPLA PROJETADA"),(7*E6*0.17*0.15+1*0.17*0.15*5+1.09*0.6*0.07*2+2.38*1.18*0.15),IF("BOCA DE LOBO PROJETADA TRIPLA"=BH6,(15*E6*0.17*0.15+1*0.17*0.15*7+1.09*0.6*0.07*3+3.76*1.18*0.15),IF("BOCA DE LOBO PROJETADA QUADRUPLA"=BH6,(19*E6*0.17*0.15+1*0.17*0.15*9+1.09*0.6*0.07*4+4.92*1.18*0.15),"X")))))) -> 1.364778 | CW6: =IF(OR("BOCA DE LOBO EXISTENTE TRIPLA"=BH6,"BOCA DE LOBO EXISTENTE SIMPLES"=BH6,"BOCA DE LOBO EXISTENTE DUPLA"=BH6,"BOCA DE LOBO EXISTENTE QUADRUPLA"=BH6),0,IF("BOCA DE LOBO PROJETADA DUPLA"=BH6,(12*E6*2*(0.17+0.15)+1*(2*0.17+0.15)*5+2*(2.57+1.18)*0.15+(1.09+0.6)*2*0.07*2),IF(OR("BOCA DE LOBO DUPLA EXISTENTE COM BOCA DE LOBO SIMPLES PROJETADA"=BH6,"BOCA DE LOBO SIMPLES EXISTENTE COM BOCA DE LOBO SIMPLES PROJETADA"=BH6),(8*E6*2*(0.17+0.15)+1*(2*0.17+0.15)*4+2*(1.38+1.18)*0.15+(1.09+0.6)*2*0.07*1),IF(OR(BH6="BOCA DE LOBO DUPLA EXISTENTE COM BOCA DE LOBO DUPLA PROJETADA",BH6="BOCA DE LOBO SIMPLES EXISTENTE COM BOCA DE LOBO DUPLA PROJETADA"),(7*E6*2*(0.17+0.15)+1*(2*0.17+0.15)*5+2*(2.38+1.18)*0.15+(1.09+0.6)*2*0.07*2),IF("BOCA DE LOBO PROJETADA TRIPLA"=BH6,(15*E6*2*(0.17+0.15)+1*(2*0.17+0.15)*7+2*(3.76+1.18)*0.15+(1.09+0.6)*2*0.07*3),IF("BOCA DE LOBO PROJETADA QUADRUPLA"=BH6,(19*E6*2*(0.17+0.15)+1*(2*0.17+0.15)*7+2*(4.92+1.18)*0.15+(1.09+0.6)*2*0.07*4),"X")))))) -> 15.24484 | CX6: =IF(OR("BOCA DE LOBO EXISTENTE TRIPLA"=BH6,"BOCA DE LOBO EXISTENTE SIMPLES"=BH6,"BOCA DE LOBO EXISTENTE DUPLA"=BH6,"BOCA DE LOBO EXISTENTE QUADRUPLA"=BH6),0,IF("BOCA DE LOBO PROJETADA DUPLA"=BH6,(2.57+1),IF(OR("BOCA DE LOBO DUPLA EXISTENTE COM BOCA DE LOBO SIMPLES PROJETADA"=BH6,"BOCA DE LOBO SIMPLES EXISTENTE COM BOCA DE LOBO SIMPLES PROJETADA"=BH6),(1.18+0.5),IF(OR(BH6="BOCA DE LOBO DUPLA EXISTENTE COM BOCA DE LOBO DUPLA PROJETADA",BH6="BOCA DE LOBO SIMPLES EXISTENTE COM BOCA DE LOBO DUPLA PROJETADA"),(2.38+0.5),IF("BOCA DE LOBO PROJETADA TRIPLA"=BH6,(3.76+1),IF("BOCA DE LOBO PROJETADA QUADRUPLA"=BH6,(4.92+1),"X")))))) -> 4.76 | CY6: =CX6*0.5 -> 2.38 | CZ6: =IF(AND(C6="EXISTENTE",D6="PROJETADA"),PI()*0.51*0.51/4*0.12,0) -> 0
A7: ='BOCA DE LOBO'!C5 -> BL2->PV3.1 | B7: ='BOCA DE LOBO'!A5 -> PV3.1 | C7: =VLOOKUP(A7,'BOCA DE LOBO'!C:F,3,0) -> PROJETADO | D7: =VLOOKUP(A7,'BOCA DE LOBO'!C:L,10,0) -> PROJETADA | E7: =IF(F7-G7*4%<2.5,F7-G7*4%,2.5) -> 1.6736 | F7: =VLOOKUP(A7,'BOCA DE LOBO'!C:D,2,0) -> 1.89 | G7: =VLOOKUP(A7,'BOCA DE LOBO'!C:F,4,0) -> 5.41 | H7: 400 | I7: =IF(H7=400,((E7+F7)/2)+0.08+U7,IF(H7=500,((E7+F7)/2)+0.1+U7,IF(H7=600,((E7+F7)/2)+0.12+U7,IF(H7=800,((E7+F7)/2)+0.16+U7,IF(H7=1000,((E7+F7)/2)+0.2+U7,IF(H7=1200,((E7+F7)/2)+0.24+U7,IF(H7=1500,((E7+F7)/2)+0.3+U7,IF(H7>1500,((E7+F7)/2)+0.4+U7)))))))) -> 1.9118 | J7: =IF(L7=0,0,IF(I7>=1.25,G7*I7/20,0)) -> 0.5171419 | K7: 0 | L7: =IF(D7<>"PROJETADA",0,IF(H7=400,1,0)+IF(H7=500,1.2,0)+IF(H7=600,1.4,0)+IF(H7=800,1.7,0)+IF(H7=1000,2,0)+IF(H7=1200,2.2,0)+IF(H7=1500,2.6,0)+IF(H7=1650,3,0)+IF(H7=1800,3.2,0)+IF(H7=2000,3.4,0)+IF(H7=2200,3.6,0)+IF(H7=2400,3.8,0)+IF(H7=2600,4,0)+IF(H7=3000,4.4,0)) -> 1 | M7: =2*K7*I7+L7 -> 1 | N7: =IF(OR(D7="EXISTENTE",D7="AMPLIADA"),400,0) -> 0 | O7: =IF(P7="TERRENO NATURAL",0,M7*G7) -> 5.41 | P7: =VLOOKUP(B7,'Planilha Hidráulica'!$AE$32:$AQ$36,13,0) -> ASFALTO | Q7: ST-61 | R7: 1 | S7: =VLOOKUP(Q7,Quantitativos!P:R,3,0) -> 5 | T7: =VLOOKUP(Q7,Quantitativos!P:S,4,0) -> 5 | U7: =IF(H7=400,0.05,0)+IF(H7=500,0.05,0)+IF(H7=600,0.1,0)+IF(H7=800,0.1,0)+IF(H7=1000,0.15,0)+IF(H7=1200,0.15,0)+IF(H7=1500,0.2,0)+IF(H7=1650,0.2,0)+IF(H7=1800,0.2,0)+IF(H7=2000,0.25,0)+IF(H7=2200,0.25,0)+IF(H7=2400,0.25,0)+IF(H7=2600,0.25,0)+IF(H7=3000,0.25,0) -> 0.05 | V7: =IF(L7=0,0,IF("EXISTENTE"=C7,0,IFERROR((PI()*(N7/1000)*(N7/1000)/4)*G7,0))) -> 0 | W7: =IF(O7=0,0,((((K7*I7)*I7)/2)*2+L7*I7)*G7-V7+AO7) -> 12.506838 | X7: =W7-SUM(AC7:AJ7) -> 0 | Y7: =IF(R7=1,IF(N7=0,I7+0.4,0.4),0) -> 2.3118 | Z7: =IF(Y7>0.5,0,IF(S7<I7,S7,I7)) -> 0 | AA7: =I7-Z7 -> 1.9118 | AB7: =IF(P7="ASFALTO",IF(D7="PROJETADA",O7,IF(D7="EXISTENTE",0,O7/2)),0) -> 5.41 | AC7: =IF(Y7=0,0,IF(Y7=0.4,IF(L7<=1.5,IF(Z7+0.4>=1.5,0,L7*G7*0.4),0),IF(L7<=1.5,IF(Y7>=1.5,M7*G7*1.5,L7*G7*(Y7)),0)+IF(S7<I7+0.4,0,IF(AND(Y7<=1.5,L7<=1.5),-V7,0)))) -> 8.115 | AD7: =IF(Y7=0,0,IF(Y7=0.4,IF(L7<=1.5,IF(OR(Z7+0.4>=3,Z7+0.4<1.5),0,L7*G7*0.4),0),IF(IF(L7<=1.5,IF(Y7>=3,M7*G7*1.5,L7*G7*(Y7-1.5)),0)<0,0,IF(L7<=1.5,IF(Y7>=3,M7*G7*1.5,L7*G7*(Y7-1.5)),0))+IF(S7<I7+0.4,0,IF(AND(Y7<=3,L7<=1.5),-V7,0)))) -> 4.391838 | AE7: =IF(Y7=0,0,IF(Y7=0.4,IF(L7<=1.5,IF(OR(Z7+0.4>=4.5,Z7+0.4<3),0,L7*G7*0.4),0),IF(IF(L7<=1.5,IF(Y7>=4.5,M7*G7*1.5,L7*G7*(Y7-3)),0)<0,0,IF(L7<=1.5,IF(Y7>=4.5,M7*G7*1.5,L7*G7*(Y7-3)),0))+IF(S7<I7+0.4,0,IF(AND(Y7<=4.5,L7<=1.5),-V7,0)))) -> 0 | AF7: =IF(L7<=1.5,IF(Z7>=1.5,M7*G7*1.5,L7*G7*Z7),0)+IF(S7<I7,0,IF(AND(Z7<=1.5,L7<=1.5),-V7,0)) -> 0 | AG7: =IF(IF(L7<=1.5,IF(Z7>=3,M7*G7*1.5,L7*G7*(Z7-1.5)),0)<0,0,IF(L7<=1.5,IF(Z7>=3,M7*G7*1.5,L7*G7*(Z7-1.5)),0))+IF(S7<I7,0,IF(AND(Z7<=3,L7<=1.5),-V7,0)) -> 0 | AH7: =IF(IF(IF(L7<=1.5,IF(Z7>=4.5,M7*G7*1.5,L7*G7*(Z7-3)),0)<0,0,IF(L7<=1.5,IF(Z7>=4.5,M7*G7*1.5,L7*G7*(Z7-3)),0))+IF(S7<I7,0,IF(AND(Z7<=4.5,L7<=1.5),-V7,0))<0,0,IF(IF(L7<=1.5,IF(Z7>=4.5,M7*G7*1.5,L7*G7*(Z7-3)),0)<0,0,IF(L7<=1.5,IF(Z7>=4.5,M7*G7*1.5,L7*G7*(Z7-3)),0))+IF(S7<I7,0,IF(AND(Z7<=4.5,L7<=1.5),-V7,0))) -> 0 | AI7: =IF(I7>S7,"SIM","NÃO") -> NÃO | AJ7: =W7-SUM(AC7:AH7) -> 0 | AK7: =IF(I7-T7<0,0,(I7-T7)*G7)/75 -> 0 | AL7: =IF(L7=0,0,G7*L7*I7-PI()*(H7/1000)*(H7/1000)/4*G7+AO7) -> 11.826997 | AM7: =IF(L7<1.5,L7*G7*IF(H7<=500,0.05,IF(H7<=800,0.1,IF(H7<=1200,0.15,IF(H7>=1500,0.2)))),0) -> 0.2705 | AN7: =IF(L7>=1.5,L7*G7*IF(H7<=500,0.05,IF(H7<=800,0.1,IF(H7<=1200,0.15,IF(H7>=1500,0.2)))),0) -> 0 | AO7: =IF(R7=1,0.4*G7*L7,0) -> 2.164 | AP7: =IF(AO7<SUM(AF7:AH7),0,AO7) -> 2.164 | AQ7: =H7/1000+0.3 -> 0.7 | AR7: =IF(D7<>"PROJETADA",0,AQ7*L7*G7-PI()*(H7/1000*H7/1000)/4*G7) -> 3.1071593 | AS7: =IF(AR7<SUM(AF7:AH7),0,AR7) -> 3.1071593 | AT7: =IF(P7="ASFALTO",0.15*G7*L7,0) -> 0.8115 | AU7: =AT7 -> 0.8115 | AV7: =IF(P7="ASFALTO",0.03*G7*L7,0) -> 0.1623 | AW7: =AL7-AO7-SUM(AM7:AN7)-AT7-AU7-AR7 -> 4.662338 | AX7: =SUM(AF7:AH7)-AO7-AT7-AR7 -> -6.0826593 | AY7: =SMALL(AW7:AX7,1) -> -6.0826593 | AZ7: =AW7-AY7 -> 10.744997 | BA7: =IF($AZ$96>$BA$98,($BA$98/$AZ$96)*AZ7,AZ7) -> 2.7809212 | BB7: =AZ7-BA7 -> 7.9640762 | BD7: =IF(AO7+AT7>0,4%*(AO7+AT7),0) -> 0.11902 | BE7: =IF(H7=400,I7,0) -> 1.9118 | BF7: =IF(BE7<=1.75,G7*IF(D7="PROJETADA",1,0),0) -> 0 | BG7: =IF(AND(BE7<=3,BE7>1.75),IF(D7="PROJETADA",1,0)*G7,0) -> 5.41 | BH7: =VLOOKUP(A7,'BOCA DE LOBO'!C:I,7,0) -> BOCA DE LOBO PROJETADA TRIPLA | BI7: =IF(BH7=$BI$4,1,0) -> 0 | BJ7: =IF(BH7=$BJ$4,1,0) -> 0 | BK7: =IF(BH7=$BK$4,1,0) -> 0 | BL7: =IF(BH7=$BL$4,1,0) -> 0 | BM7: =IF(BH7=$BM$4,1,0) -> 0 | BN7: =IF(BH7=$BN$4,1,0) -> 0 | BO7: =IF(BH7=$BO$4,1,0) -> 1 | BQ7: =IF(L7<=1.5,IF(I7+IF(R7=1,0.5,0)<1.5,(I7+IF(R7=1,0.5,0))*G7*2,G7*2*1.5),0) -> 16.23 | BR7: =IF(L7<=1.5,IF(AND(I7+IF(R7=1,0.5,0)<3,I7+IF(R7=1,0.5,0)>1.5),(I7+IF(R7=1,0.5,0)-1.5)*G7*2,IF(I7+IF(R7=1,0.5,0)>=3,(G7*2*1.5),0)),0) -> 9.865676 | BS7: =IF(L7<=1.5,IF(AND(I7+IF(R7=1,0.5,0)<4.5,I7+IF(R7=1,0.5,0)>3),(I7+IF(R7=1,0.5,0)-3)*G7*2,IF(I7+IF(R7=1,0.5,0)>=4.5,(G7*2*1.5),0)),0) -> 0 | BV7: =IF(OR("BOCA DE LOBO EXISTENTE TRIPLA"=BH7,"BOCA DE LOBO EXISTENTE SIMPLES"=BH7,"BOCA DE LOBO EXISTENTE DUPLA"=BH7),0,IF("BOCA DE LOBO PROJETADA DUPLA"=BH7,(2.57+1)*(1.18+1),IF(OR("BOCA DE LOBO DUPLA EXISTENTE COM BOCA DE LOBO SIMPLES PROJETADA"=BH7,"BOCA DE LOBO SIMPLES EXISTENTE COM BOCA DE LOBO SIMPLES PROJETADA"=BH7),(1.18+0.5)*(1.18+1),IF(OR(BH7="BOCA DE LOBO DUPLA EXISTENTE COM BOCA DE LOBO DUPLA PROJETADA",BH7="BOCA DE LOBO SIMPLES EXISTENTE COM BOCA DE LOBO DUPLA PROJETADA"),(2.38+0.5)*(1.18+1),IF("BOCA DE LOBO PROJETADA TRIPLA"=BH7,(3.76+1)*(1.18+1),IF("BOCA DE LOBO PROJETADA QUADRUPLA"=BH7,(4.92+1)*(1.18+1),"X"))))))*(E7+IF(CA7>0,0.5,0)) -> 22.555012 | BW7: =IF(OR("BOCA DE LOBO EXISTENTE TRIPLA"=BH7,"BOCA DE LOBO EXISTENTE SIMPLES"=BH7,"BOCA DE LOBO EXISTENTE DUPLA"=BH7),0,IF("BOCA DE LOBO PROJETADA DUPLA"=BH7,(2.57+1)*(1.18+1),IF(OR("BOCA DE LOBO DUPLA EXISTENTE COM BOCA DE LOBO SIMPLES PROJETADA"=BH7,"BOCA DE LOBO SIMPLES EXISTENTE COM BOCA DE LOBO SIMPLES PROJETADA"=BH7),(1.18+1)*(1.18+0.5),IF(OR(BH7="BOCA DE LOBO DUPLA EXISTENTE COM BOCA DE LOBO DUPLA PROJETADA",BH7="BOCA DE LOBO SIMPLES EXISTENTE COM BOCA DE LOBO DUPLA PROJETADA"),(2.38+0.5)*(1.18+1),IF("BOCA DE LOBO PROJETADA TRIPLA"=BH7,(3.76+0.5*2)*(1.18+1),IF("BOCA DE LOBO PROJETADA QUADRUPLA"=BH7,(4.92+0.5*2)*(1.18+1),"X")))))) -> 10.3768 | BX7: =IF(OR("BOCA DE LOBO EXISTENTE TRIPLA"=BH7,"BOCA DE LOBO EXISTENTE SIMPLES"=BH7,"BOCA DE LOBO EXISTENTE DUPLA"=BH7),0,IF("BOCA DE LOBO PROJETADA DUPLA"=BH7,(2.57)*(1.18),IF(OR("BOCA DE LOBO DUPLA EXISTENTE COM BOCA DE LOBO SIMPLES PROJETADA"=BH7,"BOCA DE LOBO SIMPLES EXISTENTE COM BOCA DE LOBO SIMPLES PROJETADA"=BH7),(1.18)*(1.18),IF(OR(BH7="BOCA DE LOBO DUPLA EXISTENTE COM BOCA DE LOBO DUPLA PROJETADA",BH7="BOCA DE LOBO SIMPLES EXISTENTE COM BOCA DE LOBO DUPLA PROJETADA"),(2.38)*(1.18),IF("BOCA DE LOBO PROJETADA TRIPLA"=BH7,(3.76)*(1.18),IF("BOCA DE LOBO PROJETADA QUADRUPLA"=BH7,(4.92)*(1.18),"X")))))) -> 4.4368 | BY7: =E7 -> 1.6736 | BZ7: =IF(Y7>0.5,0,IF(S7<E7,S7,E7)) -> 0 | CA7: =IF(Y7>0.4,BY7+0.4,Y7) -> 2.0736 | CB7: =IF(S7>E7,0,E7-S7) -> 0 | CC7: =IF(BZ7>1.5,BW7*1.5,BW7*BZ7) -> 0 | CD7: =IF(BZ7>1.5,BW7*(BZ7-1.5),0) -> 0 | CE7: =IF(CA7=0.4,IF(BZ7+CA7>1.5,0,CA7*BW7),IF(CA7>1.5,BW7*1.5,BW7*CA7)) -> 15.5652 | CF7: =IF(CA7=0.4,IF(BZ7+CA7<=1.5,0,CA7*BW7),IF(CA7>1.5,BW7*(CA7-1.5),0)) -> 5.9521325 | CG7: =BV7-SUM(CC7:CF7) -> 1.03768 | CH7: =SUM(CC7:CG7)-BV7 -> 0 | CI7: =IF(OR("BOCA DE LOBO EXISTENTE TRIPLA"=BH7,"BOCA DE LOBO EXISTENTE SIMPLES"=BH7,"BOCA DE LOBO EXISTENTE DUPLA"=BH7),0,IF("BOCA DE LOBO PROJETADA DUPLA"=BH7,(2.57+1)*(0.5),IF(OR("BOCA DE LOBO DUPLA EXISTENTE COM BOCA DE LOBO SIMPLES PROJETADA"=BH7,"BOCA DE LOBO SIMPLES EXISTENTE COM BOCA DE LOBO SIMPLES PROJETADA"=BH7),(1.18+0.5)*(0.5),IF(OR(BH7="BOCA DE LOBO DUPLA EXISTENTE COM BOCA DE LOBO DUPLA PROJETADA",BH7="BOCA DE LOBO SIMPLES EXISTENTE COM BOCA DE LOBO DUPLA PROJETADA"),(2.38+0.5)*(0.5),IF("BOCA DE LOBO PROJETADA TRIPLA"=BH7,(3.76+1)*(0.5),IF("BOCA DE LOBO PROJETADA QUADRUPLA"=BH7,(4.92+1)*(0.5),"X")))))*0.3) -> 0.714 | CJ7: =(BW7-BX7)*(BY7+IF(CA7>=0.4,0.4,0))-CI7 -> 11.603184 | CK7: =IF($CK$98>$CJ$96,CJ7,CJ7*$CK$98/$CJ$96) -> 11.603184 | CL7: =CJ7-CK7 -> 0 | CM7: =IF(CA7>0,0.5*4%*BW7,0) -> 0.207536 | CN7: =IF(OR("BOCA DE LOBO EXISTENTE TRIPLA"=BH7,"BOCA DE LOBO EXISTENTE SIMPLES"=BH7,"BOCA DE LOBO EXISTENTE DUPLA"=BH7),0,IF("BOCA DE LOBO PROJETADA DUPLA"=BH7,(2.57+1),IF(OR("BOCA DE LOBO DUPLA EXISTENTE COM BOCA DE LOBO SIMPLES PROJETADA"=BH7,"BOCA DE LOBO SIMPLES EXISTENTE COM BOCA DE LOBO SIMPLES PROJETADA"=BH7),(1.18+0.5),IF(OR(BH7="BOCA DE LOBO DUPLA EXISTENTE COM BOCA DE LOBO DUPLA PROJETADA",BH7="BOCA DE LOBO SIMPLES EXISTENTE COM BOCA DE LOBO DUPLA PROJETADA"),(2.38+0.5),IF("BOCA DE LOBO PROJETADA TRIPLA"=BH7,(3.76+0.5*2),IF("BOCA DE LOBO PROJETADA QUADRUPLA"=BH7,(4.92+0.5*2),"X")))))) -> 4.76 | CO7: =IF(CA7>0,BY7+0.5,BY7) -> 2.1736 | CP7: =IF(CO7>=1.5,CN7*1.5*2,CN7*CO7*2) -> 14.28 | CQ7: =IF(CO7<=1.5,0,IF(CO7>=3,CN7*1.5*2,CN7*(CO7-1.5)*2)) -> 6.412672 | CR7: =IF(D7="AMPLIADA",0.55*(E7-0.5),0) -> 0 | CS7: =IF(OR("BOCA DE LOBO EXISTENTE TRIPLA"=BH7,"BOCA DE LOBO EXISTENTE SIMPLES"=BH7,"BOCA DE LOBO EXISTENTE DUPLA"=BH7,"BOCA DE LOBO EXISTENTE QUADRUPLA"=BH7),0,IF("BOCA DE LOBO PROJETADA DUPLA"=BH7,(0),IF(OR("BOCA DE LOBO DUPLA EXISTENTE COM BOCA DE LOBO SIMPLES PROJETADA"=BH7,"BOCA DE LOBO SIMPLES EXISTENTE COM BOCA DE LOBO SIMPLES PROJETADA"=BH7),(0.8*0.15*0.17),IF(OR(BH7="BOCA DE LOBO DUPLA EXISTENTE COM BOCA DE LOBO DUPLA PROJETADA",BH7="BOCA DE LOBO SIMPLES EXISTENTE COM BOCA DE LOBO DUPLA PROJETADA"),(0.8*0.15*0.17),IF("BOCA DE LOBO PROJETADA TRIPLA"=BH7,(0),IF("BOCA DE LOBO PROJETADA QUADRUPLA"=BH7,(0),"X")))))*E7) -> 0 | CT7: =IF(OR("BOCA DE LOBO EXISTENTE TRIPLA"=BH7,"BOCA DE LOBO EXISTENTE SIMPLES"=BH7,"BOCA DE LOBO EXISTENTE DUPLA"=BH7,"BOCA DE LOBO EXISTENTE QUADRUPLA"=BH7),0,IF("BOCA DE LOBO PROJETADA DUPLA"=BH7,(1.18*2.57*0.05),IF(OR("BOCA DE LOBO DUPLA EXISTENTE COM BOCA DE LOBO SIMPLES PROJETADA"=BH7,"BOCA DE LOBO SIMPLES EXISTENTE COM BOCA DE LOBO SIMPLES PROJETADA"=BH7),(1.19*1.18*0.05),IF(OR(BH7="BOCA DE LOBO DUPLA EXISTENTE COM BOCA DE LOBO DUPLA PROJETADA",BH7="BOCA DE LOBO SIMPLES EXISTENTE COM BOCA DE LOBO DUPLA PROJETADA"),(2.38*1.18*0.056),IF("BOCA DE LOBO PROJETADA TRIPLA"=BH7,(3.76*1.18*0.05),IF("BOCA DE LOBO PROJETADA QUADRUPLA"=BH7,(4.92*1.18*0.05),"X")))))+CI7/3) -> 0.45984 | CU7: =IF(OR("BOCA DE LOBO EXISTENTE TRIPLA"=BH7,"BOCA DE LOBO EXISTENTE SIMPLES"=BH7,"BOCA DE LOBO EXISTENTE DUPLA"=BH7,"BOCA DE LOBO EXISTENTE QUADRUPLA"=BH7),0,IF("BOCA DE LOBO PROJETADA DUPLA"=BH7,(1*4+0.6*2),IF(OR("BOCA DE LOBO DUPLA EXISTENTE COM BOCA DE LOBO SIMPLES PROJETADA"=BH7,"BOCA DE LOBO SIMPLES EXISTENTE COM BOCA DE LOBO SIMPLES PROJETADA"=BH7),(1*2+0.6),IF(OR(BH7="BOCA DE LOBO DUPLA EXISTENTE COM BOCA DE LOBO DUPLA PROJETADA",BH7="BOCA DE LOBO SIMPLES EXISTENTE COM BOCA DE LOBO DUPLA PROJETADA"),(1*4+0.6),IF("BOCA DE LOBO PROJETADA TRIPLA"=BH7,(6*1+0.6*2),IF("BOCA DE LOBO PROJETADA QUADRUPLA"=BH7,(8*1+0.6*2),"X")))))*E7) -> 12.04992 | CV7: =IF(OR("BOCA DE LOBO EXISTENTE TRIPLA"=BH7,"BOCA DE LOBO EXISTENTE SIMPLES"=BH7,"BOCA DE LOBO EXISTENTE DUPLA"=BH7,"BOCA DE LOBO EXISTENTE QUADRUPLA"=BH7),0,IF("BOCA DE LOBO PROJETADA DUPLA"=BH7,(12*E7*0.17*0.15+1*0.17*0.15*5+1.09*0.6*0.07*2+2.57*1.18*0.15),IF(OR("BOCA DE LOBO DUPLA EXISTENTE COM BOCA DE LOBO SIMPLES PROJETADA"=BH7,"BOCA DE LOBO SIMPLES EXISTENTE COM BOCA DE LOBO SIMPLES PROJETADA"=BH7),(8*E7*0.17*0.15+1*0.17*0.15*4+1.09*0.6*0.07*1+1.38*1.18*0.15),IF(OR(BH7="BOCA DE LOBO DUPLA EXISTENTE COM BOCA DE LOBO DUPLA PROJETADA",BH7="BOCA DE LOBO SIMPLES EXISTENTE COM BOCA DE LOBO DUPLA PROJETADA"),(7*E7*0.17*0.15+1*0.17*0.15*5+1.09*0.6*0.07*2+2.38*1.18*0.15),IF("BOCA DE LOBO PROJETADA TRIPLA"=BH7,(15*E7*0.17*0.15+1*0.17*0.15*7+1.09*0.6*0.07*3+3.76*1.18*0.15),IF("BOCA DE LOBO PROJETADA QUADRUPLA"=BH7,(19*E7*0.17*0.15+1*0.17*0.15*9+1.09*0.6*0.07*4+4.92*1.18*0.15),"X")))))) -> 1.621512 | CW7: =IF(OR("BOCA DE LOBO EXISTENTE TRIPLA"=BH7,"BOCA DE LOBO EXISTENTE SIMPLES"=BH7,"BOCA DE LOBO EXISTENTE DUPLA"=BH7,"BOCA DE LOBO EXISTENTE QUADRUPLA"=BH7),0,IF("BOCA DE LOBO PROJETADA DUPLA"=BH7,(12*E7*2*(0.17+0.15)+1*(2*0.17+0.15)*5+2*(2.57+1.18)*0.15+(1.09+0.6)*2*0.07*2),IF(OR("BOCA DE LOBO DUPLA EXISTENTE COM BOCA DE LOBO SIMPLES PROJETADA"=BH7,"BOCA DE LOBO SIMPLES EXISTENTE COM BOCA DE LOBO SIMPLES PROJETADA"=BH7),(8*E7*2*(0.17+0.15)+1*(2*0.17+0.15)*4+2*(1.38+1.18)*0.15+(1.09+0.6)*2*0.07*1),IF(OR(BH7="BOCA DE LOBO DUPLA EXISTENTE COM BOCA DE LOBO DUPLA PROJETADA",BH7="BOCA DE LOBO SIMPLES EXISTENTE COM BOCA DE LOBO DUPLA PROJETADA"),(7*E7*2*(0.17+0.15)+1*(2*0.17+0.15)*5+2*(2.38+1.18)*0.15+(1.09+0.6)*2*0.07*2),IF("BOCA DE LOBO PROJETADA TRIPLA"=BH7,(15*E7*2*(0.17+0.15)+1*(2*0.17+0.15)*7+2*(3.76+1.18)*0.15+(1.09+0.6)*2*0.07*3),IF("BOCA DE LOBO PROJETADA QUADRUPLA"=BH7,(19*E7*2*(0.17+0.15)+1*(2*0.17+0.15)*7+2*(4.92+1.18)*0.15+(1.09+0.6)*2*0.07*4),"X")))))) -> 21.68836 | CX7: =IF(OR("BOCA DE LOBO EXISTENTE TRIPLA"=BH7,"BOCA DE LOBO EXISTENTE SIMPLES"=BH7,"BOCA DE LOBO EXISTENTE DUPLA"=BH7,"BOCA DE LOBO EXISTENTE QUADRUPLA"=BH7),0,IF("BOCA DE LOBO PROJETADA DUPLA"=BH7,(2.57+1),IF(OR("BOCA DE LOBO DUPLA EXISTENTE COM BOCA DE LOBO SIMPLES PROJETADA"=BH7,"BOCA DE LOBO SIMPLES EXISTENTE COM BOCA DE LOBO SIMPLES PROJETADA"=BH7),(1.18+0.5),IF(OR(BH7="BOCA DE LOBO DUPLA EXISTENTE COM BOCA DE LOBO DUPLA PROJETADA",BH7="BOCA DE LOBO SIMPLES EXISTENTE COM BOCA DE LOBO DUPLA PROJETADA"),(2.38+0.5),IF("BOCA DE LOBO PROJETADA TRIPLA"=BH7,(3.76+1),IF("BOCA DE LOBO PROJETADA QUADRUPLA"=BH7,(4.92+1),"X")))))) -> 4.76 | CY7: =CX7*0.5 -> 2.38 | CZ7: =IF(AND(C7="EXISTENTE",D7="PROJETADA"),PI()*0.51*0.51/4*0.12,0) -> 0
A8: ='BOCA DE LOBO'!A6 -> RD-2 | AI8: =IF(I8>S8,"SIM","NÃO") -> NÃO | CY8: =CX8*0.5 -> 0 | CZ8: =IF(AND(C8="EXISTENTE",D8="PROJETADA"),PI()*0.51*0.51/4*0.12,0) -> 0
A9: ='BOCA DE LOBO'!C7 -> BL3->PV1.1 | B9: ='BOCA DE LOBO'!A7 -> PV1.1 | C9: =VLOOKUP(A9,'BOCA DE LOBO'!C:F,3,0) -> PROJETADO | D9: =VLOOKUP(A9,'BOCA DE LOBO'!C:L,10,0) -> PROJETADA | E9: =IF(F9-G9*4%<2.5,F9-G9*4%,2.5) -> 2.5 | F9: =VLOOKUP(A9,'BOCA DE LOBO'!C:D,2,0) -> 3.05 | G9: =VLOOKUP(A9,'BOCA DE LOBO'!C:F,4,0) -> 5.95 | H9: 400 | I9: =IF(H9=400,((E9+F9)/2)+0.08+U9,IF(H9=500,((E9+F9)/2)+0.1+U9,IF(H9=600,((E9+F9)/2)+0.12+U9,IF(H9=800,((E9+F9)/2)+0.16+U9,IF(H9=1000,((E9+F9)/2)+0.2+U9,IF(H9=1200,((E9+F9)/2)+0.24+U9,IF(H9=1500,((E9+F9)/2)+0.3+U9,IF(H9>1500,((E9+F9)/2)+0.4+U9)))))))) -> 2.905 | J9: =IF(L9=0,0,IF(I9>=1.25,G9*I9/20,0)) -> 0.8642375 | K9: 0 | L9: =IF(D9<>"PROJETADA",0,IF(H9=400,1,0)+IF(H9=500,1.2,0)+IF(H9=600,1.4,0)+IF(H9=800,1.7,0)+IF(H9=1000,2,0)+IF(H9=1200,2.2,0)+IF(H9=1500,2.6,0)+IF(H9=1650,3,0)+IF(H9=1800,3.2,0)+IF(H9=2000,3.4,0)+IF(H9=2200,3.6,0)+IF(H9=2400,3.8,0)+IF(H9=2600,4,0)+IF(H9=3000,4.4,0)) -> 1 | M9: =2*K9*I9+L9 -> 1 | N9: =IF(OR(D9="EXISTENTE",D9="AMPLIADA"),400,0) -> 0 | O9: =IF(P9="TERRENO NATURAL",0,M9*G9) -> 5.95 | P9: ASFALTO | Q9: SPT-11 | R9: 1 | S9: =VLOOKUP(Q9,Quantitativos!P:R,3,0) -> 5 | T9: =VLOOKUP(Q9,Quantitativos!P:S,4,0) -> 5 | U9: =IF(H9=400,0.05,0)+IF(H9=500,0.05,0)+IF(H9=600,0.1,0)+IF(H9=800,0.1,0)+IF(H9=1000,0.15,0)+IF(H9=1200,0.15,0)+IF(H9=1500,0.2,0)+IF(H9=1650,0.2,0)+IF(H9=1800,0.2,0)+IF(H9=2000,0.25,0)+IF(H9=2200,0.25,0)+IF(H9=2400,0.25,0)+IF(H9=2600,0.25,0)+IF(H9=3000,0.25,0) -> 0.05 | V9: =IF(L9=0,0,IF("EXISTENTE"=C9,0,IFERROR((PI()*(N9/1000)*(N9/1000)/4)*G9,0))) -> 0 | W9: =IF(O9=0,0,((((K9*I9)*I9)/2)*2+L9*I9)*G9-V9+AO9) -> 19.66475 | X9: =W9-SUM(AC9:AJ9) -> 0 | Z9: =IF(S9<I9,S9,I9) -> 2.905 | AA9: =I9-Z9 -> 0 | AB9: =IF(P9="ASFALTO",IF(D9="PROJETADA",O9,IF(D9="EXISTENTE",0,O9/2)),0) -> 5.95 | AC9: =IF(Y9=0,0,IF(Y9=0.4,IF(L9<=1.5,IF(Z9+0.4>=1.5,0,L9*G9*0.4),0),IF(L9<=1.5,IF(Y9>=1.5,M9*G9*1.5,L9*G9*(Y9)),0)+IF(S9<I9+0.4,0,IF(AND(Y9<=1.5,L9<=1.5),-V9,0)))) -> 0 | AD9: =IF(Y9=0,0,IF(Y9=0.4,IF(L9<=1.5,IF(OR(Z9+0.4>=3,Z9+0.4<1.5),0,L9*G9*0.4),0),IF(IF(L9<=1.5,IF(Y9>=3,M9*G9*1.5,L9*G9*(Y9-1.5)),0)<0,0,IF(L9<=1.5,IF(Y9>=3,M9*G9*1.5,L9*G9*(Y9-1.5)),0))+IF(S9<I9+0.4,0,IF(AND(Y9<=3,L9<=1.5),-V9,0)))) -> 0 | AE9: =IF(Y9=0,0,IF(Y9=0.4,IF(L9<=1.5,IF(OR(Z9+0.4>=4.5,Z9+0.4<3),0,L9*G9*0.4),0),IF(IF(L9<=1.5,IF(Y9>=4.5,M9*G9*1.5,L9*G9*(Y9-3)),0)<0,0,IF(L9<=1.5,IF(Y9>=4.5,M9*G9*1.5,L9*G9*(Y9-3)),0))+IF(S9<I9+0.4,0,IF(AND(Y9<=4.5,L9<=1.5),-V9,0)))) -> 0 | AF9: =IF(L9<=1.5,IF(Z9>=1.5,M9*G9*1.5,L9*G9*Z9),0)+IF(S9<I9,0,IF(AND(Z9<=1.5,L9<=1.5),-V9,0)) -> 8.925 | AG9: =IF(IF(L9<=1.5,IF(Z9>=3,M9*G9*1.5,L9*G9*(Z9-1.5)),0)<0,0,IF(L9<=1.5,IF(Z9>=3,M9*G9*1.5,L9*G9*(Z9-1.5)),0))+IF(S9<I9,0,IF(AND(Z9<=3,L9<=1.5),-V9,0)) -> 8.35975 | AH9: =IF(IF(IF(L9<=1.5,IF(Z9>=4.5,M9*G9*1.5,L9*G9*(Z9-3)),0)<0,0,IF(L9<=1.5,IF(Z9>=4.5,M9*G9*1.5,L9*G9*(Z9-3)),0))+IF(S9<I9,0,IF(AND(Z9<=4.5,L9<=1.5),-V9,0))<0,0,IF(IF(L9<=1.5,IF(Z9>=4.5,M9*G9*1.5,L9*G9*(Z9-3)),0)<0,0,IF(L9<=1.5,IF(Z9>=4.5,M9*G9*1.5,L9*G9*(Z9-3)),0))+IF(S9<I9,0,IF(AND(Z9<=4.5,L9<=1.5),-V9,0))) -> 0 | AI9: =IF(I9>S9,"SIM","NÃO") -> NÃO | AJ9: =W9-SUM(AC9:AH9) -> 2.38 | AK9: =IF(I9-T9<0,0,(I9-T9)*G9)/75 -> 0 | AL9: =IF(L9=0,0,G9*L9*I9-PI()*(H9/1000)*(H9/1000)/4*G9+AO9) -> 18.917051 | AM9: =IF(L9<1.5,L9*G9*IF(H9<=500,0.05,IF(H9<=800,0.1,IF(H9<=1200,0.15,IF(H9>=1500,0.2)))),0) -> 0.2975 | AN9: =IF(L9>=1.5,L9*G9*IF(H9<=500,0.05,IF(H9<=800,0.1,IF(H9<=1200,0.15,IF(H9>=1500,0.2)))),0) -> 0 | AO9: =IF(R9=1,0.4*G9*L9,0) -> 2.38 | AP9: =IF(AO9<SUM(AF9:AH9),0,AO9) -> 0 | AQ9: =H9/1000+0.3 -> 0.7 | AR9: =IF(D9<>"PROJETADA",0,AQ9*L9*G9-PI()*(H9/1000*H9/1000)/4*G9) -> 3.4173009 | AS9: =IF(AR9<SUM(AF9:AH9),0,AR9) -> 0 | AT9: =IF(P9="ASFALTO",0.15*G9*L9,0) -> 0.8925 | AU9: =AT9 -> 0.8925 | AV9: =IF(P9="ASFALTO",0.03*G9*L9,0) -> 0.1785 | AW9: =AL9-AO9-SUM(AM9:AN9)-AT9-AU9-AR9 -> 11.03725 | AX9: =SUM(AF9:AH9)-AO9-AT9-AR9 -> 10.594949 | AY9: =SMALL(AW9:AX9,1) -> 10.594949 | AZ9: =AW9-AY9 -> 0.44230095 | BA9: =IF($AZ$96>$BA$98,($BA$98/$AZ$96)*AZ9,AZ9) -> 0.11447225 | BB9: =AZ9-BA9 -> 0.32782869 | BD9: =IF(AO9+AT9>0,4%*(AO9+AT9),0) -> 0.1309 | BE9: =IF(H9=400,I9,0) -> 2.905 | BF9: =IF(BE9<=1.75,G9*IF(D9="PROJETADA",1,0),0) -> 0 | BG9: =IF(AND(BE9<=3,BE9>1.75),IF(D9="PROJETADA",1,0)*G9,0) -> 5.95 | BH9: =VLOOKUP(A9,'BOCA DE LOBO'!C:I,7,0) -> BOCA DE LOBO PROJETADA TRIPLA | BI9: =IF(BH9=$BI$4,1,0) -> 0 | BJ9: =IF(BH9=$BJ$4,1,0) -> 0 | BK9: =IF(BH9=$BK$4,1,0) -> 0 | BL9: =IF(BH9=$BL$4,1,0) -> 0 | BM9: =IF(BH9=$BM$4,1,0) -> 0 | BN9: =IF(BH9=$BN$4,1,0) -> 0 | BO9: =IF(BH9=$BO$4,1,0) -> 1 | BQ9: =IF(L9<=1.5,IF(I9+IF(R9=1,0.5,0)<1.5,(I9+IF(R9=1,0.5,0))*G9*2,G9*2*1.5),0) -> 17.85 | BR9: =IF(L9<=1.5,IF(AND(I9+IF(R9=1,0.5,0)<3,I9+IF(R9=1,0.5,0)>1.5),(I9+IF(R9=1,0.5,0)-1.5)*G9*2,IF(I9+IF(R9=1,0.5,0)>=3,(G9*2*1.5),0)),0) -> 17.85 | BS9: =IF(L9<=1.5,IF(AND(I9+IF(R9=1,0.5,0)<4.5,I9+IF(R9=1,0.5,0)>3),(I9+IF(R9=1,0.5,0)-3)*G9*2,IF(I9+IF(R9=1,0.5,0)>=4.5,(G9*2*1.5),0)),0) -> 4.8195 | BV9: =IF(OR("BOCA DE LOBO EXISTENTE TRIPLA"=BH9,"BOCA DE LOBO EXISTENTE SIMPLES"=BH9,"BOCA DE LOBO EXISTENTE DUPLA"=BH9),0,IF("BOCA DE LOBO PROJETADA DUPLA"=BH9,(2.57+1)*(1.18+1),IF(OR("BOCA DE LOBO DUPLA EXISTENTE COM BOCA DE LOBO SIMPLES PROJETADA"=BH9,"BOCA DE LOBO SIMPLES EXISTENTE COM BOCA DE LOBO SIMPLES PROJETADA"=BH9),(1.18+0.5)*(1.18+1),IF(OR(BH9="BOCA DE LOBO DUPLA EXISTENTE COM BOCA DE LOBO DUPLA PROJETADA",BH9="BOCA DE LOBO SIMPLES EXISTENTE COM BOCA DE LOBO DUPLA PROJETADA"),(2.38+0.5)*(1.18+1),IF("BOCA DE LOBO PROJETADA TRIPLA"=BH9,(3.76+1)*(1.18+1),IF("BOCA DE LOBO PROJETADA QUADRUPLA"=BH9,(4.92+1)*(1.18+1),"X"))))))*(E9+IF(CA9>0,0.5,0)) -> 25.942 | BW9: =IF(OR("BOCA DE LOBO EXISTENTE TRIPLA"=BH9,"BOCA DE LOBO EXISTENTE SIMPLES"=BH9,"BOCA DE LOBO EXISTENTE DUPLA"=BH9),0,IF("BOCA DE LOBO PROJETADA DUPLA"=BH9,(2.57+1)*(1.18+1),IF(OR("BOCA DE LOBO DUPLA EXISTENTE COM BOCA DE LOBO SIMPLES PROJETADA"=BH9,"BOCA DE LOBO SIMPLES EXISTENTE COM BOCA DE LOBO SIMPLES PROJETADA"=BH9),(1.18+1)*(1.18+0.5),IF(OR(BH9="BOCA DE LOBO DUPLA EXISTENTE COM BOCA DE LOBO DUPLA PROJETADA",BH9="BOCA DE LOBO SIMPLES EXISTENTE COM BOCA DE LOBO DUPLA PROJETADA"),(2.38+0.5)*(1.18+1),IF("BOCA DE LOBO PROJETADA TRIPLA"=BH9,(3.76+0.5*2)*(1.18+1),IF("BOCA DE LOBO PROJETADA QUADRUPLA"=BH9,(4.92+0.5*2)*(1.18+1),"X")))))) -> 10.3768 | BX9: =IF(OR("BOCA DE LOBO EXISTENTE TRIPLA"=BH9,"BOCA DE LOBO EXISTENTE SIMPLES"=BH9,"BOCA DE LOBO EXISTENTE DUPLA"=BH9),0,IF("BOCA DE LOBO PROJETADA DUPLA"=BH9,(2.57)*(1.18),IF(OR("BOCA DE LOBO DUPLA EXISTENTE COM BOCA DE LOBO SIMPLES PROJETADA"=BH9,"BOCA DE LOBO SIMPLES EXISTENTE COM BOCA DE LOBO SIMPLES PROJETADA"=BH9),(1.18)*(1.18),IF(OR(BH9="BOCA DE LOBO DUPLA EXISTENTE COM BOCA DE LOBO DUPLA PROJETADA",BH9="BOCA DE LOBO SIMPLES EXISTENTE COM BOCA DE LOBO DUPLA PROJETADA"),(2.38)*(1.18),IF("BOCA DE LOBO PROJETADA TRIPLA"=BH9,(3.76)*(1.18),IF("BOCA DE LOBO PROJETADA QUADRUPLA"=BH9,(4.92)*(1.18),"X")))))) -> 4.4368 | BY9: =E9 -> 2.5 | BZ9: =IF(Y9>0.5,0,IF(S9<E9,S9,E9)) -> 2.5 | CA9: =IF(Y9>0.4,BY9+0.4,Y9) -> 0 | CB9: =IF(S9>E9,0,E9-S9) -> 0 | CC9: =IF(BZ9>1.5,BW9*1.5,BW9*BZ9) -> 15.5652 | CD9: =IF(BZ9>1.5,BW9*(BZ9-1.5),0) -> 10.3768 | CE9: =IF(CA9=0.4,IF(BZ9+CA9>1.5,0,CA9*BW9),IF(CA9>1.5,BW9*1.5,BW9*CA9)) -> 0 | CF9: =IF(CA9=0.4,IF(BZ9+CA9<=1.5,0,CA9*BW9),IF(CA9>1.5,BW9*(CA9-1.5),0)) -> 0 | CG9: =BV9-SUM(CC9:CF9) -> 0 | CH9: =SUM(CC9:CG9)-BV9 -> 0 | CI9: =IF(OR("BOCA DE LOBO EXISTENTE TRIPLA"=BH9,"BOCA DE LOBO EXISTENTE SIMPLES"=BH9,"BOCA DE LOBO EXISTENTE DUPLA"=BH9),0,IF("BOCA DE LOBO PROJETADA DUPLA"=BH9,(2.57+1)*(0.5),IF(OR("BOCA DE LOBO DUPLA EXISTENTE COM BOCA DE LOBO SIMPLES PROJETADA"=BH9,"BOCA DE LOBO SIMPLES EXISTENTE COM BOCA DE LOBO SIMPLES PROJETADA"=BH9),(1.18+0.5)*(0.5),IF(OR(BH9="BOCA DE LOBO DUPLA EXISTENTE COM BOCA DE LOBO DUPLA PROJETADA",BH9="BOCA DE LOBO SIMPLES EXISTENTE COM BOCA DE LOBO DUPLA PROJETADA"),(2.38+0.5)*(0.5),IF("BOCA DE LOBO PROJETADA TRIPLA"=BH9,(3.76+1)*(0.5),IF("BOCA DE LOBO PROJETADA QUADRUPLA"=BH9,(4.92+1)*(0.5),"X")))))*0.3) -> 0.714 | CJ9: =(BW9-BX9)*(BY9+IF(CA9>=0.4,0.4,0))-CI9 -> 14.136 | CK9: =IF($CK$98>$CJ$96,CJ9,CJ9*$CK$98/$CJ$96) -> 14.136 | CL9: =CJ9-CK9 -> 0 | CM9: =IF(CA9>0,0.5*4%*BW9,0) -> 0 | CN9: =IF(OR("BOCA DE LOBO EXISTENTE TRIPLA"=BH9,"BOCA DE LOBO EXISTENTE SIMPLES"=BH9,"BOCA DE LOBO EXISTENTE DUPLA"=BH9),0,IF("BOCA DE LOBO PROJETADA DUPLA"=BH9,(2.57+1),IF(OR("BOCA DE LOBO DUPLA EXISTENTE COM BOCA DE LOBO SIMPLES PROJETADA"=BH9,"BOCA DE LOBO SIMPLES EXISTENTE COM BOCA DE LOBO SIMPLES PROJETADA"=BH9),(1.18+0.5),IF(OR(BH9="BOCA DE LOBO DUPLA EXISTENTE COM BOCA DE LOBO DUPLA PROJETADA",BH9="BOCA DE LOBO SIMPLES EXISTENTE COM BOCA DE LOBO DUPLA PROJETADA"),(2.38+0.5),IF("BOCA DE LOBO PROJETADA TRIPLA"=BH9,(3.76+0.5*2),IF("BOCA DE LOBO PROJETADA QUADRUPLA"=BH9,(4.92+0.5*2),"X")))))) -> 4.76 | CO9: =IF(CA9>0,BY9+0.5,BY9) -> 2.5 | CP9: =IF(CO9>=1.5,CN9*1.5*2,CN9*CO9*2) -> 14.28 | CQ9: =IF(CO9<=1.5,0,IF(CO9>=3,CN9*1.5*2,CN9*(CO9-1.5)*2)) -> 9.52 | CR9: =IF(D9="AMPLIADA",0.55*(E9-0.5),0) -> 0 | CS9: =IF(OR("BOCA DE LOBO EXISTENTE TRIPLA"=BH9,"BOCA DE LOBO EXISTENTE SIMPLES"=BH9,"BOCA DE LOBO EXISTENTE DUPLA"=BH9,"BOCA DE LOBO EXISTENTE QUADRUPLA"=BH9),0,IF("BOCA DE LOBO PROJETADA DUPLA"=BH9,(0),IF(OR("BOCA DE LOBO DUPLA EXISTENTE COM BOCA DE LOBO SIMPLES PROJETADA"=BH9,"BOCA DE LOBO SIMPLES EXISTENTE COM BOCA DE LOBO SIMPLES PROJETADA"=BH9),(0.8*0.15*0.17),IF(OR(BH9="BOCA DE LOBO DUPLA EXISTENTE COM BOCA DE LOBO DUPLA PROJETADA",BH9="BOCA DE LOBO SIMPLES EXISTENTE COM BOCA DE LOBO DUPLA PROJETADA"),(0.8*0.15*0.17),IF("BOCA DE LOBO PROJETADA TRIPLA"=BH9,(0),IF("BOCA DE LOBO PROJETADA QUADRUPLA"=BH9,(0),"X")))))*E9) -> 0 | CT9: =IF(OR("BOCA DE LOBO EXISTENTE TRIPLA"=BH9,"BOCA DE LOBO EXISTENTE SIMPLES"=BH9,"BOCA DE LOBO EXISTENTE DUPLA"=BH9,"BOCA DE LOBO EXISTENTE QUADRUPLA"=BH9),0,IF("BOCA DE LOBO PROJETADA DUPLA"=BH9,(1.18*2.57*0.05),IF(OR("BOCA DE LOBO DUPLA EXISTENTE COM BOCA DE LOBO SIMPLES PROJETADA"=BH9,"BOCA DE LOBO SIMPLES EXISTENTE COM BOCA DE LOBO SIMPLES PROJETADA"=BH9),(1.19*1.18*0.05),IF(OR(BH9="BOCA DE LOBO DUPLA EXISTENTE COM BOCA DE LOBO DUPLA PROJETADA",BH9="BOCA DE LOBO SIMPLES EXISTENTE COM BOCA DE LOBO DUPLA PROJETADA"),(2.38*1.18*0.056),IF("BOCA DE LOBO PROJETADA TRIPLA"=BH9,(3.76*1.18*0.05),IF("BOCA DE LOBO PROJETADA QUADRUPLA"=BH9,(4.92*1.18*0.05),"X")))))+CI9/3) -> 0.45984 | CU9: =IF(OR("BOCA DE LOBO EXISTENTE TRIPLA"=BH9,"BOCA DE LOBO EXISTENTE SIMPLES"=BH9,"BOCA DE LOBO EXISTENTE DUPLA"=BH9,"BOCA DE LOBO EXISTENTE QUADRUPLA"=BH9),0,IF("BOCA DE LOBO PROJETADA DUPLA"=BH9,(1*4+0.6*2),IF(OR("BOCA DE LOBO DUPLA EXISTENTE COM BOCA DE LOBO SIMPLES PROJETADA"=BH9,"BOCA DE LOBO SIMPLES EXISTENTE COM BOCA DE LOBO SIMPLES PROJETADA"=BH9),(1*2+0.6),IF(OR(BH9="BOCA DE LOBO DUPLA EXISTENTE COM BOCA DE LOBO DUPLA PROJETADA",BH9="BOCA DE LOBO SIMPLES EXISTENTE COM BOCA DE LOBO DUPLA PROJETADA"),(1*4+0.6),IF("BOCA DE LOBO PROJETADA TRIPLA"=BH9,(6*1+0.6*2),IF("BOCA DE LOBO PROJETADA QUADRUPLA"=BH9,(8*1+0.6*2),"X")))))*E9) -> 18 | CV9: =IF(OR("BOCA DE LOBO EXISTENTE TRIPLA"=BH9,"BOCA DE LOBO EXISTENTE SIMPLES"=BH9,"BOCA DE LOBO EXISTENTE DUPLA"=BH9,"BOCA DE LOBO EXISTENTE QUADRUPLA"=BH9),0,IF("BOCA DE LOBO PROJETADA DUPLA"=BH9,(12*E9*0.17*0.15+1*0.17*0.15*5+1.09*0.6*0.07*2+2.57*1.18*0.15),IF(OR("BOCA DE LOBO DUPLA EXISTENTE COM BOCA DE LOBO SIMPLES PROJETADA"=BH9,"BOCA DE LOBO SIMPLES EXISTENTE COM BOCA DE LOBO SIMPLES PROJETADA"=BH9),(8*E9*0.17*0.15+1*0.17*0.15*4+1.09*0.6*0.07*1+1.38*1.18*0.15),IF(OR(BH9="BOCA DE LOBO DUPLA EXISTENTE COM BOCA DE LOBO DUPLA PROJETADA",BH9="BOCA DE LOBO SIMPLES EXISTENTE COM BOCA DE LOBO DUPLA PROJETADA"),(7*E9*0.17*0.15+1*0.17*0.15*5+1.09*0.6*0.07*2+2.38*1.18*0.15),IF("BOCA DE LOBO PROJETADA TRIPLA"=BH9,(15*E9*0.17*0.15+1*0.17*0.15*7+1.09*0.6*0.07*3+3.76*1.18*0.15),IF("BOCA DE LOBO PROJETADA QUADRUPLA"=BH9,(19*E9*0.17*0.15+1*0.17*0.15*9+1.09*0.6*0.07*4+4.92*1.18*0.15),"X")))))) -> 1.93761 | CW9: =IF(OR("BOCA DE LOBO EXISTENTE TRIPLA"=BH9,"BOCA DE LOBO EXISTENTE SIMPLES"=BH9,"BOCA DE LOBO EXISTENTE DUPLA"=BH9,"BOCA DE LOBO EXISTENTE QUADRUPLA"=BH9),0,IF("BOCA DE LOBO PROJETADA DUPLA"=BH9,(12*E9*2*(0.17+0.15)+1*(2*0.17+0.15)*5+2*(2.57+1.18)*0.15+(1.09+0.6)*2*0.07*2),IF(OR("BOCA DE LOBO DUPLA EXISTENTE COM BOCA DE LOBO SIMPLES PROJETADA"=BH9,"BOCA DE LOBO SIMPLES EXISTENTE COM BOCA DE LOBO SIMPLES PROJETADA"=BH9),(8*E9*2*(0.17+0.15)+1*(2*0.17+0.15)*4+2*(1.38+1.18)*0.15+(1.09+0.6)*2*0.07*1),IF(OR(BH9="BOCA DE LOBO DUPLA EXISTENTE COM BOCA DE LOBO DUPLA PROJETADA",BH9="BOCA DE LOBO SIMPLES EXISTENTE COM BOCA DE LOBO DUPLA PROJETADA"),(7*E9*2*(0.17+0.15)+1*(2*0.17+0.15)*5+2*(2.38+1.18)*0.15+(1.09+0.6)*2*0.07*2),IF("BOCA DE LOBO PROJETADA TRIPLA"=BH9,(15*E9*2*(0.17+0.15)+1*(2*0.17+0.15)*7+2*(3.76+1.18)*0.15+(1.09+0.6)*2*0.07*3),IF("BOCA DE LOBO PROJETADA QUADRUPLA"=BH9,(19*E9*2*(0.17+0.15)+1*(2*0.17+0.15)*7+2*(4.92+1.18)*0.15+(1.09+0.6)*2*0.07*4),"X")))))) -> 29.6218 | CX9: =IF(OR("BOCA DE LOBO EXISTENTE TRIPLA"=BH9,"BOCA DE LOBO EXISTENTE SIMPLES"=BH9,"BOCA DE LOBO EXISTENTE DUPLA"=BH9,"BOCA DE LOBO EXISTENTE QUADRUPLA"=BH9),0,IF("BOCA DE LOBO PROJETADA DUPLA"=BH9,(2.57+1),IF(OR("BOCA DE LOBO DUPLA EXISTENTE COM BOCA DE LOBO SIMPLES PROJETADA"=BH9,"BOCA DE LOBO SIMPLES EXISTENTE COM BOCA DE LOBO SIMPLES PROJETADA"=BH9),(1.18+0.5),IF(OR(BH9="BOCA DE LOBO DUPLA EXISTENTE COM BOCA DE LOBO DUPLA PROJETADA",BH9="BOCA DE LOBO SIMPLES EXISTENTE COM BOCA DE LOBO DUPLA PROJETADA"),(2.38+0.5),IF("BOCA DE LOBO PROJETADA TRIPLA"=BH9,(3.76+1),IF("BOCA DE LOBO PROJETADA QUADRUPLA"=BH9,(4.92+1),"X")))))) -> 4.76 | CY9: =CX9*0.5 -> 2.38 | CZ9: =IF(AND(C9="EXISTENTE",D9="PROJETADA"),PI()*0.51*0.51/4*0.12,0) -> 0
A10: ='BOCA DE LOBO'!C8 -> BL4->PV2.1 | B10: ='BOCA DE LOBO'!A8 -> PV2.1 | Q10: SPT-11 | R10: 1 | S10: =VLOOKUP(Q10,Quantitativos!P:R,3,0) -> 5 | T10: =VLOOKUP(Q10,Quantitativos!P:S,4,0) -> 5 | U10: =IF(H10=400,0.05,0)+IF(H10=500,0.05,0)+IF(H10=600,0.1,0)+IF(H10=800,0.1,0)+IF(H10=1000,0.15,0)+IF(H10=1200,0.15,0)+IF(H10=1500,0.2,0)+IF(H10=1650,0.2,0)+IF(H10=1800,0.2,0)+IF(H10=2000,0.25,0)+IF(H10=2200,0.25,0)+IF(H10=2400,0.25,0)+IF(H10=2600,0.25,0)+IF(H10=3000,0.25,0) -> 0 | V10: =IF(L10=0,0,IF("EXISTENTE"=C10,0,IFERROR((PI()*(N10/1000)*(N10/1000)/4)*G10,0))) -> 0 | W10: =IF(O10=0,0,((((K10*I10)*I10)/2)*2+L10*I10)*G10-V10+AO10) -> 0 | X10: =W10-SUM(AC10:AJ10) -> 0 | Z10: =IF(S10<I10,S10,I10) -> 0 | AA10: =I10-Z10 -> 0 | AB10: =IF(P10="ASFALTO",IF(D10="PROJETADA",O10,IF(D10="EXISTENTE",0,O10/2)),0) -> 0 | AC10: =IF(Y10=0,0,IF(Y10=0.4,IF(L10<=1.5,IF(Z10+0.4>=1.5,0,L10*G10*0.4),0),IF(L10<=1.5,IF(Y10>=1.5,M10*G10*1.5,L10*G10*(Y10)),0)+IF(S10<I10+0.4,0,IF(AND(Y10<=1.5,L10<=1.5),-V10,0)))) -> 0 | AD10: =IF(Y10=0,0,IF(Y10=0.4,IF(L10<=1.5,IF(OR(Z10+0.4>=3,Z10+0.4<1.5),0,L10*G10*0.4),0),IF(IF(L10<=1.5,IF(Y10>=3,M10*G10*1.5,L10*G10*(Y10-1.5)),0)<0,0,IF(L10<=1.5,IF(Y10>=3,M10*G10*1.5,L10*G10*(Y10-1.5)),0))+IF(S10<I10+0.4,0,IF(AND(Y10<=3,L10<=1.5),-V10,0)))) -> 0 | AE10: =IF(Y10=0,0,IF(Y10=0.4,IF(L10<=1.5,IF(OR(Z10+0.4>=4.5,Z10+0.4<3),0,L10*G10*0.4),0),IF(IF(L10<=1.5,IF(Y10>=4.5,M10*G10*1.5,L10*G10*(Y10-3)),0)<0,0,IF(L10<=1.5,IF(Y10>=4.5,M10*G10*1.5,L10*G10*(Y10-3)),0))+IF(S10<I10+0.4,0,IF(AND(Y10<=4.5,L10<=1.5),-V10,0)))) -> 0 | AF10: =IF(L10<=1.5,IF(Z10>=1.5,M10*G10*1.5,L10*G10*Z10),0)+IF(S10<I10,0,IF(AND(Z10<=1.5,L10<=1.5),-V10,0)) -> 0 | AG10: =IF(IF(L10<=1.5,IF(Z10>=3,M10*G10*1.5,L10*G10*(Z10-1.5)),0)<0,0,IF(L10<=1.5,IF(Z10>=3,M10*G10*1.5,L10*G10*(Z10-1.5)),0))+IF(S10<I10,0,IF(AND(Z10<=3,L10<=1.5),-V10,0)) -> 0 | AH10: =IF(IF(IF(L10<=1.5,IF(Z10>=4.5,M10*G10*1.5,L10*G10*(Z10-3)),0)<0,0,IF(L10<=1.5,IF(Z10>=4.5,M10*G10*1.5,L10*G10*(Z10-3)),0))+IF(S10<I10,0,IF(AND(Z10<=4.5,L10<=1.5),-V10,0))<0,0,IF(IF(L10<=1.5,IF(Z10>=4.5,M10*G10*1.5,L10*G10*(Z10-3)),0)<0,0,IF(L10<=1.5,IF(Z10>=4.5,M10*G10*1.5,L10*G10*(Z10-3)),0))+IF(S10<I10,0,IF(AND(Z10<=4.5,L10<=1.5),-V10,0))) -> 0 | AI10: =IF(I10>S10,"SIM","NÃO") -> NÃO | AJ10: =W10-SUM(AC10:AH10) -> 0 | AK10: =IF(I10-T10<0,0,(I10-T10)*G10)/75 -> 0 | AL10: =IF(L10=0,0,G10*L10*I10-PI()*(H10/1000)*(H10/1000)/4*G10+AO10) -> 0 | AM10: =IF(L10<1.5,L10*G10*IF(H10<=500,0.05,IF(H10<=800,0.1,IF(H10<=1200,0.15,IF(H10>=1500,0.2)))),0) -> 0 | AN10: =IF(L10>=1.5,L10*G10*IF(H10<=500,0.05,IF(H10<=800,0.1,IF(H10<=1200,0.15,IF(H10>=1500,0.2)))),0) -> 0 | AO10: =IF(R10=1,0.4*G10*L10,0) -> 0 | AP10: =IF(AO10<SUM(AF10:AH10),0,AO10) -> 0 | AQ10: =H10/1000+0.3 -> 0.3 | AR10: =IF(D10<>"PROJETADA",0,AQ10*L10*G10-PI()*(H10/1000*H10/1000)/4*G10) -> 0 | AS10: =IF(AR10<SUM(AF10:AH10),0,AR10) -> 0 | AT10: =IF(P10="ASFALTO",0.15*G10*L10,0) -> 0 | AU10: =AT10 -> 0 | AV10: =IF(P10="ASFALTO",0.03*G10*L10,0) -> 0 | AW10: =AL10-AO10-SUM(AM10:AN10)-AT10-AU10-AR10 -> 0 | AX10: =SUM(AF10:AH10)-AO10-AT10-AR10 -> 0 | AY10: =SMALL(AW10:AX10,1) -> 0 | AZ10: =AW10-AY10 -> 0 | BA10: =IF($AZ$96>$BA$98,($BA$98/$AZ$96)*AZ10,AZ10) -> 0 | BB10: =AZ10-BA10 -> 0 | BD10: =IF(AO10+AT10>0,4%*(AO10+AT10),0) -> 0 | BE10: =IF(H10=400,I10,0) -> 0 | BF10: =IF(BE10<=1.75,G10*IF(D10="PROJETADA",1,0),0) -> 0 | BG10: =IF(AND(BE10<=3,BE10>1.75),IF(D10="PROJETADA",1,0)*G10,0) -> 0 | BH10: =VLOOKUP(A10,'BOCA DE LOBO'!C:I,7,0) -> BOCA DE LOBO PROJETADA DUPLA | BI10: =IF(BH10=$BI$4,1,0) -> 0 | BJ10: =IF(BH10=$BJ$4,1,0) -> 0 | BK10: =IF(BH10=$BK$4,1,0) -> 0 | BL10: =IF(BH10=$BL$4,1,0) -> 0 | BM10: =IF(BH10=$BM$4,1,0) -> 0 | BN10: =IF(BH10=$BN$4,1,0) -> 1 | BO10: =IF(BH10=$BO$4,1,0) -> 0 | BQ10: =IF(L10<=1.5,IF(I10+IF(R10=1,0.5,0)<1.5,(I10+IF(R10=1,0.5,0))*G10*2,G10*2*1.5),0) -> 0 | BR10: =IF(L10<=1.5,IF(AND(I10+IF(R10=1,0.5,0)<3,I10+IF(R10=1,0.5,0)>1.5),(I10+IF(R10=1,0.5,0)-1.5)*G10*2,IF(I10+IF(R10=1,0.5,0)>=3,(G10*2*1.5),0)),0) -> 0 | BS10: =IF(L10<=1.5,IF(AND(I10+IF(R10=1,0.5,0)<4.5,I10+IF(R10=1,0.5,0)>3),(I10+IF(R10=1,0.5,0)-3)*G10*2,IF(I10+IF(R10=1,0.5,0)>=4.5,(G10*2*1.5),0)),0) -> 0 | BV10: =IF(OR("BOCA DE LOBO EXISTENTE TRIPLA"=BH10,"BOCA DE LOBO EXISTENTE SIMPLES"=BH10,"BOCA DE LOBO EXISTENTE DUPLA"=BH10),0,IF("BOCA DE LOBO PROJETADA DUPLA"=BH10,(2.57+1)*(1.18+1),IF(OR("BOCA DE LOBO DUPLA EXISTENTE COM BOCA DE LOBO SIMPLES PROJETADA"=BH10,"BOCA DE LOBO SIMPLES EXISTENTE COM BOCA DE LOBO SIMPLES PROJETADA"=BH10),(1.18+0.5)*(1.18+1),IF(OR(BH10="BOCA DE LOBO DUPLA EXISTENTE COM BOCA DE LOBO DUPLA PROJETADA",BH10="BOCA DE LOBO SIMPLES EXISTENTE COM BOCA DE LOBO DUPLA PROJETADA"),(2.38+0.5)*(1.18+1),IF("BOCA DE LOBO PROJETADA TRIPLA"=BH10,(3.76+1)*(1.18+1),IF("BOCA DE LOBO PROJETADA QUADRUPLA"=BH10,(4.92+1)*(1.18+1),"X"))))))*(E10+IF(CA10>0,0.5,0)) -> 0 | BW10: =IF(OR("BOCA DE LOBO EXISTENTE TRIPLA"=BH10,"BOCA DE LOBO EXISTENTE SIMPLES"=BH10,"BOCA DE LOBO EXISTENTE DUPLA"=BH10),0,IF("BOCA DE LOBO PROJETADA DUPLA"=BH10,(2.57+1)*(1.18+1),IF(OR("BOCA DE LOBO DUPLA EXISTENTE COM BOCA DE LOBO SIMPLES PROJETADA"=BH10,"BOCA DE LOBO SIMPLES EXISTENTE COM BOCA DE LOBO SIMPLES PROJETADA"=BH10),(1.18+1)*(1.18+0.5),IF(OR(BH10="BOCA DE LOBO DUPLA EXISTENTE COM BOCA DE LOBO DUPLA PROJETADA",BH10="BOCA DE LOBO SIMPLES EXISTENTE COM BOCA DE LOBO DUPLA PROJETADA"),(2.38+0.5)*(1.18+1),IF("BOCA DE LOBO PROJETADA TRIPLA"=BH10,(3.76+0.5*2)*(1.18+1),IF("BOCA DE LOBO PROJETADA QUADRUPLA"=BH10,(4.92+0.5*2)*(1.18+1),"X")))))) -> 7.7826 | BX10: =IF(OR("BOCA DE LOBO EXISTENTE TRIPLA"=BH10,"BOCA DE LOBO EXISTENTE SIMPLES"=BH10,"BOCA DE LOBO EXISTENTE DUPLA"=BH10),0,IF("BOCA DE LOBO PROJETADA DUPLA"=BH10,(2.57)*(1.18),IF(OR("BOCA DE LOBO DUPLA EXISTENTE COM BOCA DE LOBO SIMPLES PROJETADA"=BH10,"BOCA DE LOBO SIMPLES EXISTENTE COM BOCA DE LOBO SIMPLES PROJETADA"=BH10),(1.18)*(1.18),IF(OR(BH10="BOCA DE LOBO DUPLA EXISTENTE COM BOCA DE LOBO DUPLA PROJETADA",BH10="BOCA DE LOBO SIMPLES EXISTENTE COM BOCA DE LOBO DUPLA PROJETADA"),(2.38)*(1.18),IF("BOCA DE LOBO PROJETADA TRIPLA"=BH10,(3.76)*(1.18),IF("BOCA DE LOBO PROJETADA QUADRUPLA"=BH10,(4.92)*(1.18),"X")))))) -> 3.0326 | BY10: =E10 -> 0 | BZ10: =IF(Y10>0.5,0,IF(S10<E10,S10,E10)) -> 0 | CA10: =IF(Y10>0.4,BY10+0.4,Y10) -> 0 | CB10: =IF(S10>E10,0,E10-S10) -> 0 | CC10: =IF(BZ10>1.5,BW10*1.5,BW10*BZ10) -> 0 | CD10: =IF(BZ10>1.5,BW10*(BZ10-1.5),0) -> 0 | CE10: =IF(CA10=0.4,IF(BZ10+CA10>1.5,0,CA10*BW10),IF(CA10>1.5,BW10*1.5,BW10*CA10)) -> 0 | CF10: =IF(CA10=0.4,IF(BZ10+CA10<=1.5,0,CA10*BW10),IF(CA10>1.5,BW10*(CA10-1.5),0)) -> 0 | CG10: =BV10-SUM(CC10:CF10) -> 0 | CH10: =SUM(CC10:CG10)-BV10 -> 0 | CI10: =IF(OR("BOCA DE LOBO EXISTENTE TRIPLA"=BH10,"BOCA DE LOBO EXISTENTE SIMPLES"=BH10,"BOCA DE LOBO EXISTENTE DUPLA"=BH10),0,IF("BOCA DE LOBO PROJETADA DUPLA"=BH10,(2.57+1)*(0.5),IF(OR("BOCA DE LOBO DUPLA EXISTENTE COM BOCA DE LOBO SIMPLES PROJETADA"=BH10,"BOCA DE LOBO SIMPLES EXISTENTE COM BOCA DE LOBO SIMPLES PROJETADA"=BH10),(1.18+0.5)*(0.5),IF(OR(BH10="BOCA DE LOBO DUPLA EXISTENTE COM BOCA DE LOBO DUPLA PROJETADA",BH10="BOCA DE LOBO SIMPLES EXISTENTE COM BOCA DE LOBO DUPLA PROJETADA"),(2.38+0.5)*(0.5),IF("BOCA DE LOBO PROJETADA TRIPLA"=BH10,(3.76+1)*(0.5),IF("BOCA DE LOBO PROJETADA QUADRUPLA"=BH10,(4.92+1)*(0.5),"X")))))*0.3) -> 0.5355 | CJ10: =(BW10-BX10)*(BY10+IF(CA10>=0.4,0.4,0))-CI10 -> -0.5355 | CK10: =IF($CK$98>$CJ$96,CJ10,CJ10*$CK$98/$CJ$96) -> -0.5355 | CL10: =CJ10-CK10 -> 0 | CM10: =IF(CA10>0,0.5*4%*BW10,0) -> 0 | CN10: =IF(OR("BOCA DE LOBO EXISTENTE TRIPLA"=BH10,"BOCA DE LOBO EXISTENTE SIMPLES"=BH10,"BOCA DE LOBO EXISTENTE DUPLA"=BH10),0,IF("BOCA DE LOBO PROJETADA DUPLA"=BH10,(2.57+1),IF(OR("BOCA DE LOBO DUPLA EXISTENTE COM BOCA DE LOBO SIMPLES PROJETADA"=BH10,"BOCA DE LOBO SIMPLES EXISTENTE COM BOCA DE LOBO SIMPLES PROJETADA"=BH10),(1.18+0.5),IF(OR(BH10="BOCA DE LOBO DUPLA EXISTENTE COM BOCA DE LOBO DUPLA PROJETADA",BH10="BOCA DE LOBO SIMPLES EXISTENTE COM BOCA DE LOBO DUPLA PROJETADA"),(2.38+0.5),IF("BOCA DE LOBO PROJETADA TRIPLA"=BH10,(3.76+0.5*2),IF("BOCA DE LOBO PROJETADA QUADRUPLA"=BH10,(4.92+0.5*2),"X")))))) -> 3.57 | CO10: =IF(CA10>0,BY10+0.5,BY10) -> 0 | CP10: =IF(CO10>=1.5,CN10*1.5*2,CN10*CO10*2) -> 0 | CQ10: =IF(CO10<=1.5,0,IF(CO10>=3,CN10*1.5*2,CN10*(CO10-1.5)*2)) -> 0 | CR10: =IF(D10="AMPLIADA",0.55*(E10-0.5),0) -> 0 | CS10: =IF(OR("BOCA DE LOBO EXISTENTE TRIPLA"=BH10,"BOCA DE LOBO EXISTENTE SIMPLES"=BH10,"BOCA DE LOBO EXISTENTE DUPLA"=BH10,"BOCA DE LOBO EXISTENTE QUADRUPLA"=BH10),0,IF("BOCA DE LOBO PROJETADA DUPLA"=BH10,(0),IF(OR("BOCA DE LOBO DUPLA EXISTENTE COM BOCA DE LOBO SIMPLES PROJETADA"=BH10,"BOCA DE LOBO SIMPLES EXISTENTE COM BOCA DE LOBO SIMPLES PROJETADA"=BH10),(0.8*0.15*0.17),IF(OR(BH10="BOCA DE LOBO DUPLA EXISTENTE COM BOCA DE LOBO DUPLA PROJETADA",BH10="BOCA DE LOBO SIMPLES EXISTENTE COM BOCA DE LOBO DUPLA PROJETADA"),(0.8*0.15*0.17),IF("BOCA DE LOBO PROJETADA TRIPLA"=BH10,(0),IF("BOCA DE LOBO PROJETADA QUADRUPLA"=BH10,(0),"X")))))*E10) -> 0 | CT10: =IF(OR("BOCA DE LOBO EXISTENTE TRIPLA"=BH10,"BOCA DE LOBO EXISTENTE SIMPLES"=BH10,"BOCA DE LOBO EXISTENTE DUPLA"=BH10,"BOCA DE LOBO EXISTENTE QUADRUPLA"=BH10),0,IF("BOCA DE LOBO PROJETADA DUPLA"=BH10,(1.18*2.57*0.05),IF(OR("BOCA DE LOBO DUPLA EXISTENTE COM BOCA DE LOBO SIMPLES PROJETADA"=BH10,"BOCA DE LOBO SIMPLES EXISTENTE COM BOCA DE LOBO SIMPLES PROJETADA"=BH10),(1.19*1.18*0.05),IF(OR(BH10="BOCA DE LOBO DUPLA EXISTENTE COM BOCA DE LOBO DUPLA PROJETADA",BH10="BOCA DE LOBO SIMPLES EXISTENTE COM BOCA DE LOBO DUPLA PROJETADA"),(2.38*1.18*0.056),IF("BOCA DE LOBO PROJETADA TRIPLA"=BH10,(3.76*1.18*0.05),IF("BOCA DE LOBO PROJETADA QUADRUPLA"=BH10,(4.92*1.18*0.05),"X")))))+CI10/3) -> 0.33013 | CU10: =IF(OR("BOCA DE LOBO EXISTENTE TRIPLA"=BH10,"BOCA DE LOBO EXISTENTE SIMPLES"=BH10,"BOCA DE LOBO EXISTENTE DUPLA"=BH10,"BOCA DE LOBO EXISTENTE QUADRUPLA"=BH10),0,IF("BOCA DE LOBO PROJETADA DUPLA"=BH10,(1*4+0.6*2),IF(OR("BOCA DE LOBO DUPLA EXISTENTE COM BOCA DE LOBO SIMPLES PROJETADA"=BH10,"BOCA DE LOBO SIMPLES EXISTENTE COM BOCA DE LOBO SIMPLES PROJETADA"=BH10),(1*2+0.6),IF(OR(BH10="BOCA DE LOBO DUPLA EXISTENTE COM BOCA DE LOBO DUPLA PROJETADA",BH10="BOCA DE LOBO SIMPLES EXISTENTE COM BOCA DE LOBO DUPLA PROJETADA"),(1*4+0.6),IF("BOCA DE LOBO PROJETADA TRIPLA"=BH10,(6*1+0.6*2),IF("BOCA DE LOBO PROJETADA QUADRUPLA"=BH10,(8*1+0.6*2),"X")))))*E10) -> 0 | CV10: =IF(OR("BOCA DE LOBO EXISTENTE TRIPLA"=BH10,"BOCA DE LOBO EXISTENTE SIMPLES"=BH10,"BOCA DE LOBO EXISTENTE DUPLA"=BH10,"BOCA DE LOBO EXISTENTE QUADRUPLA"=BH10),0,IF("BOCA DE LOBO PROJETADA DUPLA"=BH10,(12*E10*0.17*0.15+1*0.17*0.15*5+1.09*0.6*0.07*2+2.57*1.18*0.15),IF(OR("BOCA DE LOBO DUPLA EXISTENTE COM BOCA DE LOBO SIMPLES PROJETADA"=BH10,"BOCA DE LOBO SIMPLES EXISTENTE COM BOCA DE LOBO SIMPLES PROJETADA"=BH10),(8*E10*0.17*0.15+1*0.17*0.15*4+1.09*0.6*0.07*1+1.38*1.18*0.15),IF(OR(BH10="BOCA DE LOBO DUPLA EXISTENTE COM BOCA DE LOBO DUPLA PROJETADA",BH10="BOCA DE LOBO SIMPLES EXISTENTE COM BOCA DE LOBO DUPLA PROJETADA"),(7*E10*0.17*0.15+1*0.17*0.15*5+1.09*0.6*0.07*2+2.38*1.18*0.15),IF("BOCA DE LOBO PROJETADA TRIPLA"=BH10,(15*E10*0.17*0.15+1*0.17*0.15*7+1.09*0.6*0.07*3+3.76*1.18*0.15),IF("BOCA DE LOBO PROJETADA QUADRUPLA"=BH10,(19*E10*0.17*0.15+1*0.17*0.15*9+1.09*0.6*0.07*4+4.92*1.18*0.15),"X")))))) -> 0.67395 | CW10: =IF(OR("BOCA DE LOBO EXISTENTE TRIPLA"=BH10,"BOCA DE LOBO EXISTENTE SIMPLES"=BH10,"BOCA DE LOBO EXISTENTE DUPLA"=BH10,"BOCA DE LOBO EXISTENTE QUADRUPLA"=BH10),0,IF("BOCA DE LOBO PROJETADA DUPLA"=BH10,(12*E10*2*(0.17+0.15)+1*(2*0.17+0.15)*5+2*(2.57+1.18)*0.15+(1.09+0.6)*2*0.07*2),IF(OR("BOCA DE LOBO DUPLA EXISTENTE COM BOCA DE LOBO SIMPLES PROJETADA"=BH10,"BOCA DE LOBO SIMPLES EXISTENTE COM BOCA DE LOBO SIMPLES PROJETADA"=BH10),(8*E10*2*(0.17+0.15)+1*(2*0.17+0.15)*4+2*(1.38+1.18)*0.15+(1.09+0.6)*2*0.07*1),IF(OR(BH10="BOCA DE LOBO DUPLA EXISTENTE COM BOCA DE LOBO DUPLA PROJETADA",BH10="BOCA DE LOBO SIMPLES EXISTENTE COM BOCA DE LOBO DUPLA PROJETADA"),(7*E10*2*(0.17+0.15)+1*(2*0.17+0.15)*5+2*(2.38+1.18)*0.15+(1.09+0.6)*2*0.07*2),IF("BOCA DE LOBO PROJETADA TRIPLA"=BH10,(15*E10*2*(0.17+0.15)+1*(2*0.17+0.15)*7+2*(3.76+1.18)*0.15+(1.09+0.6)*2*0.07*3),IF("BOCA DE LOBO PROJETADA QUADRUPLA"=BH10,(19*E10*2*(0.17+0.15)+1*(2*0.17+0.15)*7+2*(4.92+1.18)*0.15+(1.09+0.6)*2*0.07*4),"X")))))) -> 4.0482 | CX10: =IF(OR("BOCA DE LOBO EXISTENTE TRIPLA"=BH10,"BOCA DE LOBO EXISTENTE SIMPLES"=BH10,"BOCA DE LOBO EXISTENTE DUPLA"=BH10,"BOCA DE LOBO EXISTENTE QUADRUPLA"=BH10),0,IF("BOCA DE LOBO PROJETADA DUPLA"=BH10,(2.57+1),IF(OR("BOCA DE LOBO DUPLA EXISTENTE COM BOCA DE LOBO SIMPLES PROJETADA"=BH10,"BOCA DE LOBO SIMPLES EXISTENTE COM BOCA DE LOBO SIMPLES PROJETADA"=BH10),(1.18+0.5),IF(OR(BH10="BOCA DE LOBO DUPLA EXISTENTE COM BOCA DE LOBO DUPLA PROJETADA",BH10="BOCA DE LOBO SIMPLES EXISTENTE COM BOCA DE LOBO DUPLA PROJETADA"),(2.38+0.5),IF("BOCA DE LOBO PROJETADA TRIPLA"=BH10,(3.76+1),IF("BOCA DE LOBO PROJETADA QUADRUPLA"=BH10,(4.92+1),"X")))))) -> 3.57 | CY10: =CX10*0.5 -> 1.785 | CZ10: =IF(AND(C10="EXISTENTE",D10="PROJETADA"),PI()*0.51*0.51/4*0.12,0) -> 0
